Workbook

Sheet Accueil
A1: INFORMATIONS FISCALES
A4: Configuration rapide | D4: Taxes et inscriptions | G4: ÉTAT DES RÉSULTATS | H4: =$B$5 -> 2025
A5: Année fiscale | B5: 2025 | D5: Inscrit TPS/TVH ? | E5: Non | G5: Description | H5: Montant | I5: % Deductible | J5: $ Déductible
A6: Date de début | B6: =DATE(B5,1,1) -> 45658 | D6: Numéro TPS/TVH | G6: REVENUS
A7: Date de fin | B7: =DATE(B5,12,31) -> 46022 | D7: Date d'inscription TPS/TVH | G7: Revenus nets en $ CAD | H7: =Revenus!$J$2 -> 0
A8: Nom de l'entreprise | D8: Inscrit TVQ ? | E8: Non | G8: DÉPENSES
A9: Nom du propriétaire | D9: Numéro TVQ | G9: =IF(1<=COUNTIF(Dépenses!$M$3:$M$43,">0")+COUNTIF(Dépenses!$M$3:$M$43,"<0"),IF(AND(ISNUMBER(Dépenses!$M$3),Dépenses!$M$3<>0,COUNTIF(Dépenses!$M$3:$M$3,">0")+COUNTIF(Dépenses!$M$3:$M$3,"<0")=1),Dépenses!$L$3,IF(AND(ISNUMBER(Dépenses!$M$4),Dépenses!$M$4<>0,COUNTIF(Dépenses!$M$3:$M$4,">0")+COUNTIF(Dépenses!$M$3:$M$4,"<0")=1),Dépenses!$L$4,IF(AND(ISNUMBER(Dépenses!$M$5),Dépenses!$M$5<>0,COUNTIF(Dépenses!$M$3:$M$5,">0")+COUNTIF(Dépenses!$M$3:$M$5,"<0")=1),Dépenses!$L$5,IF(AND(ISNUMBER(Dépenses!$M$6),Dépenses!$M$6<>0,COUNTIF(Dépenses!$M$3:$M$6,">0")+COUNTIF(Dépenses!$M$3:$M$6,"<0")=1),Dépenses!$L$6,IF(AND(ISNUMBER(Dépenses!$M$7),Dépenses!$M$7<>0,COUNTIF(Dépenses!$M$3:$M$7,">0")+COUNTIF(Dépenses!$M$3:$M$7,"<0")=1),Dépenses!$L$7,IF(AND(ISNUMBER(Dépenses!$M$8),Dépenses!$M$8<>0,COUNTIF(Dépenses!$M$3:$M$8,">0")+COUNTIF(Dépenses!$M$3:$M$8,"<0")=1),Dépenses!$L$8,IF(AND(ISNUMBER(Dépenses!$M$9),Dépenses!$M$9<>0,COUNTIF(Dépenses!$M$3:$M$9,">0")+COUNTIF(Dépenses!$M$3:$M$9,"<0")=1),Dépenses!$L$9,IF(AND(ISNUMBER(Dépenses!$M$10),Dépenses!$M$10<>0,COUNTIF(Dépenses!$M$3:$M$10,">0")+COUNTIF(Dépenses!$M$3:$M$10,"<0")=1),Dépenses!$L$10,IF(AND(ISNUMBER(Dépenses!$M$11),Dépenses!$M$11<>0,COUNTIF(Dépenses!$M$3:$M$11,">0")+COUNTIF(Dépenses!$M$3:$M$11,"<0")=1),Dépenses!$L$11,IF(AND(ISNUMBER(Dépenses!$M$12),Dépenses!$M$12<>0,COUNTIF(Dépenses!$M$3:$M$12,">0")+COUNTIF(Dépenses!$M$3:$M$12,"<0")=1),Dépenses!$L$12,IF(AND(ISNUMBER(Dépenses!$M$13),Dépenses!$M$13<>0,COUNTIF(Dépenses!$M$3:$M$13,">0")+COUNTIF(Dépenses!$M$3:$M$13,"<0")=1),Dépenses!$L$13,IF(AND(ISNUMBER(Dépenses!$M$14),Dépenses!$M$14<>0,COUNTIF(Dépenses!$M$3:$M$14,">0")+COUNTIF(Dépenses!$M$3:$M$14,"<0")=1),Dépenses!$L$14,IF(AND(ISNUMBER(Dépenses!$M$15),Dépenses!$M$15<>0,COUNTIF(Dépenses!$M$3:$M$15,">0")+COUNTIF(Dépenses!$M$3:$M$15,"<0")=1),Dépenses!$L$15,IF(AND(ISNUMBER(Dépenses!$M$16),Dépenses!$M$16<>0,COUNTIF(Dépenses!$M$3:$M$16,">0")+COUNTIF(Dépenses!$M$3:$M$16,"<0")=1),Dépenses!$L$16,IF(AND(ISNUMBER(Dépenses!$M$17),Dépenses!$M$17<>0,COUNTIF(Dépenses!$M$3:$M$17,">0")+COUNTIF(Dépenses!$M$3:$M$17,"<0")=1),Dépenses!$L$17,IF(AND(ISNUMBER(Dépenses!$M$18),Dépenses!$M$18<>0,COUNTIF(Dépenses!$M$3:$M$18,">0")+COUNTIF(Dépenses!$M$3:$M$18,"<0")=1),Dépenses!$L$18,IF(AND(ISNUMBER(Dépenses!$M$19),Dépenses!$M$19<>0,COUNTIF(Dépenses!$M$3:$M$19,">0")+COUNTIF(Dépenses!$M$3:$M$19,"<0")=1),Dépenses!$L$19,IF(AND(ISNUMBER(Dépenses!$M$20),Dépenses!$M$20<>0,COUNTIF(Dépenses!$M$3:$M$20,">0")+COUNTIF(Dépenses!$M$3:$M$20,"<0")=1),Dépenses!$L$20,IF(AND(ISNUMBER(Dépenses!$M$21),Dépenses!$M$21<>0,COUNTIF(Dépenses!$M$3:$M$21,">0")+COUNTIF(Dépenses!$M$3:$M$21,"<0")=1),Dépenses!$L$21,IF(AND(ISNUMBER(Dépenses!$M$22),Dépenses!$M$22<>0,COUNTIF(Dépenses!$M$3:$M$22,">0")+COUNTIF(Dépenses!$M$3:$M$22,"<0")=1),Dépenses!$L$22,IF(AND(ISNUMBER(Dépenses!$M$23),Dépenses!$M$23<>0,COUNTIF(Dépenses!$M$3:$M$23,">0")+COUNTIF(Dépenses!$M$3:$M$23,"<0")=1),Dépenses!$L$23,IF(AND(ISNUMBER(Dépenses!$M$24),Dépenses!$M$24<>0,COUNTIF(Dépenses!$M$3:$M$24,">0")+COUNTIF(Dépenses!$M$3:$M$24,"<0")=1),Dépenses!$L$24,IF(AND(ISNUMBER(Dépenses!$M$25),Dépenses!$M$25<>0,COUNTIF(Dépenses!$M$3:$M$25,">0")+COUNTIF(Dépenses!$M$3:$M$25,"<0")=1),Dépenses!$L$25,IF(AND(ISNUMBER(Dépenses!$M$26),Dépenses!$M$26<>0,COUNTIF(Dépenses!$M$3:$M$26,">0")+COUNTIF(Dépenses!$M$3:$M$26,"<0")=1),Dépenses!$L$26,IF(AND(ISNUMBER(Dépenses!$M$27),Dépenses!$M$27<>0,COUNTIF(Dépenses!$M$3:$M$27,">0")+COUNTIF(Dépenses!$M$3:$M$27,"<0")=1),Dépenses!$L$27,IF(AND(ISNUMBER(Dépenses!$M$28),Dépenses!$M$28<>0,COUNTIF(Dépenses!$M$3:$M$28,">0")+COUNTIF(Dépenses!$M$3:$M$28,"<0")=1),Dépenses!$L$28,IF(AND(ISNUMBER(Dépenses!$M$29),Dépenses!$M$29<>0,COUNTIF(Dépenses!$M$3:$M$29,">0")+COUNTIF(Dépenses!$M$3:$M$29,"<0")=1),Dépenses!$L$29,IF(AND(ISNUMBER(Dépenses!$M$30),Dépenses!$M$30<>0,COUNTIF(Dépenses!$M$3:$M$30,">0")+COUNTIF(Dépenses!$M$3:$M$30,"<0")=1),Dépenses!$L$30,IF(AND(ISNUMBER(Dépenses!$M$31),Dépenses!$M$31<>0,COUNTIF(Dépenses!$M$3:$M$31,">0")+COUNTIF(Dépenses!$M$3:$M$31,"<0")=1),Dépenses!$L$31,IF(AND(ISNUMBER(Dépenses!$M$32),Dépenses!$M$32<>0,COUNTIF(Dépenses!$M$3:$M$32,">0")+COUNTIF(Dépenses!$M$3:$M$32,"<0")=1),Dépenses!$L$32,IF(AND(ISNUMBER(Dépenses!$M$33),Dépenses!$M$33<>0,COUNTIF(Dépenses!$M$3:$M$33,">0")+COUNTIF(Dépenses!$M$3:$M$33,"<0")=1),Dépenses!$L$33,IF(AND(ISNUMBER(Dépenses!$M$34),Dépenses!$M$34<>0,COUNTIF(Dépenses!$M$3:$M$34,">0")+COUNTIF(Dépenses!$M$3:$M$34,"<0")=1),Dépenses!$L$34,IF(AND(ISNUMBER(Dépenses!$M$35),Dépenses!$M$35<>0,COUNTIF(Dépenses!$M$3:$M$35,">0")+COUNTIF(Dépenses!$M$3:$M$35,"<0")=1),Dépenses!$L$35,IF(AND(ISNUMBER(Dépenses!$M$36),Dépenses!$M$36<>0,COUNTIF(Dépenses!$M$3:$M$36,">0")+COUNTIF(Dépenses!$M$3:$M$36,"<0")=1),Dépenses!$L$36,IF(AND(ISNUMBER(Dépenses!$M$37),Dépenses!$M$37<>0,COUNTIF(Dépenses!$M$3:$M$37,">0")+COUNTIF(Dépenses!$M$3:$M$37,"<0")=1),Dépenses!$L$37,IF(AND(ISNUMBER(Dépenses!$M$38),Dépenses!$M$38<>0,COUNTIF(Dépenses!$M$3:$M$38,">0")+COUNTIF(Dépenses!$M$3:$M$38,"<0")=1),Dépenses!$L$38,IF(AND(ISNUMBER(Dépenses!$M$39),Dépenses!$M$39<>0,COUNTIF(Dépenses!$M$3:$M$39,">0")+COUNTIF(Dépenses!$M$3:$M$39,"<0")=1),Dépenses!$L$39,IF(AND(ISNUMBER(Dépenses!$M$40),Dépenses!$M$40<>0,COUNTIF(Dépenses!$M$3:$M$40,">0")+COUNTIF(Dépenses!$M$3:$M$40,"<0")=1),Dépenses!$L$40,IF(AND(ISNUMBER(Dépenses!$M$41),Dépenses!$M$41<>0,COUNTIF(Dépenses!$M$3:$M$41,">0")+COUNTIF(Dépenses!$M$3:$M$41,"<0")=1),Dépenses!$L$41,IF(AND(ISNUMBER(Dépenses!$M$42),Dépenses!$M$42<>0,COUNTIF(Dépenses!$M$3:$M$42,">0")+COUNTIF(Dépenses!$M$3:$M$42,"<0")=1),Dépenses!$L$42,IF(AND(ISNUMBER(Dépenses!$M$43),Dépenses!$M$43<>0,COUNTIF(Dépenses!$M$3:$M$43,">0")+COUNTIF(Dépenses!$M$3:$M$43,"<0")=1),Dépenses!$L$43,""))))))))))))))))))))))))))))))))))))))))),IF(1=COUNTIF(Dépenses!$M$3:$M$43,">0")+COUNTIF(Dépenses!$M$3:$M$43,"<0")+1,"TOTAL DÉPENSES",IF(1=COUNTIF(Dépenses!$M$3:$M$43,">0")+COUNTIF(Dépenses!$M$3:$M$43,"<0")+2,"BÉNÉFICE (PERTE) NET",""))) -> TOTAL DÉPENSES | H9: =IF(1<=COUNTIF(Dépenses!$M$3:$M$43,">0")+COUNTIF(Dépenses!$M$3:$M$43,"<0"),IF(AND(ISNUMBER(Dépenses!$M$3),Dépenses!$M$3<>0,COUNTIF(Dépenses!$M$3:$M$3,">0")+COUNTIF(Dépenses!$M$3:$M$3,"<0")=1),Dépenses!$M$3,IF(AND(ISNUMBER(Dépenses!$M$4),Dépenses!$M$4<>0,COUNTIF(Dépenses!$M$3:$M$4,">0")+COUNTIF(Dépenses!$M$3:$M$4,"<0")=1),Dépenses!$M$4,IF(AND(ISNUMBER(Dépenses!$M$5),Dépenses!$M$5<>0,COUNTIF(Dépenses!$M$3:$M$5,">0")+COUNTIF(Dépenses!$M$3:$M$5,"<0")=1),Dépenses!$M$5,IF(AND(ISNUMBER(Dépenses!$M$6),Dépenses!$M$6<>0,COUNTIF(Dépenses!$M$3:$M$6,">0")+COUNTIF(Dépenses!$M$3:$M$6,"<0")=1),Dépenses!$M$6,IF(AND(ISNUMBER(Dépenses!$M$7),Dépenses!$M$7<>0,COUNTIF(Dépenses!$M$3:$M$7,">0")+COUNTIF(Dépenses!$M$3:$M$7,"<0")=1),Dépenses!$M$7,IF(AND(ISNUMBER(Dépenses!$M$8),Dépenses!$M$8<>0,COUNTIF(Dépenses!$M$3:$M$8,">0")+COUNTIF(Dépenses!$M$3:$M$8,"<0")=1),Dépenses!$M$8,IF(AND(ISNUMBER(Dépenses!$M$9),Dépenses!$M$9<>0,COUNTIF(Dépenses!$M$3:$M$9,">0")+COUNTIF(Dépenses!$M$3:$M$9,"<0")=1),Dépenses!$M$9,IF(AND(ISNUMBER(Dépenses!$M$10),Dépenses!$M$10<>0,COUNTIF(Dépenses!$M$3:$M$10,">0")+COUNTIF(Dépenses!$M$3:$M$10,"<0")=1),Dépenses!$M$10,IF(AND(ISNUMBER(Dépenses!$M$11),Dépenses!$M$11<>0,COUNTIF(Dépenses!$M$3:$M$11,">0")+COUNTIF(Dépenses!$M$3:$M$11,"<0")=1),Dépenses!$M$11,IF(AND(ISNUMBER(Dépenses!$M$12),Dépenses!$M$12<>0,COUNTIF(Dépenses!$M$3:$M$12,">0")+COUNTIF(Dépenses!$M$3:$M$12,"<0")=1),Dépenses!$M$12,IF(AND(ISNUMBER(Dépenses!$M$13),Dépenses!$M$13<>0,COUNTIF(Dépenses!$M$3:$M$13,">0")+COUNTIF(Dépenses!$M$3:$M$13,"<0")=1),Dépenses!$M$13,IF(AND(ISNUMBER(Dépenses!$M$14),Dépenses!$M$14<>0,COUNTIF(Dépenses!$M$3:$M$14,">0")+COUNTIF(Dépenses!$M$3:$M$14,"<0")=1),Dépenses!$M$14,IF(AND(ISNUMBER(Dépenses!$M$15),Dépenses!$M$15<>0,COUNTIF(Dépenses!$M$3:$M$15,">0")+COUNTIF(Dépenses!$M$3:$M$15,"<0")=1),Dépenses!$M$15,IF(AND(ISNUMBER(Dépenses!$M$16),Dépenses!$M$16<>0,COUNTIF(Dépenses!$M$3:$M$16,">0")+COUNTIF(Dépenses!$M$3:$M$16,"<0")=1),Dépenses!$M$16,IF(AND(ISNUMBER(Dépenses!$M$17),Dépenses!$M$17<>0,COUNTIF(Dépenses!$M$3:$M$17,">0")+COUNTIF(Dépenses!$M$3:$M$17,"<0")=1),Dépenses!$M$17,IF(AND(ISNUMBER(Dépenses!$M$18),Dépenses!$M$18<>0,COUNTIF(Dépenses!$M$3:$M$18,">0")+COUNTIF(Dépenses!$M$3:$M$18,"<0")=1),Dépenses!$M$18,IF(AND(ISNUMBER(Dépenses!$M$19),Dépenses!$M$19<>0,COUNTIF(Dépenses!$M$3:$M$19,">0")+COUNTIF(Dépenses!$M$3:$M$19,"<0")=1),Dépenses!$M$19,IF(AND(ISNUMBER(Dépenses!$M$20),Dépenses!$M$20<>0,COUNTIF(Dépenses!$M$3:$M$20,">0")+COUNTIF(Dépenses!$M$3:$M$20,"<0")=1),Dépenses!$M$20,IF(AND(ISNUMBER(Dépenses!$M$21),Dépenses!$M$21<>0,COUNTIF(Dépenses!$M$3:$M$21,">0")+COUNTIF(Dépenses!$M$3:$M$21,"<0")=1),Dépenses!$M$21,IF(AND(ISNUMBER(Dépenses!$M$22),Dépenses!$M$22<>0,COUNTIF(Dépenses!$M$3:$M$22,">0")+COUNTIF(Dépenses!$M$3:$M$22,"<0")=1),Dépenses!$M$22,IF(AND(ISNUMBER(Dépenses!$M$23),Dépenses!$M$23<>0,COUNTIF(Dépenses!$M$3:$M$23,">0")+COUNTIF(Dépenses!$M$3:$M$23,"<0")=1),Dépenses!$M$23,IF(AND(ISNUMBER(Dépenses!$M$24),Dépenses!$M$24<>0,COUNTIF(Dépenses!$M$3:$M$24,">0")+COUNTIF(Dépenses!$M$3:$M$24,"<0")=1),Dépenses!$M$24,IF(AND(ISNUMBER(Dépenses!$M$25),Dépenses!$M$25<>0,COUNTIF(Dépenses!$M$3:$M$25,">0")+COUNTIF(Dépenses!$M$3:$M$25,"<0")=1),Dépenses!$M$25,IF(AND(ISNUMBER(Dépenses!$M$26),Dépenses!$M$26<>0,COUNTIF(Dépenses!$M$3:$M$26,">0")+COUNTIF(Dépenses!$M$3:$M$26,"<0")=1),Dépenses!$M$26,IF(AND(ISNUMBER(Dépenses!$M$27),Dépenses!$M$27<>0,COUNTIF(Dépenses!$M$3:$M$27,">0")+COUNTIF(Dépenses!$M$3:$M$27,"<0")=1),Dépenses!$M$27,IF(AND(ISNUMBER(Dépenses!$M$28),Dépenses!$M$28<>0,COUNTIF(Dépenses!$M$3:$M$28,">0")+COUNTIF(Dépenses!$M$3:$M$28,"<0")=1),Dépenses!$M$28,IF(AND(ISNUMBER(Dépenses!$M$29),Dépenses!$M$29<>0,COUNTIF(Dépenses!$M$3:$M$29,">0")+COUNTIF(Dépenses!$M$3:$M$29,"<0")=1),Dépenses!$M$29,IF(AND(ISNUMBER(Dépenses!$M$30),Dépenses!$M$30<>0,COUNTIF(Dépenses!$M$3:$M$30,">0")+COUNTIF(Dépenses!$M$3:$M$30,"<0")=1),Dépenses!$M$30,IF(AND(ISNUMBER(Dépenses!$M$31),Dépenses!$M$31<>0,COUNTIF(Dépenses!$M$3:$M$31,">0")+COUNTIF(Dépenses!$M$3:$M$31,"<0")=1),Dépenses!$M$31,IF(AND(ISNUMBER(Dépenses!$M$32),Dépenses!$M$32<>0,COUNTIF(Dépenses!$M$3:$M$32,">0")+COUNTIF(Dépenses!$M$3:$M$32,"<0")=1),Dépenses!$M$32,IF(AND(ISNUMBER(Dépenses!$M$33),Dépenses!$M$33<>0,COUNTIF(Dépenses!$M$3:$M$33,">0")+COUNTIF(Dépenses!$M$3:$M$33,"<0")=1),Dépenses!$M$33,IF(AND(ISNUMBER(Dépenses!$M$34),Dépenses!$M$34<>0,COUNTIF(Dépenses!$M$3:$M$34,">0")+COUNTIF(Dépenses!$M$3:$M$34,"<0")=1),Dépenses!$M$34,IF(AND(ISNUMBER(Dépenses!$M$35),Dépenses!$M$35<>0,COUNTIF(Dépenses!$M$3:$M$35,">0")+COUNTIF(Dépenses!$M$3:$M$35,"<0")=1),Dépenses!$M$35,IF(AND(ISNUMBER(Dépenses!$M$36),Dépenses!$M$36<>0,COUNTIF(Dépenses!$M$3:$M$36,">0")+COUNTIF(Dépenses!$M$3:$M$36,"<0")=1),Dépenses!$M$36,IF(AND(ISNUMBER(Dépenses!$M$37),Dépenses!$M$37<>0,COUNTIF(Dépenses!$M$3:$M$37,">0")+COUNTIF(Dépenses!$M$3:$M$37,"<0")=1),Dépenses!$M$37,IF(AND(ISNUMBER(Dépenses!$M$38),Dépenses!$M$38<>0,COUNTIF(Dépenses!$M$3:$M$38,">0")+COUNTIF(Dépenses!$M$3:$M$38,"<0")=1),Dépenses!$M$38,IF(AND(ISNUMBER(Dépenses!$M$39),Dépenses!$M$39<>0,COUNTIF(Dépenses!$M$3:$M$39,">0")+COUNTIF(Dépenses!$M$3:$M$39,"<0")=1),Dépenses!$M$39,IF(AND(ISNUMBER(Dépenses!$M$40),Dépenses!$M$40<>0,COUNTIF(Dépenses!$M$3:$M$40,">0")+COUNTIF(Dépenses!$M$3:$M$40,"<0")=1),Dépenses!$M$40,IF(AND(ISNUMBER(Dépenses!$M$41),Dépenses!$M$41<>0,COUNTIF(Dépenses!$M$3:$M$41,">0")+COUNTIF(Dépenses!$M$3:$M$41,"<0")=1),Dépenses!$M$41,IF(AND(ISNUMBER(Dépenses!$M$42),Dépenses!$M$42<>0,COUNTIF(Dépenses!$M$3:$M$42,">0")+COUNTIF(Dépenses!$M$3:$M$42,"<0")=1),Dépenses!$M$42,IF(AND(ISNUMBER(Dépenses!$M$43),Dépenses!$M$43<>0,COUNTIF(Dépenses!$M$3:$M$43,">0")+COUNTIF(Dépenses!$M$3:$M$43,"<0")=1),Dépenses!$M$43,""))))))))))))))))))))))))))))))))))))))))),IF(1=COUNTIF(Dépenses!$M$3:$M$43,">0")+COUNTIF(Dépenses!$M$3:$M$43,"<0")+1,SUM(Dépenses!$M$3:$M$43),IF(1=COUNTIF(Dépenses!$M$3:$M$43,">0")+COUNTIF(Dépenses!$M$3:$M$43,"<0")+2,Revenus!$J$2-SUM(Dépenses!$M$3:$M$43),""))) -> 0 | I9: =IF(1<=COUNTIF(Dépenses!$M$3:$M$43,">0")+COUNTIF(Dépenses!$M$3:$M$43,"<0"),IF(AND(ISNUMBER(Dépenses!$M$3),Dépenses!$M$3<>0,COUNTIF(Dépenses!$M$3:$M$3,">0")+COUNTIF(Dépenses!$M$3:$M$3,"<0")=1),Dépenses!$P$3,IF(AND(ISNUMBER(Dépenses!$M$4),Dépenses!$M$4<>0,COUNTIF(Dépenses!$M$3:$M$4,">0")+COUNTIF(Dépenses!$M$3:$M$4,"<0")=1),Dépenses!$P$4,IF(AND(ISNUMBER(Dépenses!$M$5),Dépenses!$M$5<>0,COUNTIF(Dépenses!$M$3:$M$5,">0")+COUNTIF(Dépenses!$M$3:$M$5,"<0")=1),Dépenses!$P$5,IF(AND(ISNUMBER(Dépenses!$M$6),Dépenses!$M$6<>0,COUNTIF(Dépenses!$M$3:$M$6,">0")+COUNTIF(Dépenses!$M$3:$M$6,"<0")=1),Dépenses!$P$6,IF(AND(ISNUMBER(Dépenses!$M$7),Dépenses!$M$7<>0,COUNTIF(Dépenses!$M$3:$M$7,">0")+COUNTIF(Dépenses!$M$3:$M$7,"<0")=1),Dépenses!$P$7,IF(AND(ISNUMBER(Dépenses!$M$8),Dépenses!$M$8<>0,COUNTIF(Dépenses!$M$3:$M$8,">0")+COUNTIF(Dépenses!$M$3:$M$8,"<0")=1),Dépenses!$P$8,IF(AND(ISNUMBER(Dépenses!$M$9),Dépenses!$M$9<>0,COUNTIF(Dépenses!$M$3:$M$9,">0")+COUNTIF(Dépenses!$M$3:$M$9,"<0")=1),Dépenses!$P$9,IF(AND(ISNUMBER(Dépenses!$M$10),Dépenses!$M$10<>0,COUNTIF(Dépenses!$M$3:$M$10,">0")+COUNTIF(Dépenses!$M$3:$M$10,"<0")=1),Dépenses!$P$10,IF(AND(ISNUMBER(Dépenses!$M$11),Dépenses!$M$11<>0,COUNTIF(Dépenses!$M$3:$M$11,">0")+COUNTIF(Dépenses!$M$3:$M$11,"<0")=1),Dépenses!$P$11,IF(AND(ISNUMBER(Dépenses!$M$12),Dépenses!$M$12<>0,COUNTIF(Dépenses!$M$3:$M$12,">0")+COUNTIF(Dépenses!$M$3:$M$12,"<0")=1),Dépenses!$P$12,IF(AND(ISNUMBER(Dépenses!$M$13),Dépenses!$M$13<>0,COUNTIF(Dépenses!$M$3:$M$13,">0")+COUNTIF(Dépenses!$M$3:$M$13,"<0")=1),Dépenses!$P$13,IF(AND(ISNUMBER(Dépenses!$M$14),Dépenses!$M$14<>0,COUNTIF(Dépenses!$M$3:$M$14,">0")+COUNTIF(Dépenses!$M$3:$M$14,"<0")=1),Dépenses!$P$14,IF(AND(ISNUMBER(Dépenses!$M$15),Dépenses!$M$15<>0,COUNTIF(Dépenses!$M$3:$M$15,">0")+COUNTIF(Dépenses!$M$3:$M$15,"<0")=1),Dépenses!$P$15,IF(AND(ISNUMBER(Dépenses!$M$16),Dépenses!$M$16<>0,COUNTIF(Dépenses!$M$3:$M$16,">0")+COUNTIF(Dépenses!$M$3:$M$16,"<0")=1),Dépenses!$P$16,IF(AND(ISNUMBER(Dépenses!$M$17),Dépenses!$M$17<>0,COUNTIF(Dépenses!$M$3:$M$17,">0")+COUNTIF(Dépenses!$M$3:$M$17,"<0")=1),Dépenses!$P$17,IF(AND(ISNUMBER(Dépenses!$M$18),Dépenses!$M$18<>0,COUNTIF(Dépenses!$M$3:$M$18,">0")+COUNTIF(Dépenses!$M$3:$M$18,"<0")=1),Dépenses!$P$18,IF(AND(ISNUMBER(Dépenses!$M$19),Dépenses!$M$19<>0,COUNTIF(Dépenses!$M$3:$M$19,">0")+COUNTIF(Dépenses!$M$3:$M$19,"<0")=1),Dépenses!$P$19,IF(AND(ISNUMBER(Dépenses!$M$20),Dépenses!$M$20<>0,COUNTIF(Dépenses!$M$3:$M$20,">0")+COUNTIF(Dépenses!$M$3:$M$20,"<0")=1),Dépenses!$P$20,IF(AND(ISNUMBER(Dépenses!$M$21),Dépenses!$M$21<>0,COUNTIF(Dépenses!$M$3:$M$21,">0")+COUNTIF(Dépenses!$M$3:$M$21,"<0")=1),Dépenses!$P$21,IF(AND(ISNUMBER(Dépenses!$M$22),Dépenses!$M$22<>0,COUNTIF(Dépenses!$M$3:$M$22,">0")+COUNTIF(Dépenses!$M$3:$M$22,"<0")=1),Dépenses!$P$22,IF(AND(ISNUMBER(Dépenses!$M$23),Dépenses!$M$23<>0,COUNTIF(Dépenses!$M$3:$M$23,">0")+COUNTIF(Dépenses!$M$3:$M$23,"<0")=1),Dépenses!$P$23,IF(AND(ISNUMBER(Dépenses!$M$24),Dépenses!$M$24<>0,COUNTIF(Dépenses!$M$3:$M$24,">0")+COUNTIF(Dépenses!$M$3:$M$24,"<0")=1),Dépenses!$P$24,IF(AND(ISNUMBER(Dépenses!$M$25),Dépenses!$M$25<>0,COUNTIF(Dépenses!$M$3:$M$25,">0")+COUNTIF(Dépenses!$M$3:$M$25,"<0")=1),Dépenses!$P$25,IF(AND(ISNUMBER(Dépenses!$M$26),Dépenses!$M$26<>0,COUNTIF(Dépenses!$M$3:$M$26,">0")+COUNTIF(Dépenses!$M$3:$M$26,"<0")=1),Dépenses!$P$26,IF(AND(ISNUMBER(Dépenses!$M$27),Dépenses!$M$27<>0,COUNTIF(Dépenses!$M$3:$M$27,">0")+COUNTIF(Dépenses!$M$3:$M$27,"<0")=1),Dépenses!$P$27,IF(AND(ISNUMBER(Dépenses!$M$28),Dépenses!$M$28<>0,COUNTIF(Dépenses!$M$3:$M$28,">0")+COUNTIF(Dépenses!$M$3:$M$28,"<0")=1),Dépenses!$P$28,IF(AND(ISNUMBER(Dépenses!$M$29),Dépenses!$M$29<>0,COUNTIF(Dépenses!$M$3:$M$29,">0")+COUNTIF(Dépenses!$M$3:$M$29,"<0")=1),Dépenses!$P$29,IF(AND(ISNUMBER(Dépenses!$M$30),Dépenses!$M$30<>0,COUNTIF(Dépenses!$M$3:$M$30,">0")+COUNTIF(Dépenses!$M$3:$M$30,"<0")=1),Dépenses!$P$30,IF(AND(ISNUMBER(Dépenses!$M$31),Dépenses!$M$31<>0,COUNTIF(Dépenses!$M$3:$M$31,">0")+COUNTIF(Dépenses!$M$3:$M$31,"<0")=1),Dépenses!$P$31,IF(AND(ISNUMBER(Dépenses!$M$32),Dépenses!$M$32<>0,COUNTIF(Dépenses!$M$3:$M$32,">0")+COUNTIF(Dépenses!$M$3:$M$32,"<0")=1),Dépenses!$P$32,IF(AND(ISNUMBER(Dépenses!$M$33),Dépenses!$M$33<>0,COUNTIF(Dépenses!$M$3:$M$33,">0")+COUNTIF(Dépenses!$M$3:$M$33,"<0")=1),Dépenses!$P$33,IF(AND(ISNUMBER(Dépenses!$M$34),Dépenses!$M$34<>0,COUNTIF(Dépenses!$M$3:$M$34,">0")+COUNTIF(Dépenses!$M$3:$M$34,"<0")=1),Dépenses!$P$34,IF(AND(ISNUMBER(Dépenses!$M$35),Dépenses!$M$35<>0,COUNTIF(Dépenses!$M$3:$M$35,">0")+COUNTIF(Dépenses!$M$3:$M$35,"<0")=1),Dépenses!$P$35,IF(AND(ISNUMBER(Dépenses!$M$36),Dépenses!$M$36<>0,COUNTIF(Dépenses!$M$3:$M$36,">0")+COUNTIF(Dépenses!$M$3:$M$36,"<0")=1),Dépenses!$P$36,IF(AND(ISNUMBER(Dépenses!$M$37),Dépenses!$M$37<>0,COUNTIF(Dépenses!$M$3:$M$37,">0")+COUNTIF(Dépenses!$M$3:$M$37,"<0")=1),Dépenses!$P$37,IF(AND(ISNUMBER(Dépenses!$M$38),Dépenses!$M$38<>0,COUNTIF(Dépenses!$M$3:$M$38,">0")+COUNTIF(Dépenses!$M$3:$M$38,"<0")=1),Dépenses!$P$38,IF(AND(ISNUMBER(Dépenses!$M$39),Dépenses!$M$39<>0,COUNTIF(Dépenses!$M$3:$M$39,">0")+COUNTIF(Dépenses!$M$3:$M$39,"<0")=1),Dépenses!$P$39,IF(AND(ISNUMBER(Dépenses!$M$40),Dépenses!$M$40<>0,COUNTIF(Dépenses!$M$3:$M$40,">0")+COUNTIF(Dépenses!$M$3:$M$40,"<0")=1),Dépenses!$P$40,IF(AND(ISNUMBER(Dépenses!$M$41),Dépenses!$M$41<>0,COUNTIF(Dépenses!$M$3:$M$41,">0")+COUNTIF(Dépenses!$M$3:$M$41,"<0")=1),Dépenses!$P$41,IF(AND(ISNUMBER(Dépenses!$M$42),Dépenses!$M$42<>0,COUNTIF(Dépenses!$M$3:$M$42,">0")+COUNTIF(Dépenses!$M$3:$M$42,"<0")=1),Dépenses!$P$42,IF(AND(ISNUMBER(Dépenses!$M$43),Dépenses!$M$43<>0,COUNTIF(Dépenses!$M$3:$M$43,">0")+COUNTIF(Dépenses!$M$3:$M$43,"<0")=1),Dépenses!$P$43,""))))))))))))))))))))))))))))))))))))))))),"") | J9: =IF(1<=COUNTIF(Dépenses!$M$3:$M$43,">0")+COUNTIF(Dépenses!$M$3:$M$43,"<0"),IF(AND(ISNUMBER(Dépenses!$M$3),Dépenses!$M$3<>0,COUNTIF(Dépenses!$M$3:$M$3,">0")+COUNTIF(Dépenses!$M$3:$M$3,"<0")=1),Dépenses!$Q$3,IF(AND(ISNUMBER(Dépenses!$M$4),Dépenses!$M$4<>0,COUNTIF(Dépenses!$M$3:$M$4,">0")+COUNTIF(Dépenses!$M$3:$M$4,"<0")=1),Dépenses!$Q$4,IF(AND(ISNUMBER(Dépenses!$M$5),Dépenses!$M$5<>0,COUNTIF(Dépenses!$M$3:$M$5,">0")+COUNTIF(Dépenses!$M$3:$M$5,"<0")=1),Dépenses!$Q$5,IF(AND(ISNUMBER(Dépenses!$M$6),Dépenses!$M$6<>0,COUNTIF(Dépenses!$M$3:$M$6,">0")+COUNTIF(Dépenses!$M$3:$M$6,"<0")=1),Dépenses!$Q$6,IF(AND(ISNUMBER(Dépenses!$M$7),Dépenses!$M$7<>0,COUNTIF(Dépenses!$M$3:$M$7,">0")+COUNTIF(Dépenses!$M$3:$M$7,"<0")=1),Dépenses!$Q$7,IF(AND(ISNUMBER(Dépenses!$M$8),Dépenses!$M$8<>0,COUNTIF(Dépenses!$M$3:$M$8,">0")+COUNTIF(Dépenses!$M$3:$M$8,"<0")=1),Dépenses!$Q$8,IF(AND(ISNUMBER(Dépenses!$M$9),Dépenses!$M$9<>0,COUNTIF(Dépenses!$M$3:$M$9,">0")+COUNTIF(Dépenses!$M$3:$M$9,"<0")=1),Dépenses!$Q$9,IF(AND(ISNUMBER(Dépenses!$M$10),Dépenses!$M$10<>0,COUNTIF(Dépenses!$M$3:$M$10,">0")+COUNTIF(Dépenses!$M$3:$M$10,"<0")=1),Dépenses!$Q$10,IF(AND(ISNUMBER(Dépenses!$M$11),Dépenses!$M$11<>0,COUNTIF(Dépenses!$M$3:$M$11,">0")+COUNTIF(Dépenses!$M$3:$M$11,"<0")=1),Dépenses!$Q$11,IF(AND(ISNUMBER(Dépenses!$M$12),Dépenses!$M$12<>0,COUNTIF(Dépenses!$M$3:$M$12,">0")+COUNTIF(Dépenses!$M$3:$M$12,"<0")=1),Dépenses!$Q$12,IF(AND(ISNUMBER(Dépenses!$M$13),Dépenses!$M$13<>0,COUNTIF(Dépenses!$M$3:$M$13,">0")+COUNTIF(Dépenses!$M$3:$M$13,"<0")=1),Dépenses!$Q$13,IF(AND(ISNUMBER(Dépenses!$M$14),Dépenses!$M$14<>0,COUNTIF(Dépenses!$M$3:$M$14,">0")+COUNTIF(Dépenses!$M$3:$M$14,"<0")=1),Dépenses!$Q$14,IF(AND(ISNUMBER(Dépenses!$M$15),Dépenses!$M$15<>0,COUNTIF(Dépenses!$M$3:$M$15,">0")+COUNTIF(Dépenses!$M$3:$M$15,"<0")=1),Dépenses!$Q$15,IF(AND(ISNUMBER(Dépenses!$M$16),Dépenses!$M$16<>0,COUNTIF(Dépenses!$M$3:$M$16,">0")+COUNTIF(Dépenses!$M$3:$M$16,"<0")=1),Dépenses!$Q$16,IF(AND(ISNUMBER(Dépenses!$M$17),Dépenses!$M$17<>0,COUNTIF(Dépenses!$M$3:$M$17,">0")+COUNTIF(Dépenses!$M$3:$M$17,"<0")=1),Dépenses!$Q$17,IF(AND(ISNUMBER(Dépenses!$M$18),Dépenses!$M$18<>0,COUNTIF(Dépenses!$M$3:$M$18,">0")+COUNTIF(Dépenses!$M$3:$M$18,"<0")=1),Dépenses!$Q$18,IF(AND(ISNUMBER(Dépenses!$M$19),Dépenses!$M$19<>0,COUNTIF(Dépenses!$M$3:$M$19,">0")+COUNTIF(Dépenses!$M$3:$M$19,"<0")=1),Dépenses!$Q$19,IF(AND(ISNUMBER(Dépenses!$M$20),Dépenses!$M$20<>0,COUNTIF(Dépenses!$M$3:$M$20,">0")+COUNTIF(Dépenses!$M$3:$M$20,"<0")=1),Dépenses!$Q$20,IF(AND(ISNUMBER(Dépenses!$M$21),Dépenses!$M$21<>0,COUNTIF(Dépenses!$M$3:$M$21,">0")+COUNTIF(Dépenses!$M$3:$M$21,"<0")=1),Dépenses!$Q$21,IF(AND(ISNUMBER(Dépenses!$M$22),Dépenses!$M$22<>0,COUNTIF(Dépenses!$M$3:$M$22,">0")+COUNTIF(Dépenses!$M$3:$M$22,"<0")=1),Dépenses!$Q$22,IF(AND(ISNUMBER(Dépenses!$M$23),Dépenses!$M$23<>0,COUNTIF(Dépenses!$M$3:$M$23,">0")+COUNTIF(Dépenses!$M$3:$M$23,"<0")=1),Dépenses!$Q$23,IF(AND(ISNUMBER(Dépenses!$M$24),Dépenses!$M$24<>0,COUNTIF(Dépenses!$M$3:$M$24,">0")+COUNTIF(Dépenses!$M$3:$M$24,"<0")=1),Dépenses!$Q$24,IF(AND(ISNUMBER(Dépenses!$M$25),Dépenses!$M$25<>0,COUNTIF(Dépenses!$M$3:$M$25,">0")+COUNTIF(Dépenses!$M$3:$M$25,"<0")=1),Dépenses!$Q$25,IF(AND(ISNUMBER(Dépenses!$M$26),Dépenses!$M$26<>0,COUNTIF(Dépenses!$M$3:$M$26,">0")+COUNTIF(Dépenses!$M$3:$M$26,"<0")=1),Dépenses!$Q$26,IF(AND(ISNUMBER(Dépenses!$M$27),Dépenses!$M$27<>0,COUNTIF(Dépenses!$M$3:$M$27,">0")+COUNTIF(Dépenses!$M$3:$M$27,"<0")=1),Dépenses!$Q$27,IF(AND(ISNUMBER(Dépenses!$M$28),Dépenses!$M$28<>0,COUNTIF(Dépenses!$M$3:$M$28,">0")+COUNTIF(Dépenses!$M$3:$M$28,"<0")=1),Dépenses!$Q$28,IF(AND(ISNUMBER(Dépenses!$M$29),Dépenses!$M$29<>0,COUNTIF(Dépenses!$M$3:$M$29,">0")+COUNTIF(Dépenses!$M$3:$M$29,"<0")=1),Dépenses!$Q$29,IF(AND(ISNUMBER(Dépenses!$M$30),Dépenses!$M$30<>0,COUNTIF(Dépenses!$M$3:$M$30,">0")+COUNTIF(Dépenses!$M$3:$M$30,"<0")=1),Dépenses!$Q$30,IF(AND(ISNUMBER(Dépenses!$M$31),Dépenses!$M$31<>0,COUNTIF(Dépenses!$M$3:$M$31,">0")+COUNTIF(Dépenses!$M$3:$M$31,"<0")=1),Dépenses!$Q$31,IF(AND(ISNUMBER(Dépenses!$M$32),Dépenses!$M$32<>0,COUNTIF(Dépenses!$M$3:$M$32,">0")+COUNTIF(Dépenses!$M$3:$M$32,"<0")=1),Dépenses!$Q$32,IF(AND(ISNUMBER(Dépenses!$M$33),Dépenses!$M$33<>0,COUNTIF(Dépenses!$M$3:$M$33,">0")+COUNTIF(Dépenses!$M$3:$M$33,"<0")=1),Dépenses!$Q$33,IF(AND(ISNUMBER(Dépenses!$M$34),Dépenses!$M$34<>0,COUNTIF(Dépenses!$M$3:$M$34,">0")+COUNTIF(Dépenses!$M$3:$M$34,"<0")=1),Dépenses!$Q$34,IF(AND(ISNUMBER(Dépenses!$M$35),Dépenses!$M$35<>0,COUNTIF(Dépenses!$M$3:$M$35,">0")+COUNTIF(Dépenses!$M$3:$M$35,"<0")=1),Dépenses!$Q$35,IF(AND(ISNUMBER(Dépenses!$M$36),Dépenses!$M$36<>0,COUNTIF(Dépenses!$M$3:$M$36,">0")+COUNTIF(Dépenses!$M$3:$M$36,"<0")=1),Dépenses!$Q$36,IF(AND(ISNUMBER(Dépenses!$M$37),Dépenses!$M$37<>0,COUNTIF(Dépenses!$M$3:$M$37,">0")+COUNTIF(Dépenses!$M$3:$M$37,"<0")=1),Dépenses!$Q$37,IF(AND(ISNUMBER(Dépenses!$M$38),Dépenses!$M$38<>0,COUNTIF(Dépenses!$M$3:$M$38,">0")+COUNTIF(Dépenses!$M$3:$M$38,"<0")=1),Dépenses!$Q$38,IF(AND(ISNUMBER(Dépenses!$M$39),Dépenses!$M$39<>0,COUNTIF(Dépenses!$M$3:$M$39,">0")+COUNTIF(Dépenses!$M$3:$M$39,"<0")=1),Dépenses!$Q$39,IF(AND(ISNUMBER(Dépenses!$M$40),Dépenses!$M$40<>0,COUNTIF(Dépenses!$M$3:$M$40,">0")+COUNTIF(Dépenses!$M$3:$M$40,"<0")=1),Dépenses!$Q$40,IF(AND(ISNUMBER(Dépenses!$M$41),Dépenses!$M$41<>0,COUNTIF(Dépenses!$M$3:$M$41,">0")+COUNTIF(Dépenses!$M$3:$M$41,"<0")=1),Dépenses!$Q$41,IF(AND(ISNUMBER(Dépenses!$M$42),Dépenses!$M$42<>0,COUNTIF(Dépenses!$M$3:$M$42,">0")+COUNTIF(Dépenses!$M$3:$M$42,"<0")=1),Dépenses!$Q$42,IF(AND(ISNUMBER(Dépenses!$M$43),Dépenses!$M$43<>0,COUNTIF(Dépenses!$M$3:$M$43,">0")+COUNTIF(Dépenses!$M$3:$M$43,"<0")=1),Dépenses!$Q$43,""))))))))))))))))))))))))))))))))))))))))),IF(1=COUNTIF(Dépenses!$M$3:$M$43,">0")+COUNTIF(Dépenses!$M$3:$M$43,"<0")+1,SUM(Dépenses!$Q$3:$Q$43),IF(1=COUNTIF(Dépenses!$M$3:$M$43,">0")+COUNTIF(Dépenses!$M$3:$M$43,"<0")+2,Revenus!$J$2-SUM(Dépenses!$Q$3:$Q$43),""))) -> 0
D10: Date d'inscription TVQ | E10: =IF(E7<>"",E7,"") | G10: =IF(2<=COUNTIF(Dépenses!$M$3:$M$43,">0")+COUNTIF(Dépenses!$M$3:$M$43,"<0"),IF(AND(ISNUMBER(Dépenses!$M$3),Dépenses!$M$3<>0,COUNTIF(Dépenses!$M$3:$M$3,">0")+COUNTIF(Dépenses!$M$3:$M$3,"<0")=2),Dépenses!$L$3,IF(AND(ISNUMBER(Dépenses!$M$4),Dépenses!$M$4<>0,COUNTIF(Dépenses!$M$3:$M$4,">0")+COUNTIF(Dépenses!$M$3:$M$4,"<0")=2),Dépenses!$L$4,IF(AND(ISNUMBER(Dépenses!$M$5),Dépenses!$M$5<>0,COUNTIF(Dépenses!$M$3:$M$5,">0")+COUNTIF(Dépenses!$M$3:$M$5,"<0")=2),Dépenses!$L$5,IF(AND(ISNUMBER(Dépenses!$M$6),Dépenses!$M$6<>0,COUNTIF(Dépenses!$M$3:$M$6,">0")+COUNTIF(Dépenses!$M$3:$M$6,"<0")=2),Dépenses!$L$6,IF(AND(ISNUMBER(Dépenses!$M$7),Dépenses!$M$7<>0,COUNTIF(Dépenses!$M$3:$M$7,">0")+COUNTIF(Dépenses!$M$3:$M$7,"<0")=2),Dépenses!$L$7,IF(AND(ISNUMBER(Dépenses!$M$8),Dépenses!$M$8<>0,COUNTIF(Dépenses!$M$3:$M$8,">0")+COUNTIF(Dépenses!$M$3:$M$8,"<0")=2),Dépenses!$L$8,IF(AND(ISNUMBER(Dépenses!$M$9),Dépenses!$M$9<>0,COUNTIF(Dépenses!$M$3:$M$9,">0")+COUNTIF(Dépenses!$M$3:$M$9,"<0")=2),Dépenses!$L$9,IF(AND(ISNUMBER(Dépenses!$M$10),Dépenses!$M$10<>0,COUNTIF(Dépenses!$M$3:$M$10,">0")+COUNTIF(Dépenses!$M$3:$M$10,"<0")=2),Dépenses!$L$10,IF(AND(ISNUMBER(Dépenses!$M$11),Dépenses!$M$11<>0,COUNTIF(Dépenses!$M$3:$M$11,">0")+COUNTIF(Dépenses!$M$3:$M$11,"<0")=2),Dépenses!$L$11,IF(AND(ISNUMBER(Dépenses!$M$12),Dépenses!$M$12<>0,COUNTIF(Dépenses!$M$3:$M$12,">0")+COUNTIF(Dépenses!$M$3:$M$12,"<0")=2),Dépenses!$L$12,IF(AND(ISNUMBER(Dépenses!$M$13),Dépenses!$M$13<>0,COUNTIF(Dépenses!$M$3:$M$13,">0")+COUNTIF(Dépenses!$M$3:$M$13,"<0")=2),Dépenses!$L$13,IF(AND(ISNUMBER(Dépenses!$M$14),Dépenses!$M$14<>0,COUNTIF(Dépenses!$M$3:$M$14,">0")+COUNTIF(Dépenses!$M$3:$M$14,"<0")=2),Dépenses!$L$14,IF(AND(ISNUMBER(Dépenses!$M$15),Dépenses!$M$15<>0,COUNTIF(Dépenses!$M$3:$M$15,">0")+COUNTIF(Dépenses!$M$3:$M$15,"<0")=2),Dépenses!$L$15,IF(AND(ISNUMBER(Dépenses!$M$16),Dépenses!$M$16<>0,COUNTIF(Dépenses!$M$3:$M$16,">0")+COUNTIF(Dépenses!$M$3:$M$16,"<0")=2),Dépenses!$L$16,IF(AND(ISNUMBER(Dépenses!$M$17),Dépenses!$M$17<>0,COUNTIF(Dépenses!$M$3:$M$17,">0")+COUNTIF(Dépenses!$M$3:$M$17,"<0")=2),Dépenses!$L$17,IF(AND(ISNUMBER(Dépenses!$M$18),Dépenses!$M$18<>0,COUNTIF(Dépenses!$M$3:$M$18,">0")+COUNTIF(Dépenses!$M$3:$M$18,"<0")=2),Dépenses!$L$18,IF(AND(ISNUMBER(Dépenses!$M$19),Dépenses!$M$19<>0,COUNTIF(Dépenses!$M$3:$M$19,">0")+COUNTIF(Dépenses!$M$3:$M$19,"<0")=2),Dépenses!$L$19,IF(AND(ISNUMBER(Dépenses!$M$20),Dépenses!$M$20<>0,COUNTIF(Dépenses!$M$3:$M$20,">0")+COUNTIF(Dépenses!$M$3:$M$20,"<0")=2),Dépenses!$L$20,IF(AND(ISNUMBER(Dépenses!$M$21),Dépenses!$M$21<>0,COUNTIF(Dépenses!$M$3:$M$21,">0")+COUNTIF(Dépenses!$M$3:$M$21,"<0")=2),Dépenses!$L$21,IF(AND(ISNUMBER(Dépenses!$M$22),Dépenses!$M$22<>0,COUNTIF(Dépenses!$M$3:$M$22,">0")+COUNTIF(Dépenses!$M$3:$M$22,"<0")=2),Dépenses!$L$22,IF(AND(ISNUMBER(Dépenses!$M$23),Dépenses!$M$23<>0,COUNTIF(Dépenses!$M$3:$M$23,">0")+COUNTIF(Dépenses!$M$3:$M$23,"<0")=2),Dépenses!$L$23,IF(AND(ISNUMBER(Dépenses!$M$24),Dépenses!$M$24<>0,COUNTIF(Dépenses!$M$3:$M$24,">0")+COUNTIF(Dépenses!$M$3:$M$24,"<0")=2),Dépenses!$L$24,IF(AND(ISNUMBER(Dépenses!$M$25),Dépenses!$M$25<>0,COUNTIF(Dépenses!$M$3:$M$25,">0")+COUNTIF(Dépenses!$M$3:$M$25,"<0")=2),Dépenses!$L$25,IF(AND(ISNUMBER(Dépenses!$M$26),Dépenses!$M$26<>0,COUNTIF(Dépenses!$M$3:$M$26,">0")+COUNTIF(Dépenses!$M$3:$M$26,"<0")=2),Dépenses!$L$26,IF(AND(ISNUMBER(Dépenses!$M$27),Dépenses!$M$27<>0,COUNTIF(Dépenses!$M$3:$M$27,">0")+COUNTIF(Dépenses!$M$3:$M$27,"<0")=2),Dépenses!$L$27,IF(AND(ISNUMBER(Dépenses!$M$28),Dépenses!$M$28<>0,COUNTIF(Dépenses!$M$3:$M$28,">0")+COUNTIF(Dépenses!$M$3:$M$28,"<0")=2),Dépenses!$L$28,IF(AND(ISNUMBER(Dépenses!$M$29),Dépenses!$M$29<>0,COUNTIF(Dépenses!$M$3:$M$29,">0")+COUNTIF(Dépenses!$M$3:$M$29,"<0")=2),Dépenses!$L$29,IF(AND(ISNUMBER(Dépenses!$M$30),Dépenses!$M$30<>0,COUNTIF(Dépenses!$M$3:$M$30,">0")+COUNTIF(Dépenses!$M$3:$M$30,"<0")=2),Dépenses!$L$30,IF(AND(ISNUMBER(Dépenses!$M$31),Dépenses!$M$31<>0,COUNTIF(Dépenses!$M$3:$M$31,">0")+COUNTIF(Dépenses!$M$3:$M$31,"<0")=2),Dépenses!$L$31,IF(AND(ISNUMBER(Dépenses!$M$32),Dépenses!$M$32<>0,COUNTIF(Dépenses!$M$3:$M$32,">0")+COUNTIF(Dépenses!$M$3:$M$32,"<0")=2),Dépenses!$L$32,IF(AND(ISNUMBER(Dépenses!$M$33),Dépenses!$M$33<>0,COUNTIF(Dépenses!$M$3:$M$33,">0")+COUNTIF(Dépenses!$M$3:$M$33,"<0")=2),Dépenses!$L$33,IF(AND(ISNUMBER(Dépenses!$M$34),Dépenses!$M$34<>0,COUNTIF(Dépenses!$M$3:$M$34,">0")+COUNTIF(Dépenses!$M$3:$M$34,"<0")=2),Dépenses!$L$34,IF(AND(ISNUMBER(Dépenses!$M$35),Dépenses!$M$35<>0,COUNTIF(Dépenses!$M$3:$M$35,">0")+COUNTIF(Dépenses!$M$3:$M$35,"<0")=2),Dépenses!$L$35,IF(AND(ISNUMBER(Dépenses!$M$36),Dépenses!$M$36<>0,COUNTIF(Dépenses!$M$3:$M$36,">0")+COUNTIF(Dépenses!$M$3:$M$36,"<0")=2),Dépenses!$L$36,IF(AND(ISNUMBER(Dépenses!$M$37),Dépenses!$M$37<>0,COUNTIF(Dépenses!$M$3:$M$37,">0")+COUNTIF(Dépenses!$M$3:$M$37,"<0")=2),Dépenses!$L$37,IF(AND(ISNUMBER(Dépenses!$M$38),Dépenses!$M$38<>0,COUNTIF(Dépenses!$M$3:$M$38,">0")+COUNTIF(Dépenses!$M$3:$M$38,"<0")=2),Dépenses!$L$38,IF(AND(ISNUMBER(Dépenses!$M$39),Dépenses!$M$39<>0,COUNTIF(Dépenses!$M$3:$M$39,">0")+COUNTIF(Dépenses!$M$3:$M$39,"<0")=2),Dépenses!$L$39,IF(AND(ISNUMBER(Dépenses!$M$40),Dépenses!$M$40<>0,COUNTIF(Dépenses!$M$3:$M$40,">0")+COUNTIF(Dépenses!$M$3:$M$40,"<0")=2),Dépenses!$L$40,IF(AND(ISNUMBER(Dépenses!$M$41),Dépenses!$M$41<>0,COUNTIF(Dépenses!$M$3:$M$41,">0")+COUNTIF(Dépenses!$M$3:$M$41,"<0")=2),Dépenses!$L$41,IF(AND(ISNUMBER(Dépenses!$M$42),Dépenses!$M$42<>0,COUNTIF(Dépenses!$M$3:$M$42,">0")+COUNTIF(Dépenses!$M$3:$M$42,"<0")=2),Dépenses!$L$42,IF(AND(ISNUMBER(Dépenses!$M$43),Dépenses!$M$43<>0,COUNTIF(Dépenses!$M$3:$M$43,">0")+COUNTIF(Dépenses!$M$3:$M$43,"<0")=2),Dépenses!$L$43,""))))))))))))))))))))))))))))))))))))))))),IF(2=COUNTIF(Dépenses!$M$3:$M$43,">0")+COUNTIF(Dépenses!$M$3:$M$43,"<0")+1,"TOTAL DÉPENSES",IF(2=COUNTIF(Dépenses!$M$3:$M$43,">0")+COUNTIF(Dépenses!$M$3:$M$43,"<0")+2,"BÉNÉFICE (PERTE) NET",""))) -> BÉNÉFICE (PERTE) NET | H10: =IF(2<=COUNTIF(Dépenses!$M$3:$M$43,">0")+COUNTIF(Dépenses!$M$3:$M$43,"<0"),IF(AND(ISNUMBER(Dépenses!$M$3),Dépenses!$M$3<>0,COUNTIF(Dépenses!$M$3:$M$3,">0")+COUNTIF(Dépenses!$M$3:$M$3,"<0")=2),Dépenses!$M$3,IF(AND(ISNUMBER(Dépenses!$M$4),Dépenses!$M$4<>0,COUNTIF(Dépenses!$M$3:$M$4,">0")+COUNTIF(Dépenses!$M$3:$M$4,"<0")=2),Dépenses!$M$4,IF(AND(ISNUMBER(Dépenses!$M$5),Dépenses!$M$5<>0,COUNTIF(Dépenses!$M$3:$M$5,">0")+COUNTIF(Dépenses!$M$3:$M$5,"<0")=2),Dépenses!$M$5,IF(AND(ISNUMBER(Dépenses!$M$6),Dépenses!$M$6<>0,COUNTIF(Dépenses!$M$3:$M$6,">0")+COUNTIF(Dépenses!$M$3:$M$6,"<0")=2),Dépenses!$M$6,IF(AND(ISNUMBER(Dépenses!$M$7),Dépenses!$M$7<>0,COUNTIF(Dépenses!$M$3:$M$7,">0")+COUNTIF(Dépenses!$M$3:$M$7,"<0")=2),Dépenses!$M$7,IF(AND(ISNUMBER(Dépenses!$M$8),Dépenses!$M$8<>0,COUNTIF(Dépenses!$M$3:$M$8,">0")+COUNTIF(Dépenses!$M$3:$M$8,"<0")=2),Dépenses!$M$8,IF(AND(ISNUMBER(Dépenses!$M$9),Dépenses!$M$9<>0,COUNTIF(Dépenses!$M$3:$M$9,">0")+COUNTIF(Dépenses!$M$3:$M$9,"<0")=2),Dépenses!$M$9,IF(AND(ISNUMBER(Dépenses!$M$10),Dépenses!$M$10<>0,COUNTIF(Dépenses!$M$3:$M$10,">0")+COUNTIF(Dépenses!$M$3:$M$10,"<0")=2),Dépenses!$M$10,IF(AND(ISNUMBER(Dépenses!$M$11),Dépenses!$M$11<>0,COUNTIF(Dépenses!$M$3:$M$11,">0")+COUNTIF(Dépenses!$M$3:$M$11,"<0")=2),Dépenses!$M$11,IF(AND(ISNUMBER(Dépenses!$M$12),Dépenses!$M$12<>0,COUNTIF(Dépenses!$M$3:$M$12,">0")+COUNTIF(Dépenses!$M$3:$M$12,"<0")=2),Dépenses!$M$12,IF(AND(ISNUMBER(Dépenses!$M$13),Dépenses!$M$13<>0,COUNTIF(Dépenses!$M$3:$M$13,">0")+COUNTIF(Dépenses!$M$3:$M$13,"<0")=2),Dépenses!$M$13,IF(AND(ISNUMBER(Dépenses!$M$14),Dépenses!$M$14<>0,COUNTIF(Dépenses!$M$3:$M$14,">0")+COUNTIF(Dépenses!$M$3:$M$14,"<0")=2),Dépenses!$M$14,IF(AND(ISNUMBER(Dépenses!$M$15),Dépenses!$M$15<>0,COUNTIF(Dépenses!$M$3:$M$15,">0")+COUNTIF(Dépenses!$M$3:$M$15,"<0")=2),Dépenses!$M$15,IF(AND(ISNUMBER(Dépenses!$M$16),Dépenses!$M$16<>0,COUNTIF(Dépenses!$M$3:$M$16,">0")+COUNTIF(Dépenses!$M$3:$M$16,"<0")=2),Dépenses!$M$16,IF(AND(ISNUMBER(Dépenses!$M$17),Dépenses!$M$17<>0,COUNTIF(Dépenses!$M$3:$M$17,">0")+COUNTIF(Dépenses!$M$3:$M$17,"<0")=2),Dépenses!$M$17,IF(AND(ISNUMBER(Dépenses!$M$18),Dépenses!$M$18<>0,COUNTIF(Dépenses!$M$3:$M$18,">0")+COUNTIF(Dépenses!$M$3:$M$18,"<0")=2),Dépenses!$M$18,IF(AND(ISNUMBER(Dépenses!$M$19),Dépenses!$M$19<>0,COUNTIF(Dépenses!$M$3:$M$19,">0")+COUNTIF(Dépenses!$M$3:$M$19,"<0")=2),Dépenses!$M$19,IF(AND(ISNUMBER(Dépenses!$M$20),Dépenses!$M$20<>0,COUNTIF(Dépenses!$M$3:$M$20,">0")+COUNTIF(Dépenses!$M$3:$M$20,"<0")=2),Dépenses!$M$20,IF(AND(ISNUMBER(Dépenses!$M$21),Dépenses!$M$21<>0,COUNTIF(Dépenses!$M$3:$M$21,">0")+COUNTIF(Dépenses!$M$3:$M$21,"<0")=2),Dépenses!$M$21,IF(AND(ISNUMBER(Dépenses!$M$22),Dépenses!$M$22<>0,COUNTIF(Dépenses!$M$3:$M$22,">0")+COUNTIF(Dépenses!$M$3:$M$22,"<0")=2),Dépenses!$M$22,IF(AND(ISNUMBER(Dépenses!$M$23),Dépenses!$M$23<>0,COUNTIF(Dépenses!$M$3:$M$23,">0")+COUNTIF(Dépenses!$M$3:$M$23,"<0")=2),Dépenses!$M$23,IF(AND(ISNUMBER(Dépenses!$M$24),Dépenses!$M$24<>0,COUNTIF(Dépenses!$M$3:$M$24,">0")+COUNTIF(Dépenses!$M$3:$M$24,"<0")=2),Dépenses!$M$24,IF(AND(ISNUMBER(Dépenses!$M$25),Dépenses!$M$25<>0,COUNTIF(Dépenses!$M$3:$M$25,">0")+COUNTIF(Dépenses!$M$3:$M$25,"<0")=2),Dépenses!$M$25,IF(AND(ISNUMBER(Dépenses!$M$26),Dépenses!$M$26<>0,COUNTIF(Dépenses!$M$3:$M$26,">0")+COUNTIF(Dépenses!$M$3:$M$26,"<0")=2),Dépenses!$M$26,IF(AND(ISNUMBER(Dépenses!$M$27),Dépenses!$M$27<>0,COUNTIF(Dépenses!$M$3:$M$27,">0")+COUNTIF(Dépenses!$M$3:$M$27,"<0")=2),Dépenses!$M$27,IF(AND(ISNUMBER(Dépenses!$M$28),Dépenses!$M$28<>0,COUNTIF(Dépenses!$M$3:$M$28,">0")+COUNTIF(Dépenses!$M$3:$M$28,"<0")=2),Dépenses!$M$28,IF(AND(ISNUMBER(Dépenses!$M$29),Dépenses!$M$29<>0,COUNTIF(Dépenses!$M$3:$M$29,">0")+COUNTIF(Dépenses!$M$3:$M$29,"<0")=2),Dépenses!$M$29,IF(AND(ISNUMBER(Dépenses!$M$30),Dépenses!$M$30<>0,COUNTIF(Dépenses!$M$3:$M$30,">0")+COUNTIF(Dépenses!$M$3:$M$30,"<0")=2),Dépenses!$M$30,IF(AND(ISNUMBER(Dépenses!$M$31),Dépenses!$M$31<>0,COUNTIF(Dépenses!$M$3:$M$31,">0")+COUNTIF(Dépenses!$M$3:$M$31,"<0")=2),Dépenses!$M$31,IF(AND(ISNUMBER(Dépenses!$M$32),Dépenses!$M$32<>0,COUNTIF(Dépenses!$M$3:$M$32,">0")+COUNTIF(Dépenses!$M$3:$M$32,"<0")=2),Dépenses!$M$32,IF(AND(ISNUMBER(Dépenses!$M$33),Dépenses!$M$33<>0,COUNTIF(Dépenses!$M$3:$M$33,">0")+COUNTIF(Dépenses!$M$3:$M$33,"<0")=2),Dépenses!$M$33,IF(AND(ISNUMBER(Dépenses!$M$34),Dépenses!$M$34<>0,COUNTIF(Dépenses!$M$3:$M$34,">0")+COUNTIF(Dépenses!$M$3:$M$34,"<0")=2),Dépenses!$M$34,IF(AND(ISNUMBER(Dépenses!$M$35),Dépenses!$M$35<>0,COUNTIF(Dépenses!$M$3:$M$35,">0")+COUNTIF(Dépenses!$M$3:$M$35,"<0")=2),Dépenses!$M$35,IF(AND(ISNUMBER(Dépenses!$M$36),Dépenses!$M$36<>0,COUNTIF(Dépenses!$M$3:$M$36,">0")+COUNTIF(Dépenses!$M$3:$M$36,"<0")=2),Dépenses!$M$36,IF(AND(ISNUMBER(Dépenses!$M$37),Dépenses!$M$37<>0,COUNTIF(Dépenses!$M$3:$M$37,">0")+COUNTIF(Dépenses!$M$3:$M$37,"<0")=2),Dépenses!$M$37,IF(AND(ISNUMBER(Dépenses!$M$38),Dépenses!$M$38<>0,COUNTIF(Dépenses!$M$3:$M$38,">0")+COUNTIF(Dépenses!$M$3:$M$38,"<0")=2),Dépenses!$M$38,IF(AND(ISNUMBER(Dépenses!$M$39),Dépenses!$M$39<>0,COUNTIF(Dépenses!$M$3:$M$39,">0")+COUNTIF(Dépenses!$M$3:$M$39,"<0")=2),Dépenses!$M$39,IF(AND(ISNUMBER(Dépenses!$M$40),Dépenses!$M$40<>0,COUNTIF(Dépenses!$M$3:$M$40,">0")+COUNTIF(Dépenses!$M$3:$M$40,"<0")=2),Dépenses!$M$40,IF(AND(ISNUMBER(Dépenses!$M$41),Dépenses!$M$41<>0,COUNTIF(Dépenses!$M$3:$M$41,">0")+COUNTIF(Dépenses!$M$3:$M$41,"<0")=2),Dépenses!$M$41,IF(AND(ISNUMBER(Dépenses!$M$42),Dépenses!$M$42<>0,COUNTIF(Dépenses!$M$3:$M$42,">0")+COUNTIF(Dépenses!$M$3:$M$42,"<0")=2),Dépenses!$M$42,IF(AND(ISNUMBER(Dépenses!$M$43),Dépenses!$M$43<>0,COUNTIF(Dépenses!$M$3:$M$43,">0")+COUNTIF(Dépenses!$M$3:$M$43,"<0")=2),Dépenses!$M$43,""))))))))))))))))))))))))))))))))))))))))),IF(2=COUNTIF(Dépenses!$M$3:$M$43,">0")+COUNTIF(Dépenses!$M$3:$M$43,"<0")+1,SUM(Dépenses!$M$3:$M$43),IF(2=COUNTIF(Dépenses!$M$3:$M$43,">0")+COUNTIF(Dépenses!$M$3:$M$43,"<0")+2,Revenus!$J$2-SUM(Dépenses!$M$3:$M$43),""))) -> 0 | I10: =IF(2<=COUNTIF(Dépenses!$M$3:$M$43,">0")+COUNTIF(Dépenses!$M$3:$M$43,"<0"),IF(AND(ISNUMBER(Dépenses!$M$3),Dépenses!$M$3<>0,COUNTIF(Dépenses!$M$3:$M$3,">0")+COUNTIF(Dépenses!$M$3:$M$3,"<0")=2),Dépenses!$P$3,IF(AND(ISNUMBER(Dépenses!$M$4),Dépenses!$M$4<>0,COUNTIF(Dépenses!$M$3:$M$4,">0")+COUNTIF(Dépenses!$M$3:$M$4,"<0")=2),Dépenses!$P$4,IF(AND(ISNUMBER(Dépenses!$M$5),Dépenses!$M$5<>0,COUNTIF(Dépenses!$M$3:$M$5,">0")+COUNTIF(Dépenses!$M$3:$M$5,"<0")=2),Dépenses!$P$5,IF(AND(ISNUMBER(Dépenses!$M$6),Dépenses!$M$6<>0,COUNTIF(Dépenses!$M$3:$M$6,">0")+COUNTIF(Dépenses!$M$3:$M$6,"<0")=2),Dépenses!$P$6,IF(AND(ISNUMBER(Dépenses!$M$7),Dépenses!$M$7<>0,COUNTIF(Dépenses!$M$3:$M$7,">0")+COUNTIF(Dépenses!$M$3:$M$7,"<0")=2),Dépenses!$P$7,IF(AND(ISNUMBER(Dépenses!$M$8),Dépenses!$M$8<>0,COUNTIF(Dépenses!$M$3:$M$8,">0")+COUNTIF(Dépenses!$M$3:$M$8,"<0")=2),Dépenses!$P$8,IF(AND(ISNUMBER(Dépenses!$M$9),Dépenses!$M$9<>0,COUNTIF(Dépenses!$M$3:$M$9,">0")+COUNTIF(Dépenses!$M$3:$M$9,"<0")=2),Dépenses!$P$9,IF(AND(ISNUMBER(Dépenses!$M$10),Dépenses!$M$10<>0,COUNTIF(Dépenses!$M$3:$M$10,">0")+COUNTIF(Dépenses!$M$3:$M$10,"<0")=2),Dépenses!$P$10,IF(AND(ISNUMBER(Dépenses!$M$11),Dépenses!$M$11<>0,COUNTIF(Dépenses!$M$3:$M$11,">0")+COUNTIF(Dépenses!$M$3:$M$11,"<0")=2),Dépenses!$P$11,IF(AND(ISNUMBER(Dépenses!$M$12),Dépenses!$M$12<>0,COUNTIF(Dépenses!$M$3:$M$12,">0")+COUNTIF(Dépenses!$M$3:$M$12,"<0")=2),Dépenses!$P$12,IF(AND(ISNUMBER(Dépenses!$M$13),Dépenses!$M$13<>0,COUNTIF(Dépenses!$M$3:$M$13,">0")+COUNTIF(Dépenses!$M$3:$M$13,"<0")=2),Dépenses!$P$13,IF(AND(ISNUMBER(Dépenses!$M$14),Dépenses!$M$14<>0,COUNTIF(Dépenses!$M$3:$M$14,">0")+COUNTIF(Dépenses!$M$3:$M$14,"<0")=2),Dépenses!$P$14,IF(AND(ISNUMBER(Dépenses!$M$15),Dépenses!$M$15<>0,COUNTIF(Dépenses!$M$3:$M$15,">0")+COUNTIF(Dépenses!$M$3:$M$15,"<0")=2),Dépenses!$P$15,IF(AND(ISNUMBER(Dépenses!$M$16),Dépenses!$M$16<>0,COUNTIF(Dépenses!$M$3:$M$16,">0")+COUNTIF(Dépenses!$M$3:$M$16,"<0")=2),Dépenses!$P$16,IF(AND(ISNUMBER(Dépenses!$M$17),Dépenses!$M$17<>0,COUNTIF(Dépenses!$M$3:$M$17,">0")+COUNTIF(Dépenses!$M$3:$M$17,"<0")=2),Dépenses!$P$17,IF(AND(ISNUMBER(Dépenses!$M$18),Dépenses!$M$18<>0,COUNTIF(Dépenses!$M$3:$M$18,">0")+COUNTIF(Dépenses!$M$3:$M$18,"<0")=2),Dépenses!$P$18,IF(AND(ISNUMBER(Dépenses!$M$19),Dépenses!$M$19<>0,COUNTIF(Dépenses!$M$3:$M$19,">0")+COUNTIF(Dépenses!$M$3:$M$19,"<0")=2),Dépenses!$P$19,IF(AND(ISNUMBER(Dépenses!$M$20),Dépenses!$M$20<>0,COUNTIF(Dépenses!$M$3:$M$20,">0")+COUNTIF(Dépenses!$M$3:$M$20,"<0")=2),Dépenses!$P$20,IF(AND(ISNUMBER(Dépenses!$M$21),Dépenses!$M$21<>0,COUNTIF(Dépenses!$M$3:$M$21,">0")+COUNTIF(Dépenses!$M$3:$M$21,"<0")=2),Dépenses!$P$21,IF(AND(ISNUMBER(Dépenses!$M$22),Dépenses!$M$22<>0,COUNTIF(Dépenses!$M$3:$M$22,">0")+COUNTIF(Dépenses!$M$3:$M$22,"<0")=2),Dépenses!$P$22,IF(AND(ISNUMBER(Dépenses!$M$23),Dépenses!$M$23<>0,COUNTIF(Dépenses!$M$3:$M$23,">0")+COUNTIF(Dépenses!$M$3:$M$23,"<0")=2),Dépenses!$P$23,IF(AND(ISNUMBER(Dépenses!$M$24),Dépenses!$M$24<>0,COUNTIF(Dépenses!$M$3:$M$24,">0")+COUNTIF(Dépenses!$M$3:$M$24,"<0")=2),Dépenses!$P$24,IF(AND(ISNUMBER(Dépenses!$M$25),Dépenses!$M$25<>0,COUNTIF(Dépenses!$M$3:$M$25,">0")+COUNTIF(Dépenses!$M$3:$M$25,"<0")=2),Dépenses!$P$25,IF(AND(ISNUMBER(Dépenses!$M$26),Dépenses!$M$26<>0,COUNTIF(Dépenses!$M$3:$M$26,">0")+COUNTIF(Dépenses!$M$3:$M$26,"<0")=2),Dépenses!$P$26,IF(AND(ISNUMBER(Dépenses!$M$27),Dépenses!$M$27<>0,COUNTIF(Dépenses!$M$3:$M$27,">0")+COUNTIF(Dépenses!$M$3:$M$27,"<0")=2),Dépenses!$P$27,IF(AND(ISNUMBER(Dépenses!$M$28),Dépenses!$M$28<>0,COUNTIF(Dépenses!$M$3:$M$28,">0")+COUNTIF(Dépenses!$M$3:$M$28,"<0")=2),Dépenses!$P$28,IF(AND(ISNUMBER(Dépenses!$M$29),Dépenses!$M$29<>0,COUNTIF(Dépenses!$M$3:$M$29,">0")+COUNTIF(Dépenses!$M$3:$M$29,"<0")=2),Dépenses!$P$29,IF(AND(ISNUMBER(Dépenses!$M$30),Dépenses!$M$30<>0,COUNTIF(Dépenses!$M$3:$M$30,">0")+COUNTIF(Dépenses!$M$3:$M$30,"<0")=2),Dépenses!$P$30,IF(AND(ISNUMBER(Dépenses!$M$31),Dépenses!$M$31<>0,COUNTIF(Dépenses!$M$3:$M$31,">0")+COUNTIF(Dépenses!$M$3:$M$31,"<0")=2),Dépenses!$P$31,IF(AND(ISNUMBER(Dépenses!$M$32),Dépenses!$M$32<>0,COUNTIF(Dépenses!$M$3:$M$32,">0")+COUNTIF(Dépenses!$M$3:$M$32,"<0")=2),Dépenses!$P$32,IF(AND(ISNUMBER(Dépenses!$M$33),Dépenses!$M$33<>0,COUNTIF(Dépenses!$M$3:$M$33,">0")+COUNTIF(Dépenses!$M$3:$M$33,"<0")=2),Dépenses!$P$33,IF(AND(ISNUMBER(Dépenses!$M$34),Dépenses!$M$34<>0,COUNTIF(Dépenses!$M$3:$M$34,">0")+COUNTIF(Dépenses!$M$3:$M$34,"<0")=2),Dépenses!$P$34,IF(AND(ISNUMBER(Dépenses!$M$35),Dépenses!$M$35<>0,COUNTIF(Dépenses!$M$3:$M$35,">0")+COUNTIF(Dépenses!$M$3:$M$35,"<0")=2),Dépenses!$P$35,IF(AND(ISNUMBER(Dépenses!$M$36),Dépenses!$M$36<>0,COUNTIF(Dépenses!$M$3:$M$36,">0")+COUNTIF(Dépenses!$M$3:$M$36,"<0")=2),Dépenses!$P$36,IF(AND(ISNUMBER(Dépenses!$M$37),Dépenses!$M$37<>0,COUNTIF(Dépenses!$M$3:$M$37,">0")+COUNTIF(Dépenses!$M$3:$M$37,"<0")=2),Dépenses!$P$37,IF(AND(ISNUMBER(Dépenses!$M$38),Dépenses!$M$38<>0,COUNTIF(Dépenses!$M$3:$M$38,">0")+COUNTIF(Dépenses!$M$3:$M$38,"<0")=2),Dépenses!$P$38,IF(AND(ISNUMBER(Dépenses!$M$39),Dépenses!$M$39<>0,COUNTIF(Dépenses!$M$3:$M$39,">0")+COUNTIF(Dépenses!$M$3:$M$39,"<0")=2),Dépenses!$P$39,IF(AND(ISNUMBER(Dépenses!$M$40),Dépenses!$M$40<>0,COUNTIF(Dépenses!$M$3:$M$40,">0")+COUNTIF(Dépenses!$M$3:$M$40,"<0")=2),Dépenses!$P$40,IF(AND(ISNUMBER(Dépenses!$M$41),Dépenses!$M$41<>0,COUNTIF(Dépenses!$M$3:$M$41,">0")+COUNTIF(Dépenses!$M$3:$M$41,"<0")=2),Dépenses!$P$41,IF(AND(ISNUMBER(Dépenses!$M$42),Dépenses!$M$42<>0,COUNTIF(Dépenses!$M$3:$M$42,">0")+COUNTIF(Dépenses!$M$3:$M$42,"<0")=2),Dépenses!$P$42,IF(AND(ISNUMBER(Dépenses!$M$43),Dépenses!$M$43<>0,COUNTIF(Dépenses!$M$3:$M$43,">0")+COUNTIF(Dépenses!$M$3:$M$43,"<0")=2),Dépenses!$P$43,""))))))))))))))))))))))))))))))))))))))))),"") | J10: =IF(2<=COUNTIF(Dépenses!$M$3:$M$43,">0")+COUNTIF(Dépenses!$M$3:$M$43,"<0"),IF(AND(ISNUMBER(Dépenses!$M$3),Dépenses!$M$3<>0,COUNTIF(Dépenses!$M$3:$M$3,">0")+COUNTIF(Dépenses!$M$3:$M$3,"<0")=2),Dépenses!$Q$3,IF(AND(ISNUMBER(Dépenses!$M$4),Dépenses!$M$4<>0,COUNTIF(Dépenses!$M$3:$M$4,">0")+COUNTIF(Dépenses!$M$3:$M$4,"<0")=2),Dépenses!$Q$4,IF(AND(ISNUMBER(Dépenses!$M$5),Dépenses!$M$5<>0,COUNTIF(Dépenses!$M$3:$M$5,">0")+COUNTIF(Dépenses!$M$3:$M$5,"<0")=2),Dépenses!$Q$5,IF(AND(ISNUMBER(Dépenses!$M$6),Dépenses!$M$6<>0,COUNTIF(Dépenses!$M$3:$M$6,">0")+COUNTIF(Dépenses!$M$3:$M$6,"<0")=2),Dépenses!$Q$6,IF(AND(ISNUMBER(Dépenses!$M$7),Dépenses!$M$7<>0,COUNTIF(Dépenses!$M$3:$M$7,">0")+COUNTIF(Dépenses!$M$3:$M$7,"<0")=2),Dépenses!$Q$7,IF(AND(ISNUMBER(Dépenses!$M$8),Dépenses!$M$8<>0,COUNTIF(Dépenses!$M$3:$M$8,">0")+COUNTIF(Dépenses!$M$3:$M$8,"<0")=2),Dépenses!$Q$8,IF(AND(ISNUMBER(Dépenses!$M$9),Dépenses!$M$9<>0,COUNTIF(Dépenses!$M$3:$M$9,">0")+COUNTIF(Dépenses!$M$3:$M$9,"<0")=2),Dépenses!$Q$9,IF(AND(ISNUMBER(Dépenses!$M$10),Dépenses!$M$10<>0,COUNTIF(Dépenses!$M$3:$M$10,">0")+COUNTIF(Dépenses!$M$3:$M$10,"<0")=2),Dépenses!$Q$10,IF(AND(ISNUMBER(Dépenses!$M$11),Dépenses!$M$11<>0,COUNTIF(Dépenses!$M$3:$M$11,">0")+COUNTIF(Dépenses!$M$3:$M$11,"<0")=2),Dépenses!$Q$11,IF(AND(ISNUMBER(Dépenses!$M$12),Dépenses!$M$12<>0,COUNTIF(Dépenses!$M$3:$M$12,">0")+COUNTIF(Dépenses!$M$3:$M$12,"<0")=2),Dépenses!$Q$12,IF(AND(ISNUMBER(Dépenses!$M$13),Dépenses!$M$13<>0,COUNTIF(Dépenses!$M$3:$M$13,">0")+COUNTIF(Dépenses!$M$3:$M$13,"<0")=2),Dépenses!$Q$13,IF(AND(ISNUMBER(Dépenses!$M$14),Dépenses!$M$14<>0,COUNTIF(Dépenses!$M$3:$M$14,">0")+COUNTIF(Dépenses!$M$3:$M$14,"<0")=2),Dépenses!$Q$14,IF(AND(ISNUMBER(Dépenses!$M$15),Dépenses!$M$15<>0,COUNTIF(Dépenses!$M$3:$M$15,">0")+COUNTIF(Dépenses!$M$3:$M$15,"<0")=2),Dépenses!$Q$15,IF(AND(ISNUMBER(Dépenses!$M$16),Dépenses!$M$16<>0,COUNTIF(Dépenses!$M$3:$M$16,">0")+COUNTIF(Dépenses!$M$3:$M$16,"<0")=2),Dépenses!$Q$16,IF(AND(ISNUMBER(Dépenses!$M$17),Dépenses!$M$17<>0,COUNTIF(Dépenses!$M$3:$M$17,">0")+COUNTIF(Dépenses!$M$3:$M$17,"<0")=2),Dépenses!$Q$17,IF(AND(ISNUMBER(Dépenses!$M$18),Dépenses!$M$18<>0,COUNTIF(Dépenses!$M$3:$M$18,">0")+COUNTIF(Dépenses!$M$3:$M$18,"<0")=2),Dépenses!$Q$18,IF(AND(ISNUMBER(Dépenses!$M$19),Dépenses!$M$19<>0,COUNTIF(Dépenses!$M$3:$M$19,">0")+COUNTIF(Dépenses!$M$3:$M$19,"<0")=2),Dépenses!$Q$19,IF(AND(ISNUMBER(Dépenses!$M$20),Dépenses!$M$20<>0,COUNTIF(Dépenses!$M$3:$M$20,">0")+COUNTIF(Dépenses!$M$3:$M$20,"<0")=2),Dépenses!$Q$20,IF(AND(ISNUMBER(Dépenses!$M$21),Dépenses!$M$21<>0,COUNTIF(Dépenses!$M$3:$M$21,">0")+COUNTIF(Dépenses!$M$3:$M$21,"<0")=2),Dépenses!$Q$21,IF(AND(ISNUMBER(Dépenses!$M$22),Dépenses!$M$22<>0,COUNTIF(Dépenses!$M$3:$M$22,">0")+COUNTIF(Dépenses!$M$3:$M$22,"<0")=2),Dépenses!$Q$22,IF(AND(ISNUMBER(Dépenses!$M$23),Dépenses!$M$23<>0,COUNTIF(Dépenses!$M$3:$M$23,">0")+COUNTIF(Dépenses!$M$3:$M$23,"<0")=2),Dépenses!$Q$23,IF(AND(ISNUMBER(Dépenses!$M$24),Dépenses!$M$24<>0,COUNTIF(Dépenses!$M$3:$M$24,">0")+COUNTIF(Dépenses!$M$3:$M$24,"<0")=2),Dépenses!$Q$24,IF(AND(ISNUMBER(Dépenses!$M$25),Dépenses!$M$25<>0,COUNTIF(Dépenses!$M$3:$M$25,">0")+COUNTIF(Dépenses!$M$3:$M$25,"<0")=2),Dépenses!$Q$25,IF(AND(ISNUMBER(Dépenses!$M$26),Dépenses!$M$26<>0,COUNTIF(Dépenses!$M$3:$M$26,">0")+COUNTIF(Dépenses!$M$3:$M$26,"<0")=2),Dépenses!$Q$26,IF(AND(ISNUMBER(Dépenses!$M$27),Dépenses!$M$27<>0,COUNTIF(Dépenses!$M$3:$M$27,">0")+COUNTIF(Dépenses!$M$3:$M$27,"<0")=2),Dépenses!$Q$27,IF(AND(ISNUMBER(Dépenses!$M$28),Dépenses!$M$28<>0,COUNTIF(Dépenses!$M$3:$M$28,">0")+COUNTIF(Dépenses!$M$3:$M$28,"<0")=2),Dépenses!$Q$28,IF(AND(ISNUMBER(Dépenses!$M$29),Dépenses!$M$29<>0,COUNTIF(Dépenses!$M$3:$M$29,">0")+COUNTIF(Dépenses!$M$3:$M$29,"<0")=2),Dépenses!$Q$29,IF(AND(ISNUMBER(Dépenses!$M$30),Dépenses!$M$30<>0,COUNTIF(Dépenses!$M$3:$M$30,">0")+COUNTIF(Dépenses!$M$3:$M$30,"<0")=2),Dépenses!$Q$30,IF(AND(ISNUMBER(Dépenses!$M$31),Dépenses!$M$31<>0,COUNTIF(Dépenses!$M$3:$M$31,">0")+COUNTIF(Dépenses!$M$3:$M$31,"<0")=2),Dépenses!$Q$31,IF(AND(ISNUMBER(Dépenses!$M$32),Dépenses!$M$32<>0,COUNTIF(Dépenses!$M$3:$M$32,">0")+COUNTIF(Dépenses!$M$3:$M$32,"<0")=2),Dépenses!$Q$32,IF(AND(ISNUMBER(Dépenses!$M$33),Dépenses!$M$33<>0,COUNTIF(Dépenses!$M$3:$M$33,">0")+COUNTIF(Dépenses!$M$3:$M$33,"<0")=2),Dépenses!$Q$33,IF(AND(ISNUMBER(Dépenses!$M$34),Dépenses!$M$34<>0,COUNTIF(Dépenses!$M$3:$M$34,">0")+COUNTIF(Dépenses!$M$3:$M$34,"<0")=2),Dépenses!$Q$34,IF(AND(ISNUMBER(Dépenses!$M$35),Dépenses!$M$35<>0,COUNTIF(Dépenses!$M$3:$M$35,">0")+COUNTIF(Dépenses!$M$3:$M$35,"<0")=2),Dépenses!$Q$35,IF(AND(ISNUMBER(Dépenses!$M$36),Dépenses!$M$36<>0,COUNTIF(Dépenses!$M$3:$M$36,">0")+COUNTIF(Dépenses!$M$3:$M$36,"<0")=2),Dépenses!$Q$36,IF(AND(ISNUMBER(Dépenses!$M$37),Dépenses!$M$37<>0,COUNTIF(Dépenses!$M$3:$M$37,">0")+COUNTIF(Dépenses!$M$3:$M$37,"<0")=2),Dépenses!$Q$37,IF(AND(ISNUMBER(Dépenses!$M$38),Dépenses!$M$38<>0,COUNTIF(Dépenses!$M$3:$M$38,">0")+COUNTIF(Dépenses!$M$3:$M$38,"<0")=2),Dépenses!$Q$38,IF(AND(ISNUMBER(Dépenses!$M$39),Dépenses!$M$39<>0,COUNTIF(Dépenses!$M$3:$M$39,">0")+COUNTIF(Dépenses!$M$3:$M$39,"<0")=2),Dépenses!$Q$39,IF(AND(ISNUMBER(Dépenses!$M$40),Dépenses!$M$40<>0,COUNTIF(Dépenses!$M$3:$M$40,">0")+COUNTIF(Dépenses!$M$3:$M$40,"<0")=2),Dépenses!$Q$40,IF(AND(ISNUMBER(Dépenses!$M$41),Dépenses!$M$41<>0,COUNTIF(Dépenses!$M$3:$M$41,">0")+COUNTIF(Dépenses!$M$3:$M$41,"<0")=2),Dépenses!$Q$41,IF(AND(ISNUMBER(Dépenses!$M$42),Dépenses!$M$42<>0,COUNTIF(Dépenses!$M$3:$M$42,">0")+COUNTIF(Dépenses!$M$3:$M$42,"<0")=2),Dépenses!$Q$42,IF(AND(ISNUMBER(Dépenses!$M$43),Dépenses!$M$43<>0,COUNTIF(Dépenses!$M$3:$M$43,">0")+COUNTIF(Dépenses!$M$3:$M$43,"<0")=2),Dépenses!$Q$43,""))))))))))))))))))))))))))))))))))))))))),IF(2=COUNTIF(Dépenses!$M$3:$M$43,">0")+COUNTIF(Dépenses!$M$3:$M$43,"<0")+1,SUM(Dépenses!$Q$3:$Q$43),IF(2=COUNTIF(Dépenses!$M$3:$M$43,">0")+COUNTIF(Dépenses!$M$3:$M$43,"<0")+2,Revenus!$J$2-SUM(Dépenses!$Q$3:$Q$43),""))) -> 0 | Y10: Défaut date TVQ | Z10: =IF(E7<>"",IF(ISNUMBER(E7),TEXT(E7,"yyyy-mm-dd"),E7),"")
D11: Fréquence TPS/TVQ | E11: =IF(AND(E5="",E8=""),"Ø",IF(OR(E5="Oui",E8="Oui"),"annuel",IF(AND(E5="Non",E8="Non"),"Pas inscrit",""))) -> Pas inscrit | G11: =IF(3<=COUNTIF(Dépenses!$M$3:$M$43,">0")+COUNTIF(Dépenses!$M$3:$M$43,"<0"),IF(AND(ISNUMBER(Dépenses!$M$3),Dépenses!$M$3<>0,COUNTIF(Dépenses!$M$3:$M$3,">0")+COUNTIF(Dépenses!$M$3:$M$3,"<0")=3),Dépenses!$L$3,IF(AND(ISNUMBER(Dépenses!$M$4),Dépenses!$M$4<>0,COUNTIF(Dépenses!$M$3:$M$4,">0")+COUNTIF(Dépenses!$M$3:$M$4,"<0")=3),Dépenses!$L$4,IF(AND(ISNUMBER(Dépenses!$M$5),Dépenses!$M$5<>0,COUNTIF(Dépenses!$M$3:$M$5,">0")+COUNTIF(Dépenses!$M$3:$M$5,"<0")=3),Dépenses!$L$5,IF(AND(ISNUMBER(Dépenses!$M$6),Dépenses!$M$6<>0,COUNTIF(Dépenses!$M$3:$M$6,">0")+COUNTIF(Dépenses!$M$3:$M$6,"<0")=3),Dépenses!$L$6,IF(AND(ISNUMBER(Dépenses!$M$7),Dépenses!$M$7<>0,COUNTIF(Dépenses!$M$3:$M$7,">0")+COUNTIF(Dépenses!$M$3:$M$7,"<0")=3),Dépenses!$L$7,IF(AND(ISNUMBER(Dépenses!$M$8),Dépenses!$M$8<>0,COUNTIF(Dépenses!$M$3:$M$8,">0")+COUNTIF(Dépenses!$M$3:$M$8,"<0")=3),Dépenses!$L$8,IF(AND(ISNUMBER(Dépenses!$M$9),Dépenses!$M$9<>0,COUNTIF(Dépenses!$M$3:$M$9,">0")+COUNTIF(Dépenses!$M$3:$M$9,"<0")=3),Dépenses!$L$9,IF(AND(ISNUMBER(Dépenses!$M$10),Dépenses!$M$10<>0,COUNTIF(Dépenses!$M$3:$M$10,">0")+COUNTIF(Dépenses!$M$3:$M$10,"<0")=3),Dépenses!$L$10,IF(AND(ISNUMBER(Dépenses!$M$11),Dépenses!$M$11<>0,COUNTIF(Dépenses!$M$3:$M$11,">0")+COUNTIF(Dépenses!$M$3:$M$11,"<0")=3),Dépenses!$L$11,IF(AND(ISNUMBER(Dépenses!$M$12),Dépenses!$M$12<>0,COUNTIF(Dépenses!$M$3:$M$12,">0")+COUNTIF(Dépenses!$M$3:$M$12,"<0")=3),Dépenses!$L$12,IF(AND(ISNUMBER(Dépenses!$M$13),Dépenses!$M$13<>0,COUNTIF(Dépenses!$M$3:$M$13,">0")+COUNTIF(Dépenses!$M$3:$M$13,"<0")=3),Dépenses!$L$13,IF(AND(ISNUMBER(Dépenses!$M$14),Dépenses!$M$14<>0,COUNTIF(Dépenses!$M$3:$M$14,">0")+COUNTIF(Dépenses!$M$3:$M$14,"<0")=3),Dépenses!$L$14,IF(AND(ISNUMBER(Dépenses!$M$15),Dépenses!$M$15<>0,COUNTIF(Dépenses!$M$3:$M$15,">0")+COUNTIF(Dépenses!$M$3:$M$15,"<0")=3),Dépenses!$L$15,IF(AND(ISNUMBER(Dépenses!$M$16),Dépenses!$M$16<>0,COUNTIF(Dépenses!$M$3:$M$16,">0")+COUNTIF(Dépenses!$M$3:$M$16,"<0")=3),Dépenses!$L$16,IF(AND(ISNUMBER(Dépenses!$M$17),Dépenses!$M$17<>0,COUNTIF(Dépenses!$M$3:$M$17,">0")+COUNTIF(Dépenses!$M$3:$M$17,"<0")=3),Dépenses!$L$17,IF(AND(ISNUMBER(Dépenses!$M$18),Dépenses!$M$18<>0,COUNTIF(Dépenses!$M$3:$M$18,">0")+COUNTIF(Dépenses!$M$3:$M$18,"<0")=3),Dépenses!$L$18,IF(AND(ISNUMBER(Dépenses!$M$19),Dépenses!$M$19<>0,COUNTIF(Dépenses!$M$3:$M$19,">0")+COUNTIF(Dépenses!$M$3:$M$19,"<0")=3),Dépenses!$L$19,IF(AND(ISNUMBER(Dépenses!$M$20),Dépenses!$M$20<>0,COUNTIF(Dépenses!$M$3:$M$20,">0")+COUNTIF(Dépenses!$M$3:$M$20,"<0")=3),Dépenses!$L$20,IF(AND(ISNUMBER(Dépenses!$M$21),Dépenses!$M$21<>0,COUNTIF(Dépenses!$M$3:$M$21,">0")+COUNTIF(Dépenses!$M$3:$M$21,"<0")=3),Dépenses!$L$21,IF(AND(ISNUMBER(Dépenses!$M$22),Dépenses!$M$22<>0,COUNTIF(Dépenses!$M$3:$M$22,">0")+COUNTIF(Dépenses!$M$3:$M$22,"<0")=3),Dépenses!$L$22,IF(AND(ISNUMBER(Dépenses!$M$23),Dépenses!$M$23<>0,COUNTIF(Dépenses!$M$3:$M$23,">0")+COUNTIF(Dépenses!$M$3:$M$23,"<0")=3),Dépenses!$L$23,IF(AND(ISNUMBER(Dépenses!$M$24),Dépenses!$M$24<>0,COUNTIF(Dépenses!$M$3:$M$24,">0")+COUNTIF(Dépenses!$M$3:$M$24,"<0")=3),Dépenses!$L$24,IF(AND(ISNUMBER(Dépenses!$M$25),Dépenses!$M$25<>0,COUNTIF(Dépenses!$M$3:$M$25,">0")+COUNTIF(Dépenses!$M$3:$M$25,"<0")=3),Dépenses!$L$25,IF(AND(ISNUMBER(Dépenses!$M$26),Dépenses!$M$26<>0,COUNTIF(Dépenses!$M$3:$M$26,">0")+COUNTIF(Dépenses!$M$3:$M$26,"<0")=3),Dépenses!$L$26,IF(AND(ISNUMBER(Dépenses!$M$27),Dépenses!$M$27<>0,COUNTIF(Dépenses!$M$3:$M$27,">0")+COUNTIF(Dépenses!$M$3:$M$27,"<0")=3),Dépenses!$L$27,IF(AND(ISNUMBER(Dépenses!$M$28),Dépenses!$M$28<>0,COUNTIF(Dépenses!$M$3:$M$28,">0")+COUNTIF(Dépenses!$M$3:$M$28,"<0")=3),Dépenses!$L$28,IF(AND(ISNUMBER(Dépenses!$M$29),Dépenses!$M$29<>0,COUNTIF(Dépenses!$M$3:$M$29,">0")+COUNTIF(Dépenses!$M$3:$M$29,"<0")=3),Dépenses!$L$29,IF(AND(ISNUMBER(Dépenses!$M$30),Dépenses!$M$30<>0,COUNTIF(Dépenses!$M$3:$M$30,">0")+COUNTIF(Dépenses!$M$3:$M$30,"<0")=3),Dépenses!$L$30,IF(AND(ISNUMBER(Dépenses!$M$31),Dépenses!$M$31<>0,COUNTIF(Dépenses!$M$3:$M$31,">0")+COUNTIF(Dépenses!$M$3:$M$31,"<0")=3),Dépenses!$L$31,IF(AND(ISNUMBER(Dépenses!$M$32),Dépenses!$M$32<>0,COUNTIF(Dépenses!$M$3:$M$32,">0")+COUNTIF(Dépenses!$M$3:$M$32,"<0")=3),Dépenses!$L$32,IF(AND(ISNUMBER(Dépenses!$M$33),Dépenses!$M$33<>0,COUNTIF(Dépenses!$M$3:$M$33,">0")+COUNTIF(Dépenses!$M$3:$M$33,"<0")=3),Dépenses!$L$33,IF(AND(ISNUMBER(Dépenses!$M$34),Dépenses!$M$34<>0,COUNTIF(Dépenses!$M$3:$M$34,">0")+COUNTIF(Dépenses!$M$3:$M$34,"<0")=3),Dépenses!$L$34,IF(AND(ISNUMBER(Dépenses!$M$35),Dépenses!$M$35<>0,COUNTIF(Dépenses!$M$3:$M$35,">0")+COUNTIF(Dépenses!$M$3:$M$35,"<0")=3),Dépenses!$L$35,IF(AND(ISNUMBER(Dépenses!$M$36),Dépenses!$M$36<>0,COUNTIF(Dépenses!$M$3:$M$36,">0")+COUNTIF(Dépenses!$M$3:$M$36,"<0")=3),Dépenses!$L$36,IF(AND(ISNUMBER(Dépenses!$M$37),Dépenses!$M$37<>0,COUNTIF(Dépenses!$M$3:$M$37,">0")+COUNTIF(Dépenses!$M$3:$M$37,"<0")=3),Dépenses!$L$37,IF(AND(ISNUMBER(Dépenses!$M$38),Dépenses!$M$38<>0,COUNTIF(Dépenses!$M$3:$M$38,">0")+COUNTIF(Dépenses!$M$3:$M$38,"<0")=3),Dépenses!$L$38,IF(AND(ISNUMBER(Dépenses!$M$39),Dépenses!$M$39<>0,COUNTIF(Dépenses!$M$3:$M$39,">0")+COUNTIF(Dépenses!$M$3:$M$39,"<0")=3),Dépenses!$L$39,IF(AND(ISNUMBER(Dépenses!$M$40),Dépenses!$M$40<>0,COUNTIF(Dépenses!$M$3:$M$40,">0")+COUNTIF(Dépenses!$M$3:$M$40,"<0")=3),Dépenses!$L$40,IF(AND(ISNUMBER(Dépenses!$M$41),Dépenses!$M$41<>0,COUNTIF(Dépenses!$M$3:$M$41,">0")+COUNTIF(Dépenses!$M$3:$M$41,"<0")=3),Dépenses!$L$41,IF(AND(ISNUMBER(Dépenses!$M$42),Dépenses!$M$42<>0,COUNTIF(Dépenses!$M$3:$M$42,">0")+COUNTIF(Dépenses!$M$3:$M$42,"<0")=3),Dépenses!$L$42,IF(AND(ISNUMBER(Dépenses!$M$43),Dépenses!$M$43<>0,COUNTIF(Dépenses!$M$3:$M$43,">0")+COUNTIF(Dépenses!$M$3:$M$43,"<0")=3),Dépenses!$L$43,""))))))))))))))))))))))))))))))))))))))))),IF(3=COUNTIF(Dépenses!$M$3:$M$43,">0")+COUNTIF(Dépenses!$M$3:$M$43,"<0")+1,"TOTAL DÉPENSES",IF(3=COUNTIF(Dépenses!$M$3:$M$43,">0")+COUNTIF(Dépenses!$M$3:$M$43,"<0")+2,"BÉNÉFICE (PERTE) NET",""))) | H11: =IF(3<=COUNTIF(Dépenses!$M$3:$M$43,">0")+COUNTIF(Dépenses!$M$3:$M$43,"<0"),IF(AND(ISNUMBER(Dépenses!$M$3),Dépenses!$M$3<>0,COUNTIF(Dépenses!$M$3:$M$3,">0")+COUNTIF(Dépenses!$M$3:$M$3,"<0")=3),Dépenses!$M$3,IF(AND(ISNUMBER(Dépenses!$M$4),Dépenses!$M$4<>0,COUNTIF(Dépenses!$M$3:$M$4,">0")+COUNTIF(Dépenses!$M$3:$M$4,"<0")=3),Dépenses!$M$4,IF(AND(ISNUMBER(Dépenses!$M$5),Dépenses!$M$5<>0,COUNTIF(Dépenses!$M$3:$M$5,">0")+COUNTIF(Dépenses!$M$3:$M$5,"<0")=3),Dépenses!$M$5,IF(AND(ISNUMBER(Dépenses!$M$6),Dépenses!$M$6<>0,COUNTIF(Dépenses!$M$3:$M$6,">0")+COUNTIF(Dépenses!$M$3:$M$6,"<0")=3),Dépenses!$M$6,IF(AND(ISNUMBER(Dépenses!$M$7),Dépenses!$M$7<>0,COUNTIF(Dépenses!$M$3:$M$7,">0")+COUNTIF(Dépenses!$M$3:$M$7,"<0")=3),Dépenses!$M$7,IF(AND(ISNUMBER(Dépenses!$M$8),Dépenses!$M$8<>0,COUNTIF(Dépenses!$M$3:$M$8,">0")+COUNTIF(Dépenses!$M$3:$M$8,"<0")=3),Dépenses!$M$8,IF(AND(ISNUMBER(Dépenses!$M$9),Dépenses!$M$9<>0,COUNTIF(Dépenses!$M$3:$M$9,">0")+COUNTIF(Dépenses!$M$3:$M$9,"<0")=3),Dépenses!$M$9,IF(AND(ISNUMBER(Dépenses!$M$10),Dépenses!$M$10<>0,COUNTIF(Dépenses!$M$3:$M$10,">0")+COUNTIF(Dépenses!$M$3:$M$10,"<0")=3),Dépenses!$M$10,IF(AND(ISNUMBER(Dépenses!$M$11),Dépenses!$M$11<>0,COUNTIF(Dépenses!$M$3:$M$11,">0")+COUNTIF(Dépenses!$M$3:$M$11,"<0")=3),Dépenses!$M$11,IF(AND(ISNUMBER(Dépenses!$M$12),Dépenses!$M$12<>0,COUNTIF(Dépenses!$M$3:$M$12,">0")+COUNTIF(Dépenses!$M$3:$M$12,"<0")=3),Dépenses!$M$12,IF(AND(ISNUMBER(Dépenses!$M$13),Dépenses!$M$13<>0,COUNTIF(Dépenses!$M$3:$M$13,">0")+COUNTIF(Dépenses!$M$3:$M$13,"<0")=3),Dépenses!$M$13,IF(AND(ISNUMBER(Dépenses!$M$14),Dépenses!$M$14<>0,COUNTIF(Dépenses!$M$3:$M$14,">0")+COUNTIF(Dépenses!$M$3:$M$14,"<0")=3),Dépenses!$M$14,IF(AND(ISNUMBER(Dépenses!$M$15),Dépenses!$M$15<>0,COUNTIF(Dépenses!$M$3:$M$15,">0")+COUNTIF(Dépenses!$M$3:$M$15,"<0")=3),Dépenses!$M$15,IF(AND(ISNUMBER(Dépenses!$M$16),Dépenses!$M$16<>0,COUNTIF(Dépenses!$M$3:$M$16,">0")+COUNTIF(Dépenses!$M$3:$M$16,"<0")=3),Dépenses!$M$16,IF(AND(ISNUMBER(Dépenses!$M$17),Dépenses!$M$17<>0,COUNTIF(Dépenses!$M$3:$M$17,">0")+COUNTIF(Dépenses!$M$3:$M$17,"<0")=3),Dépenses!$M$17,IF(AND(ISNUMBER(Dépenses!$M$18),Dépenses!$M$18<>0,COUNTIF(Dépenses!$M$3:$M$18,">0")+COUNTIF(Dépenses!$M$3:$M$18,"<0")=3),Dépenses!$M$18,IF(AND(ISNUMBER(Dépenses!$M$19),Dépenses!$M$19<>0,COUNTIF(Dépenses!$M$3:$M$19,">0")+COUNTIF(Dépenses!$M$3:$M$19,"<0")=3),Dépenses!$M$19,IF(AND(ISNUMBER(Dépenses!$M$20),Dépenses!$M$20<>0,COUNTIF(Dépenses!$M$3:$M$20,">0")+COUNTIF(Dépenses!$M$3:$M$20,"<0")=3),Dépenses!$M$20,IF(AND(ISNUMBER(Dépenses!$M$21),Dépenses!$M$21<>0,COUNTIF(Dépenses!$M$3:$M$21,">0")+COUNTIF(Dépenses!$M$3:$M$21,"<0")=3),Dépenses!$M$21,IF(AND(ISNUMBER(Dépenses!$M$22),Dépenses!$M$22<>0,COUNTIF(Dépenses!$M$3:$M$22,">0")+COUNTIF(Dépenses!$M$3:$M$22,"<0")=3),Dépenses!$M$22,IF(AND(ISNUMBER(Dépenses!$M$23),Dépenses!$M$23<>0,COUNTIF(Dépenses!$M$3:$M$23,">0")+COUNTIF(Dépenses!$M$3:$M$23,"<0")=3),Dépenses!$M$23,IF(AND(ISNUMBER(Dépenses!$M$24),Dépenses!$M$24<>0,COUNTIF(Dépenses!$M$3:$M$24,">0")+COUNTIF(Dépenses!$M$3:$M$24,"<0")=3),Dépenses!$M$24,IF(AND(ISNUMBER(Dépenses!$M$25),Dépenses!$M$25<>0,COUNTIF(Dépenses!$M$3:$M$25,">0")+COUNTIF(Dépenses!$M$3:$M$25,"<0")=3),Dépenses!$M$25,IF(AND(ISNUMBER(Dépenses!$M$26),Dépenses!$M$26<>0,COUNTIF(Dépenses!$M$3:$M$26,">0")+COUNTIF(Dépenses!$M$3:$M$26,"<0")=3),Dépenses!$M$26,IF(AND(ISNUMBER(Dépenses!$M$27),Dépenses!$M$27<>0,COUNTIF(Dépenses!$M$3:$M$27,">0")+COUNTIF(Dépenses!$M$3:$M$27,"<0")=3),Dépenses!$M$27,IF(AND(ISNUMBER(Dépenses!$M$28),Dépenses!$M$28<>0,COUNTIF(Dépenses!$M$3:$M$28,">0")+COUNTIF(Dépenses!$M$3:$M$28,"<0")=3),Dépenses!$M$28,IF(AND(ISNUMBER(Dépenses!$M$29),Dépenses!$M$29<>0,COUNTIF(Dépenses!$M$3:$M$29,">0")+COUNTIF(Dépenses!$M$3:$M$29,"<0")=3),Dépenses!$M$29,IF(AND(ISNUMBER(Dépenses!$M$30),Dépenses!$M$30<>0,COUNTIF(Dépenses!$M$3:$M$30,">0")+COUNTIF(Dépenses!$M$3:$M$30,"<0")=3),Dépenses!$M$30,IF(AND(ISNUMBER(Dépenses!$M$31),Dépenses!$M$31<>0,COUNTIF(Dépenses!$M$3:$M$31,">0")+COUNTIF(Dépenses!$M$3:$M$31,"<0")=3),Dépenses!$M$31,IF(AND(ISNUMBER(Dépenses!$M$32),Dépenses!$M$32<>0,COUNTIF(Dépenses!$M$3:$M$32,">0")+COUNTIF(Dépenses!$M$3:$M$32,"<0")=3),Dépenses!$M$32,IF(AND(ISNUMBER(Dépenses!$M$33),Dépenses!$M$33<>0,COUNTIF(Dépenses!$M$3:$M$33,">0")+COUNTIF(Dépenses!$M$3:$M$33,"<0")=3),Dépenses!$M$33,IF(AND(ISNUMBER(Dépenses!$M$34),Dépenses!$M$34<>0,COUNTIF(Dépenses!$M$3:$M$34,">0")+COUNTIF(Dépenses!$M$3:$M$34,"<0")=3),Dépenses!$M$34,IF(AND(ISNUMBER(Dépenses!$M$35),Dépenses!$M$35<>0,COUNTIF(Dépenses!$M$3:$M$35,">0")+COUNTIF(Dépenses!$M$3:$M$35,"<0")=3),Dépenses!$M$35,IF(AND(ISNUMBER(Dépenses!$M$36),Dépenses!$M$36<>0,COUNTIF(Dépenses!$M$3:$M$36,">0")+COUNTIF(Dépenses!$M$3:$M$36,"<0")=3),Dépenses!$M$36,IF(AND(ISNUMBER(Dépenses!$M$37),Dépenses!$M$37<>0,COUNTIF(Dépenses!$M$3:$M$37,">0")+COUNTIF(Dépenses!$M$3:$M$37,"<0")=3),Dépenses!$M$37,IF(AND(ISNUMBER(Dépenses!$M$38),Dépenses!$M$38<>0,COUNTIF(Dépenses!$M$3:$M$38,">0")+COUNTIF(Dépenses!$M$3:$M$38,"<0")=3),Dépenses!$M$38,IF(AND(ISNUMBER(Dépenses!$M$39),Dépenses!$M$39<>0,COUNTIF(Dépenses!$M$3:$M$39,">0")+COUNTIF(Dépenses!$M$3:$M$39,"<0")=3),Dépenses!$M$39,IF(AND(ISNUMBER(Dépenses!$M$40),Dépenses!$M$40<>0,COUNTIF(Dépenses!$M$3:$M$40,">0")+COUNTIF(Dépenses!$M$3:$M$40,"<0")=3),Dépenses!$M$40,IF(AND(ISNUMBER(Dépenses!$M$41),Dépenses!$M$41<>0,COUNTIF(Dépenses!$M$3:$M$41,">0")+COUNTIF(Dépenses!$M$3:$M$41,"<0")=3),Dépenses!$M$41,IF(AND(ISNUMBER(Dépenses!$M$42),Dépenses!$M$42<>0,COUNTIF(Dépenses!$M$3:$M$42,">0")+COUNTIF(Dépenses!$M$3:$M$42,"<0")=3),Dépenses!$M$42,IF(AND(ISNUMBER(Dépenses!$M$43),Dépenses!$M$43<>0,COUNTIF(Dépenses!$M$3:$M$43,">0")+COUNTIF(Dépenses!$M$3:$M$43,"<0")=3),Dépenses!$M$43,""))))))))))))))))))))))))))))))))))))))))),IF(3=COUNTIF(Dépenses!$M$3:$M$43,">0")+COUNTIF(Dépenses!$M$3:$M$43,"<0")+1,SUM(Dépenses!$M$3:$M$43),IF(3=COUNTIF(Dépenses!$M$3:$M$43,">0")+COUNTIF(Dépenses!$M$3:$M$43,"<0")+2,Revenus!$J$2-SUM(Dépenses!$M$3:$M$43),""))) | I11: =IF(3<=COUNTIF(Dépenses!$M$3:$M$43,">0")+COUNTIF(Dépenses!$M$3:$M$43,"<0"),IF(AND(ISNUMBER(Dépenses!$M$3),Dépenses!$M$3<>0,COUNTIF(Dépenses!$M$3:$M$3,">0")+COUNTIF(Dépenses!$M$3:$M$3,"<0")=3),Dépenses!$P$3,IF(AND(ISNUMBER(Dépenses!$M$4),Dépenses!$M$4<>0,COUNTIF(Dépenses!$M$3:$M$4,">0")+COUNTIF(Dépenses!$M$3:$M$4,"<0")=3),Dépenses!$P$4,IF(AND(ISNUMBER(Dépenses!$M$5),Dépenses!$M$5<>0,COUNTIF(Dépenses!$M$3:$M$5,">0")+COUNTIF(Dépenses!$M$3:$M$5,"<0")=3),Dépenses!$P$5,IF(AND(ISNUMBER(Dépenses!$M$6),Dépenses!$M$6<>0,COUNTIF(Dépenses!$M$3:$M$6,">0")+COUNTIF(Dépenses!$M$3:$M$6,"<0")=3),Dépenses!$P$6,IF(AND(ISNUMBER(Dépenses!$M$7),Dépenses!$M$7<>0,COUNTIF(Dépenses!$M$3:$M$7,">0")+COUNTIF(Dépenses!$M$3:$M$7,"<0")=3),Dépenses!$P$7,IF(AND(ISNUMBER(Dépenses!$M$8),Dépenses!$M$8<>0,COUNTIF(Dépenses!$M$3:$M$8,">0")+COUNTIF(Dépenses!$M$3:$M$8,"<0")=3),Dépenses!$P$8,IF(AND(ISNUMBER(Dépenses!$M$9),Dépenses!$M$9<>0,COUNTIF(Dépenses!$M$3:$M$9,">0")+COUNTIF(Dépenses!$M$3:$M$9,"<0")=3),Dépenses!$P$9,IF(AND(ISNUMBER(Dépenses!$M$10),Dépenses!$M$10<>0,COUNTIF(Dépenses!$M$3:$M$10,">0")+COUNTIF(Dépenses!$M$3:$M$10,"<0")=3),Dépenses!$P$10,IF(AND(ISNUMBER(Dépenses!$M$11),Dépenses!$M$11<>0,COUNTIF(Dépenses!$M$3:$M$11,">0")+COUNTIF(Dépenses!$M$3:$M$11,"<0")=3),Dépenses!$P$11,IF(AND(ISNUMBER(Dépenses!$M$12),Dépenses!$M$12<>0,COUNTIF(Dépenses!$M$3:$M$12,">0")+COUNTIF(Dépenses!$M$3:$M$12,"<0")=3),Dépenses!$P$12,IF(AND(ISNUMBER(Dépenses!$M$13),Dépenses!$M$13<>0,COUNTIF(Dépenses!$M$3:$M$13,">0")+COUNTIF(Dépenses!$M$3:$M$13,"<0")=3),Dépenses!$P$13,IF(AND(ISNUMBER(Dépenses!$M$14),Dépenses!$M$14<>0,COUNTIF(Dépenses!$M$3:$M$14,">0")+COUNTIF(Dépenses!$M$3:$M$14,"<0")=3),Dépenses!$P$14,IF(AND(ISNUMBER(Dépenses!$M$15),Dépenses!$M$15<>0,COUNTIF(Dépenses!$M$3:$M$15,">0")+COUNTIF(Dépenses!$M$3:$M$15,"<0")=3),Dépenses!$P$15,IF(AND(ISNUMBER(Dépenses!$M$16),Dépenses!$M$16<>0,COUNTIF(Dépenses!$M$3:$M$16,">0")+COUNTIF(Dépenses!$M$3:$M$16,"<0")=3),Dépenses!$P$16,IF(AND(ISNUMBER(Dépenses!$M$17),Dépenses!$M$17<>0,COUNTIF(Dépenses!$M$3:$M$17,">0")+COUNTIF(Dépenses!$M$3:$M$17,"<0")=3),Dépenses!$P$17,IF(AND(ISNUMBER(Dépenses!$M$18),Dépenses!$M$18<>0,COUNTIF(Dépenses!$M$3:$M$18,">0")+COUNTIF(Dépenses!$M$3:$M$18,"<0")=3),Dépenses!$P$18,IF(AND(ISNUMBER(Dépenses!$M$19),Dépenses!$M$19<>0,COUNTIF(Dépenses!$M$3:$M$19,">0")+COUNTIF(Dépenses!$M$3:$M$19,"<0")=3),Dépenses!$P$19,IF(AND(ISNUMBER(Dépenses!$M$20),Dépenses!$M$20<>0,COUNTIF(Dépenses!$M$3:$M$20,">0")+COUNTIF(Dépenses!$M$3:$M$20,"<0")=3),Dépenses!$P$20,IF(AND(ISNUMBER(Dépenses!$M$21),Dépenses!$M$21<>0,COUNTIF(Dépenses!$M$3:$M$21,">0")+COUNTIF(Dépenses!$M$3:$M$21,"<0")=3),Dépenses!$P$21,IF(AND(ISNUMBER(Dépenses!$M$22),Dépenses!$M$22<>0,COUNTIF(Dépenses!$M$3:$M$22,">0")+COUNTIF(Dépenses!$M$3:$M$22,"<0")=3),Dépenses!$P$22,IF(AND(ISNUMBER(Dépenses!$M$23),Dépenses!$M$23<>0,COUNTIF(Dépenses!$M$3:$M$23,">0")+COUNTIF(Dépenses!$M$3:$M$23,"<0")=3),Dépenses!$P$23,IF(AND(ISNUMBER(Dépenses!$M$24),Dépenses!$M$24<>0,COUNTIF(Dépenses!$M$3:$M$24,">0")+COUNTIF(Dépenses!$M$3:$M$24,"<0")=3),Dépenses!$P$24,IF(AND(ISNUMBER(Dépenses!$M$25),Dépenses!$M$25<>0,COUNTIF(Dépenses!$M$3:$M$25,">0")+COUNTIF(Dépenses!$M$3:$M$25,"<0")=3),Dépenses!$P$25,IF(AND(ISNUMBER(Dépenses!$M$26),Dépenses!$M$26<>0,COUNTIF(Dépenses!$M$3:$M$26,">0")+COUNTIF(Dépenses!$M$3:$M$26,"<0")=3),Dépenses!$P$26,IF(AND(ISNUMBER(Dépenses!$M$27),Dépenses!$M$27<>0,COUNTIF(Dépenses!$M$3:$M$27,">0")+COUNTIF(Dépenses!$M$3:$M$27,"<0")=3),Dépenses!$P$27,IF(AND(ISNUMBER(Dépenses!$M$28),Dépenses!$M$28<>0,COUNTIF(Dépenses!$M$3:$M$28,">0")+COUNTIF(Dépenses!$M$3:$M$28,"<0")=3),Dépenses!$P$28,IF(AND(ISNUMBER(Dépenses!$M$29),Dépenses!$M$29<>0,COUNTIF(Dépenses!$M$3:$M$29,">0")+COUNTIF(Dépenses!$M$3:$M$29,"<0")=3),Dépenses!$P$29,IF(AND(ISNUMBER(Dépenses!$M$30),Dépenses!$M$30<>0,COUNTIF(Dépenses!$M$3:$M$30,">0")+COUNTIF(Dépenses!$M$3:$M$30,"<0")=3),Dépenses!$P$30,IF(AND(ISNUMBER(Dépenses!$M$31),Dépenses!$M$31<>0,COUNTIF(Dépenses!$M$3:$M$31,">0")+COUNTIF(Dépenses!$M$3:$M$31,"<0")=3),Dépenses!$P$31,IF(AND(ISNUMBER(Dépenses!$M$32),Dépenses!$M$32<>0,COUNTIF(Dépenses!$M$3:$M$32,">0")+COUNTIF(Dépenses!$M$3:$M$32,"<0")=3),Dépenses!$P$32,IF(AND(ISNUMBER(Dépenses!$M$33),Dépenses!$M$33<>0,COUNTIF(Dépenses!$M$3:$M$33,">0")+COUNTIF(Dépenses!$M$3:$M$33,"<0")=3),Dépenses!$P$33,IF(AND(ISNUMBER(Dépenses!$M$34),Dépenses!$M$34<>0,COUNTIF(Dépenses!$M$3:$M$34,">0")+COUNTIF(Dépenses!$M$3:$M$34,"<0")=3),Dépenses!$P$34,IF(AND(ISNUMBER(Dépenses!$M$35),Dépenses!$M$35<>0,COUNTIF(Dépenses!$M$3:$M$35,">0")+COUNTIF(Dépenses!$M$3:$M$35,"<0")=3),Dépenses!$P$35,IF(AND(ISNUMBER(Dépenses!$M$36),Dépenses!$M$36<>0,COUNTIF(Dépenses!$M$3:$M$36,">0")+COUNTIF(Dépenses!$M$3:$M$36,"<0")=3),Dépenses!$P$36,IF(AND(ISNUMBER(Dépenses!$M$37),Dépenses!$M$37<>0,COUNTIF(Dépenses!$M$3:$M$37,">0")+COUNTIF(Dépenses!$M$3:$M$37,"<0")=3),Dépenses!$P$37,IF(AND(ISNUMBER(Dépenses!$M$38),Dépenses!$M$38<>0,COUNTIF(Dépenses!$M$3:$M$38,">0")+COUNTIF(Dépenses!$M$3:$M$38,"<0")=3),Dépenses!$P$38,IF(AND(ISNUMBER(Dépenses!$M$39),Dépenses!$M$39<>0,COUNTIF(Dépenses!$M$3:$M$39,">0")+COUNTIF(Dépenses!$M$3:$M$39,"<0")=3),Dépenses!$P$39,IF(AND(ISNUMBER(Dépenses!$M$40),Dépenses!$M$40<>0,COUNTIF(Dépenses!$M$3:$M$40,">0")+COUNTIF(Dépenses!$M$3:$M$40,"<0")=3),Dépenses!$P$40,IF(AND(ISNUMBER(Dépenses!$M$41),Dépenses!$M$41<>0,COUNTIF(Dépenses!$M$3:$M$41,">0")+COUNTIF(Dépenses!$M$3:$M$41,"<0")=3),Dépenses!$P$41,IF(AND(ISNUMBER(Dépenses!$M$42),Dépenses!$M$42<>0,COUNTIF(Dépenses!$M$3:$M$42,">0")+COUNTIF(Dépenses!$M$3:$M$42,"<0")=3),Dépenses!$P$42,IF(AND(ISNUMBER(Dépenses!$M$43),Dépenses!$M$43<>0,COUNTIF(Dépenses!$M$3:$M$43,">0")+COUNTIF(Dépenses!$M$3:$M$43,"<0")=3),Dépenses!$P$43,""))))))))))))))))))))))))))))))))))))))))),"") | J11: =IF(3<=COUNTIF(Dépenses!$M$3:$M$43,">0")+COUNTIF(Dépenses!$M$3:$M$43,"<0"),IF(AND(ISNUMBER(Dépenses!$M$3),Dépenses!$M$3<>0,COUNTIF(Dépenses!$M$3:$M$3,">0")+COUNTIF(Dépenses!$M$3:$M$3,"<0")=3),Dépenses!$Q$3,IF(AND(ISNUMBER(Dépenses!$M$4),Dépenses!$M$4<>0,COUNTIF(Dépenses!$M$3:$M$4,">0")+COUNTIF(Dépenses!$M$3:$M$4,"<0")=3),Dépenses!$Q$4,IF(AND(ISNUMBER(Dépenses!$M$5),Dépenses!$M$5<>0,COUNTIF(Dépenses!$M$3:$M$5,">0")+COUNTIF(Dépenses!$M$3:$M$5,"<0")=3),Dépenses!$Q$5,IF(AND(ISNUMBER(Dépenses!$M$6),Dépenses!$M$6<>0,COUNTIF(Dépenses!$M$3:$M$6,">0")+COUNTIF(Dépenses!$M$3:$M$6,"<0")=3),Dépenses!$Q$6,IF(AND(ISNUMBER(Dépenses!$M$7),Dépenses!$M$7<>0,COUNTIF(Dépenses!$M$3:$M$7,">0")+COUNTIF(Dépenses!$M$3:$M$7,"<0")=3),Dépenses!$Q$7,IF(AND(ISNUMBER(Dépenses!$M$8),Dépenses!$M$8<>0,COUNTIF(Dépenses!$M$3:$M$8,">0")+COUNTIF(Dépenses!$M$3:$M$8,"<0")=3),Dépenses!$Q$8,IF(AND(ISNUMBER(Dépenses!$M$9),Dépenses!$M$9<>0,COUNTIF(Dépenses!$M$3:$M$9,">0")+COUNTIF(Dépenses!$M$3:$M$9,"<0")=3),Dépenses!$Q$9,IF(AND(ISNUMBER(Dépenses!$M$10),Dépenses!$M$10<>0,COUNTIF(Dépenses!$M$3:$M$10,">0")+COUNTIF(Dépenses!$M$3:$M$10,"<0")=3),Dépenses!$Q$10,IF(AND(ISNUMBER(Dépenses!$M$11),Dépenses!$M$11<>0,COUNTIF(Dépenses!$M$3:$M$11,">0")+COUNTIF(Dépenses!$M$3:$M$11,"<0")=3),Dépenses!$Q$11,IF(AND(ISNUMBER(Dépenses!$M$12),Dépenses!$M$12<>0,COUNTIF(Dépenses!$M$3:$M$12,">0")+COUNTIF(Dépenses!$M$3:$M$12,"<0")=3),Dépenses!$Q$12,IF(AND(ISNUMBER(Dépenses!$M$13),Dépenses!$M$13<>0,COUNTIF(Dépenses!$M$3:$M$13,">0")+COUNTIF(Dépenses!$M$3:$M$13,"<0")=3),Dépenses!$Q$13,IF(AND(ISNUMBER(Dépenses!$M$14),Dépenses!$M$14<>0,COUNTIF(Dépenses!$M$3:$M$14,">0")+COUNTIF(Dépenses!$M$3:$M$14,"<0")=3),Dépenses!$Q$14,IF(AND(ISNUMBER(Dépenses!$M$15),Dépenses!$M$15<>0,COUNTIF(Dépenses!$M$3:$M$15,">0")+COUNTIF(Dépenses!$M$3:$M$15,"<0")=3),Dépenses!$Q$15,IF(AND(ISNUMBER(Dépenses!$M$16),Dépenses!$M$16<>0,COUNTIF(Dépenses!$M$3:$M$16,">0")+COUNTIF(Dépenses!$M$3:$M$16,"<0")=3),Dépenses!$Q$16,IF(AND(ISNUMBER(Dépenses!$M$17),Dépenses!$M$17<>0,COUNTIF(Dépenses!$M$3:$M$17,">0")+COUNTIF(Dépenses!$M$3:$M$17,"<0")=3),Dépenses!$Q$17,IF(AND(ISNUMBER(Dépenses!$M$18),Dépenses!$M$18<>0,COUNTIF(Dépenses!$M$3:$M$18,">0")+COUNTIF(Dépenses!$M$3:$M$18,"<0")=3),Dépenses!$Q$18,IF(AND(ISNUMBER(Dépenses!$M$19),Dépenses!$M$19<>0,COUNTIF(Dépenses!$M$3:$M$19,">0")+COUNTIF(Dépenses!$M$3:$M$19,"<0")=3),Dépenses!$Q$19,IF(AND(ISNUMBER(Dépenses!$M$20),Dépenses!$M$20<>0,COUNTIF(Dépenses!$M$3:$M$20,">0")+COUNTIF(Dépenses!$M$3:$M$20,"<0")=3),Dépenses!$Q$20,IF(AND(ISNUMBER(Dépenses!$M$21),Dépenses!$M$21<>0,COUNTIF(Dépenses!$M$3:$M$21,">0")+COUNTIF(Dépenses!$M$3:$M$21,"<0")=3),Dépenses!$Q$21,IF(AND(ISNUMBER(Dépenses!$M$22),Dépenses!$M$22<>0,COUNTIF(Dépenses!$M$3:$M$22,">0")+COUNTIF(Dépenses!$M$3:$M$22,"<0")=3),Dépenses!$Q$22,IF(AND(ISNUMBER(Dépenses!$M$23),Dépenses!$M$23<>0,COUNTIF(Dépenses!$M$3:$M$23,">0")+COUNTIF(Dépenses!$M$3:$M$23,"<0")=3),Dépenses!$Q$23,IF(AND(ISNUMBER(Dépenses!$M$24),Dépenses!$M$24<>0,COUNTIF(Dépenses!$M$3:$M$24,">0")+COUNTIF(Dépenses!$M$3:$M$24,"<0")=3),Dépenses!$Q$24,IF(AND(ISNUMBER(Dépenses!$M$25),Dépenses!$M$25<>0,COUNTIF(Dépenses!$M$3:$M$25,">0")+COUNTIF(Dépenses!$M$3:$M$25,"<0")=3),Dépenses!$Q$25,IF(AND(ISNUMBER(Dépenses!$M$26),Dépenses!$M$26<>0,COUNTIF(Dépenses!$M$3:$M$26,">0")+COUNTIF(Dépenses!$M$3:$M$26,"<0")=3),Dépenses!$Q$26,IF(AND(ISNUMBER(Dépenses!$M$27),Dépenses!$M$27<>0,COUNTIF(Dépenses!$M$3:$M$27,">0")+COUNTIF(Dépenses!$M$3:$M$27,"<0")=3),Dépenses!$Q$27,IF(AND(ISNUMBER(Dépenses!$M$28),Dépenses!$M$28<>0,COUNTIF(Dépenses!$M$3:$M$28,">0")+COUNTIF(Dépenses!$M$3:$M$28,"<0")=3),Dépenses!$Q$28,IF(AND(ISNUMBER(Dépenses!$M$29),Dépenses!$M$29<>0,COUNTIF(Dépenses!$M$3:$M$29,">0")+COUNTIF(Dépenses!$M$3:$M$29,"<0")=3),Dépenses!$Q$29,IF(AND(ISNUMBER(Dépenses!$M$30),Dépenses!$M$30<>0,COUNTIF(Dépenses!$M$3:$M$30,">0")+COUNTIF(Dépenses!$M$3:$M$30,"<0")=3),Dépenses!$Q$30,IF(AND(ISNUMBER(Dépenses!$M$31),Dépenses!$M$31<>0,COUNTIF(Dépenses!$M$3:$M$31,">0")+COUNTIF(Dépenses!$M$3:$M$31,"<0")=3),Dépenses!$Q$31,IF(AND(ISNUMBER(Dépenses!$M$32),Dépenses!$M$32<>0,COUNTIF(Dépenses!$M$3:$M$32,">0")+COUNTIF(Dépenses!$M$3:$M$32,"<0")=3),Dépenses!$Q$32,IF(AND(ISNUMBER(Dépenses!$M$33),Dépenses!$M$33<>0,COUNTIF(Dépenses!$M$3:$M$33,">0")+COUNTIF(Dépenses!$M$3:$M$33,"<0")=3),Dépenses!$Q$33,IF(AND(ISNUMBER(Dépenses!$M$34),Dépenses!$M$34<>0,COUNTIF(Dépenses!$M$3:$M$34,">0")+COUNTIF(Dépenses!$M$3:$M$34,"<0")=3),Dépenses!$Q$34,IF(AND(ISNUMBER(Dépenses!$M$35),Dépenses!$M$35<>0,COUNTIF(Dépenses!$M$3:$M$35,">0")+COUNTIF(Dépenses!$M$3:$M$35,"<0")=3),Dépenses!$Q$35,IF(AND(ISNUMBER(Dépenses!$M$36),Dépenses!$M$36<>0,COUNTIF(Dépenses!$M$3:$M$36,">0")+COUNTIF(Dépenses!$M$3:$M$36,"<0")=3),Dépenses!$Q$36,IF(AND(ISNUMBER(Dépenses!$M$37),Dépenses!$M$37<>0,COUNTIF(Dépenses!$M$3:$M$37,">0")+COUNTIF(Dépenses!$M$3:$M$37,"<0")=3),Dépenses!$Q$37,IF(AND(ISNUMBER(Dépenses!$M$38),Dépenses!$M$38<>0,COUNTIF(Dépenses!$M$3:$M$38,">0")+COUNTIF(Dépenses!$M$3:$M$38,"<0")=3),Dépenses!$Q$38,IF(AND(ISNUMBER(Dépenses!$M$39),Dépenses!$M$39<>0,COUNTIF(Dépenses!$M$3:$M$39,">0")+COUNTIF(Dépenses!$M$3:$M$39,"<0")=3),Dépenses!$Q$39,IF(AND(ISNUMBER(Dépenses!$M$40),Dépenses!$M$40<>0,COUNTIF(Dépenses!$M$3:$M$40,">0")+COUNTIF(Dépenses!$M$3:$M$40,"<0")=3),Dépenses!$Q$40,IF(AND(ISNUMBER(Dépenses!$M$41),Dépenses!$M$41<>0,COUNTIF(Dépenses!$M$3:$M$41,">0")+COUNTIF(Dépenses!$M$3:$M$41,"<0")=3),Dépenses!$Q$41,IF(AND(ISNUMBER(Dépenses!$M$42),Dépenses!$M$42<>0,COUNTIF(Dépenses!$M$3:$M$42,">0")+COUNTIF(Dépenses!$M$3:$M$42,"<0")=3),Dépenses!$Q$42,IF(AND(ISNUMBER(Dépenses!$M$43),Dépenses!$M$43<>0,COUNTIF(Dépenses!$M$3:$M$43,">0")+COUNTIF(Dépenses!$M$3:$M$43,"<0")=3),Dépenses!$Q$43,""))))))))))))))))))))))))))))))))))))))))),IF(3=COUNTIF(Dépenses!$M$3:$M$43,">0")+COUNTIF(Dépenses!$M$3:$M$43,"<0")+1,SUM(Dépenses!$Q$3:$Q$43),IF(3=COUNTIF(Dépenses!$M$3:$M$43,">0")+COUNTIF(Dépenses!$M$3:$M$43,"<0")+2,Revenus!$J$2-SUM(Dépenses!$Q$3:$Q$43),""))) | Y11: Défaut fréquence | Z11: =IF(AND(E5="",E8=""),"Ø",IF(OR(E5="Oui",E8="Oui"),"annuel",IF(AND(E5="Non",E8="Non"),"Pas inscrit",""))) -> Pas inscrit
A12: Paramètres par défaut | D12: Méthode TPS/TVQ | E12: Pas inscrit | G12: =IF(4<=COUNTIF(Dépenses!$M$3:$M$43,">0")+COUNTIF(Dépenses!$M$3:$M$43,"<0"),IF(AND(ISNUMBER(Dépenses!$M$3),Dépenses!$M$3<>0,COUNTIF(Dépenses!$M$3:$M$3,">0")+COUNTIF(Dépenses!$M$3:$M$3,"<0")=4),Dépenses!$L$3,IF(AND(ISNUMBER(Dépenses!$M$4),Dépenses!$M$4<>0,COUNTIF(Dépenses!$M$3:$M$4,">0")+COUNTIF(Dépenses!$M$3:$M$4,"<0")=4),Dépenses!$L$4,IF(AND(ISNUMBER(Dépenses!$M$5),Dépenses!$M$5<>0,COUNTIF(Dépenses!$M$3:$M$5,">0")+COUNTIF(Dépenses!$M$3:$M$5,"<0")=4),Dépenses!$L$5,IF(AND(ISNUMBER(Dépenses!$M$6),Dépenses!$M$6<>0,COUNTIF(Dépenses!$M$3:$M$6,">0")+COUNTIF(Dépenses!$M$3:$M$6,"<0")=4),Dépenses!$L$6,IF(AND(ISNUMBER(Dépenses!$M$7),Dépenses!$M$7<>0,COUNTIF(Dépenses!$M$3:$M$7,">0")+COUNTIF(Dépenses!$M$3:$M$7,"<0")=4),Dépenses!$L$7,IF(AND(ISNUMBER(Dépenses!$M$8),Dépenses!$M$8<>0,COUNTIF(Dépenses!$M$3:$M$8,">0")+COUNTIF(Dépenses!$M$3:$M$8,"<0")=4),Dépenses!$L$8,IF(AND(ISNUMBER(Dépenses!$M$9),Dépenses!$M$9<>0,COUNTIF(Dépenses!$M$3:$M$9,">0")+COUNTIF(Dépenses!$M$3:$M$9,"<0")=4),Dépenses!$L$9,IF(AND(ISNUMBER(Dépenses!$M$10),Dépenses!$M$10<>0,COUNTIF(Dépenses!$M$3:$M$10,">0")+COUNTIF(Dépenses!$M$3:$M$10,"<0")=4),Dépenses!$L$10,IF(AND(ISNUMBER(Dépenses!$M$11),Dépenses!$M$11<>0,COUNTIF(Dépenses!$M$3:$M$11,">0")+COUNTIF(Dépenses!$M$3:$M$11,"<0")=4),Dépenses!$L$11,IF(AND(ISNUMBER(Dépenses!$M$12),Dépenses!$M$12<>0,COUNTIF(Dépenses!$M$3:$M$12,">0")+COUNTIF(Dépenses!$M$3:$M$12,"<0")=4),Dépenses!$L$12,IF(AND(ISNUMBER(Dépenses!$M$13),Dépenses!$M$13<>0,COUNTIF(Dépenses!$M$3:$M$13,">0")+COUNTIF(Dépenses!$M$3:$M$13,"<0")=4),Dépenses!$L$13,IF(AND(ISNUMBER(Dépenses!$M$14),Dépenses!$M$14<>0,COUNTIF(Dépenses!$M$3:$M$14,">0")+COUNTIF(Dépenses!$M$3:$M$14,"<0")=4),Dépenses!$L$14,IF(AND(ISNUMBER(Dépenses!$M$15),Dépenses!$M$15<>0,COUNTIF(Dépenses!$M$3:$M$15,">0")+COUNTIF(Dépenses!$M$3:$M$15,"<0")=4),Dépenses!$L$15,IF(AND(ISNUMBER(Dépenses!$M$16),Dépenses!$M$16<>0,COUNTIF(Dépenses!$M$3:$M$16,">0")+COUNTIF(Dépenses!$M$3:$M$16,"<0")=4),Dépenses!$L$16,IF(AND(ISNUMBER(Dépenses!$M$17),Dépenses!$M$17<>0,COUNTIF(Dépenses!$M$3:$M$17,">0")+COUNTIF(Dépenses!$M$3:$M$17,"<0")=4),Dépenses!$L$17,IF(AND(ISNUMBER(Dépenses!$M$18),Dépenses!$M$18<>0,COUNTIF(Dépenses!$M$3:$M$18,">0")+COUNTIF(Dépenses!$M$3:$M$18,"<0")=4),Dépenses!$L$18,IF(AND(ISNUMBER(Dépenses!$M$19),Dépenses!$M$19<>0,COUNTIF(Dépenses!$M$3:$M$19,">0")+COUNTIF(Dépenses!$M$3:$M$19,"<0")=4),Dépenses!$L$19,IF(AND(ISNUMBER(Dépenses!$M$20),Dépenses!$M$20<>0,COUNTIF(Dépenses!$M$3:$M$20,">0")+COUNTIF(Dépenses!$M$3:$M$20,"<0")=4),Dépenses!$L$20,IF(AND(ISNUMBER(Dépenses!$M$21),Dépenses!$M$21<>0,COUNTIF(Dépenses!$M$3:$M$21,">0")+COUNTIF(Dépenses!$M$3:$M$21,"<0")=4),Dépenses!$L$21,IF(AND(ISNUMBER(Dépenses!$M$22),Dépenses!$M$22<>0,COUNTIF(Dépenses!$M$3:$M$22,">0")+COUNTIF(Dépenses!$M$3:$M$22,"<0")=4),Dépenses!$L$22,IF(AND(ISNUMBER(Dépenses!$M$23),Dépenses!$M$23<>0,COUNTIF(Dépenses!$M$3:$M$23,">0")+COUNTIF(Dépenses!$M$3:$M$23,"<0")=4),Dépenses!$L$23,IF(AND(ISNUMBER(Dépenses!$M$24),Dépenses!$M$24<>0,COUNTIF(Dépenses!$M$3:$M$24,">0")+COUNTIF(Dépenses!$M$3:$M$24,"<0")=4),Dépenses!$L$24,IF(AND(ISNUMBER(Dépenses!$M$25),Dépenses!$M$25<>0,COUNTIF(Dépenses!$M$3:$M$25,">0")+COUNTIF(Dépenses!$M$3:$M$25,"<0")=4),Dépenses!$L$25,IF(AND(ISNUMBER(Dépenses!$M$26),Dépenses!$M$26<>0,COUNTIF(Dépenses!$M$3:$M$26,">0")+COUNTIF(Dépenses!$M$3:$M$26,"<0")=4),Dépenses!$L$26,IF(AND(ISNUMBER(Dépenses!$M$27),Dépenses!$M$27<>0,COUNTIF(Dépenses!$M$3:$M$27,">0")+COUNTIF(Dépenses!$M$3:$M$27,"<0")=4),Dépenses!$L$27,IF(AND(ISNUMBER(Dépenses!$M$28),Dépenses!$M$28<>0,COUNTIF(Dépenses!$M$3:$M$28,">0")+COUNTIF(Dépenses!$M$3:$M$28,"<0")=4),Dépenses!$L$28,IF(AND(ISNUMBER(Dépenses!$M$29),Dépenses!$M$29<>0,COUNTIF(Dépenses!$M$3:$M$29,">0")+COUNTIF(Dépenses!$M$3:$M$29,"<0")=4),Dépenses!$L$29,IF(AND(ISNUMBER(Dépenses!$M$30),Dépenses!$M$30<>0,COUNTIF(Dépenses!$M$3:$M$30,">0")+COUNTIF(Dépenses!$M$3:$M$30,"<0")=4),Dépenses!$L$30,IF(AND(ISNUMBER(Dépenses!$M$31),Dépenses!$M$31<>0,COUNTIF(Dépenses!$M$3:$M$31,">0")+COUNTIF(Dépenses!$M$3:$M$31,"<0")=4),Dépenses!$L$31,IF(AND(ISNUMBER(Dépenses!$M$32),Dépenses!$M$32<>0,COUNTIF(Dépenses!$M$3:$M$32,">0")+COUNTIF(Dépenses!$M$3:$M$32,"<0")=4),Dépenses!$L$32,IF(AND(ISNUMBER(Dépenses!$M$33),Dépenses!$M$33<>0,COUNTIF(Dépenses!$M$3:$M$33,">0")+COUNTIF(Dépenses!$M$3:$M$33,"<0")=4),Dépenses!$L$33,IF(AND(ISNUMBER(Dépenses!$M$34),Dépenses!$M$34<>0,COUNTIF(Dépenses!$M$3:$M$34,">0")+COUNTIF(Dépenses!$M$3:$M$34,"<0")=4),Dépenses!$L$34,IF(AND(ISNUMBER(Dépenses!$M$35),Dépenses!$M$35<>0,COUNTIF(Dépenses!$M$3:$M$35,">0")+COUNTIF(Dépenses!$M$3:$M$35,"<0")=4),Dépenses!$L$35,IF(AND(ISNUMBER(Dépenses!$M$36),Dépenses!$M$36<>0,COUNTIF(Dépenses!$M$3:$M$36,">0")+COUNTIF(Dépenses!$M$3:$M$36,"<0")=4),Dépenses!$L$36,IF(AND(ISNUMBER(Dépenses!$M$37),Dépenses!$M$37<>0,COUNTIF(Dépenses!$M$3:$M$37,">0")+COUNTIF(Dépenses!$M$3:$M$37,"<0")=4),Dépenses!$L$37,IF(AND(ISNUMBER(Dépenses!$M$38),Dépenses!$M$38<>0,COUNTIF(Dépenses!$M$3:$M$38,">0")+COUNTIF(Dépenses!$M$3:$M$38,"<0")=4),Dépenses!$L$38,IF(AND(ISNUMBER(Dépenses!$M$39),Dépenses!$M$39<>0,COUNTIF(Dépenses!$M$3:$M$39,">0")+COUNTIF(Dépenses!$M$3:$M$39,"<0")=4),Dépenses!$L$39,IF(AND(ISNUMBER(Dépenses!$M$40),Dépenses!$M$40<>0,COUNTIF(Dépenses!$M$3:$M$40,">0")+COUNTIF(Dépenses!$M$3:$M$40,"<0")=4),Dépenses!$L$40,IF(AND(ISNUMBER(Dépenses!$M$41),Dépenses!$M$41<>0,COUNTIF(Dépenses!$M$3:$M$41,">0")+COUNTIF(Dépenses!$M$3:$M$41,"<0")=4),Dépenses!$L$41,IF(AND(ISNUMBER(Dépenses!$M$42),Dépenses!$M$42<>0,COUNTIF(Dépenses!$M$3:$M$42,">0")+COUNTIF(Dépenses!$M$3:$M$42,"<0")=4),Dépenses!$L$42,IF(AND(ISNUMBER(Dépenses!$M$43),Dépenses!$M$43<>0,COUNTIF(Dépenses!$M$3:$M$43,">0")+COUNTIF(Dépenses!$M$3:$M$43,"<0")=4),Dépenses!$L$43,""))))))))))))))))))))))))))))))))))))))))),IF(4=COUNTIF(Dépenses!$M$3:$M$43,">0")+COUNTIF(Dépenses!$M$3:$M$43,"<0")+1,"TOTAL DÉPENSES",IF(4=COUNTIF(Dépenses!$M$3:$M$43,">0")+COUNTIF(Dépenses!$M$3:$M$43,"<0")+2,"BÉNÉFICE (PERTE) NET",""))) | H12: =IF(4<=COUNTIF(Dépenses!$M$3:$M$43,">0")+COUNTIF(Dépenses!$M$3:$M$43,"<0"),IF(AND(ISNUMBER(Dépenses!$M$3),Dépenses!$M$3<>0,COUNTIF(Dépenses!$M$3:$M$3,">0")+COUNTIF(Dépenses!$M$3:$M$3,"<0")=4),Dépenses!$M$3,IF(AND(ISNUMBER(Dépenses!$M$4),Dépenses!$M$4<>0,COUNTIF(Dépenses!$M$3:$M$4,">0")+COUNTIF(Dépenses!$M$3:$M$4,"<0")=4),Dépenses!$M$4,IF(AND(ISNUMBER(Dépenses!$M$5),Dépenses!$M$5<>0,COUNTIF(Dépenses!$M$3:$M$5,">0")+COUNTIF(Dépenses!$M$3:$M$5,"<0")=4),Dépenses!$M$5,IF(AND(ISNUMBER(Dépenses!$M$6),Dépenses!$M$6<>0,COUNTIF(Dépenses!$M$3:$M$6,">0")+COUNTIF(Dépenses!$M$3:$M$6,"<0")=4),Dépenses!$M$6,IF(AND(ISNUMBER(Dépenses!$M$7),Dépenses!$M$7<>0,COUNTIF(Dépenses!$M$3:$M$7,">0")+COUNTIF(Dépenses!$M$3:$M$7,"<0")=4),Dépenses!$M$7,IF(AND(ISNUMBER(Dépenses!$M$8),Dépenses!$M$8<>0,COUNTIF(Dépenses!$M$3:$M$8,">0")+COUNTIF(Dépenses!$M$3:$M$8,"<0")=4),Dépenses!$M$8,IF(AND(ISNUMBER(Dépenses!$M$9),Dépenses!$M$9<>0,COUNTIF(Dépenses!$M$3:$M$9,">0")+COUNTIF(Dépenses!$M$3:$M$9,"<0")=4),Dépenses!$M$9,IF(AND(ISNUMBER(Dépenses!$M$10),Dépenses!$M$10<>0,COUNTIF(Dépenses!$M$3:$M$10,">0")+COUNTIF(Dépenses!$M$3:$M$10,"<0")=4),Dépenses!$M$10,IF(AND(ISNUMBER(Dépenses!$M$11),Dépenses!$M$11<>0,COUNTIF(Dépenses!$M$3:$M$11,">0")+COUNTIF(Dépenses!$M$3:$M$11,"<0")=4),Dépenses!$M$11,IF(AND(ISNUMBER(Dépenses!$M$12),Dépenses!$M$12<>0,COUNTIF(Dépenses!$M$3:$M$12,">0")+COUNTIF(Dépenses!$M$3:$M$12,"<0")=4),Dépenses!$M$12,IF(AND(ISNUMBER(Dépenses!$M$13),Dépenses!$M$13<>0,COUNTIF(Dépenses!$M$3:$M$13,">0")+COUNTIF(Dépenses!$M$3:$M$13,"<0")=4),Dépenses!$M$13,IF(AND(ISNUMBER(Dépenses!$M$14),Dépenses!$M$14<>0,COUNTIF(Dépenses!$M$3:$M$14,">0")+COUNTIF(Dépenses!$M$3:$M$14,"<0")=4),Dépenses!$M$14,IF(AND(ISNUMBER(Dépenses!$M$15),Dépenses!$M$15<>0,COUNTIF(Dépenses!$M$3:$M$15,">0")+COUNTIF(Dépenses!$M$3:$M$15,"<0")=4),Dépenses!$M$15,IF(AND(ISNUMBER(Dépenses!$M$16),Dépenses!$M$16<>0,COUNTIF(Dépenses!$M$3:$M$16,">0")+COUNTIF(Dépenses!$M$3:$M$16,"<0")=4),Dépenses!$M$16,IF(AND(ISNUMBER(Dépenses!$M$17),Dépenses!$M$17<>0,COUNTIF(Dépenses!$M$3:$M$17,">0")+COUNTIF(Dépenses!$M$3:$M$17,"<0")=4),Dépenses!$M$17,IF(AND(ISNUMBER(Dépenses!$M$18),Dépenses!$M$18<>0,COUNTIF(Dépenses!$M$3:$M$18,">0")+COUNTIF(Dépenses!$M$3:$M$18,"<0")=4),Dépenses!$M$18,IF(AND(ISNUMBER(Dépenses!$M$19),Dépenses!$M$19<>0,COUNTIF(Dépenses!$M$3:$M$19,">0")+COUNTIF(Dépenses!$M$3:$M$19,"<0")=4),Dépenses!$M$19,IF(AND(ISNUMBER(Dépenses!$M$20),Dépenses!$M$20<>0,COUNTIF(Dépenses!$M$3:$M$20,">0")+COUNTIF(Dépenses!$M$3:$M$20,"<0")=4),Dépenses!$M$20,IF(AND(ISNUMBER(Dépenses!$M$21),Dépenses!$M$21<>0,COUNTIF(Dépenses!$M$3:$M$21,">0")+COUNTIF(Dépenses!$M$3:$M$21,"<0")=4),Dépenses!$M$21,IF(AND(ISNUMBER(Dépenses!$M$22),Dépenses!$M$22<>0,COUNTIF(Dépenses!$M$3:$M$22,">0")+COUNTIF(Dépenses!$M$3:$M$22,"<0")=4),Dépenses!$M$22,IF(AND(ISNUMBER(Dépenses!$M$23),Dépenses!$M$23<>0,COUNTIF(Dépenses!$M$3:$M$23,">0")+COUNTIF(Dépenses!$M$3:$M$23,"<0")=4),Dépenses!$M$23,IF(AND(ISNUMBER(Dépenses!$M$24),Dépenses!$M$24<>0,COUNTIF(Dépenses!$M$3:$M$24,">0")+COUNTIF(Dépenses!$M$3:$M$24,"<0")=4),Dépenses!$M$24,IF(AND(ISNUMBER(Dépenses!$M$25),Dépenses!$M$25<>0,COUNTIF(Dépenses!$M$3:$M$25,">0")+COUNTIF(Dépenses!$M$3:$M$25,"<0")=4),Dépenses!$M$25,IF(AND(ISNUMBER(Dépenses!$M$26),Dépenses!$M$26<>0,COUNTIF(Dépenses!$M$3:$M$26,">0")+COUNTIF(Dépenses!$M$3:$M$26,"<0")=4),Dépenses!$M$26,IF(AND(ISNUMBER(Dépenses!$M$27),Dépenses!$M$27<>0,COUNTIF(Dépenses!$M$3:$M$27,">0")+COUNTIF(Dépenses!$M$3:$M$27,"<0")=4),Dépenses!$M$27,IF(AND(ISNUMBER(Dépenses!$M$28),Dépenses!$M$28<>0,COUNTIF(Dépenses!$M$3:$M$28,">0")+COUNTIF(Dépenses!$M$3:$M$28,"<0")=4),Dépenses!$M$28,IF(AND(ISNUMBER(Dépenses!$M$29),Dépenses!$M$29<>0,COUNTIF(Dépenses!$M$3:$M$29,">0")+COUNTIF(Dépenses!$M$3:$M$29,"<0")=4),Dépenses!$M$29,IF(AND(ISNUMBER(Dépenses!$M$30),Dépenses!$M$30<>0,COUNTIF(Dépenses!$M$3:$M$30,">0")+COUNTIF(Dépenses!$M$3:$M$30,"<0")=4),Dépenses!$M$30,IF(AND(ISNUMBER(Dépenses!$M$31),Dépenses!$M$31<>0,COUNTIF(Dépenses!$M$3:$M$31,">0")+COUNTIF(Dépenses!$M$3:$M$31,"<0")=4),Dépenses!$M$31,IF(AND(ISNUMBER(Dépenses!$M$32),Dépenses!$M$32<>0,COUNTIF(Dépenses!$M$3:$M$32,">0")+COUNTIF(Dépenses!$M$3:$M$32,"<0")=4),Dépenses!$M$32,IF(AND(ISNUMBER(Dépenses!$M$33),Dépenses!$M$33<>0,COUNTIF(Dépenses!$M$3:$M$33,">0")+COUNTIF(Dépenses!$M$3:$M$33,"<0")=4),Dépenses!$M$33,IF(AND(ISNUMBER(Dépenses!$M$34),Dépenses!$M$34<>0,COUNTIF(Dépenses!$M$3:$M$34,">0")+COUNTIF(Dépenses!$M$3:$M$34,"<0")=4),Dépenses!$M$34,IF(AND(ISNUMBER(Dépenses!$M$35),Dépenses!$M$35<>0,COUNTIF(Dépenses!$M$3:$M$35,">0")+COUNTIF(Dépenses!$M$3:$M$35,"<0")=4),Dépenses!$M$35,IF(AND(ISNUMBER(Dépenses!$M$36),Dépenses!$M$36<>0,COUNTIF(Dépenses!$M$3:$M$36,">0")+COUNTIF(Dépenses!$M$3:$M$36,"<0")=4),Dépenses!$M$36,IF(AND(ISNUMBER(Dépenses!$M$37),Dépenses!$M$37<>0,COUNTIF(Dépenses!$M$3:$M$37,">0")+COUNTIF(Dépenses!$M$3:$M$37,"<0")=4),Dépenses!$M$37,IF(AND(ISNUMBER(Dépenses!$M$38),Dépenses!$M$38<>0,COUNTIF(Dépenses!$M$3:$M$38,">0")+COUNTIF(Dépenses!$M$3:$M$38,"<0")=4),Dépenses!$M$38,IF(AND(ISNUMBER(Dépenses!$M$39),Dépenses!$M$39<>0,COUNTIF(Dépenses!$M$3:$M$39,">0")+COUNTIF(Dépenses!$M$3:$M$39,"<0")=4),Dépenses!$M$39,IF(AND(ISNUMBER(Dépenses!$M$40),Dépenses!$M$40<>0,COUNTIF(Dépenses!$M$3:$M$40,">0")+COUNTIF(Dépenses!$M$3:$M$40,"<0")=4),Dépenses!$M$40,IF(AND(ISNUMBER(Dépenses!$M$41),Dépenses!$M$41<>0,COUNTIF(Dépenses!$M$3:$M$41,">0")+COUNTIF(Dépenses!$M$3:$M$41,"<0")=4),Dépenses!$M$41,IF(AND(ISNUMBER(Dépenses!$M$42),Dépenses!$M$42<>0,COUNTIF(Dépenses!$M$3:$M$42,">0")+COUNTIF(Dépenses!$M$3:$M$42,"<0")=4),Dépenses!$M$42,IF(AND(ISNUMBER(Dépenses!$M$43),Dépenses!$M$43<>0,COUNTIF(Dépenses!$M$3:$M$43,">0")+COUNTIF(Dépenses!$M$3:$M$43,"<0")=4),Dépenses!$M$43,""))))))))))))))))))))))))))))))))))))))))),IF(4=COUNTIF(Dépenses!$M$3:$M$43,">0")+COUNTIF(Dépenses!$M$3:$M$43,"<0")+1,SUM(Dépenses!$M$3:$M$43),IF(4=COUNTIF(Dépenses!$M$3:$M$43,">0")+COUNTIF(Dépenses!$M$3:$M$43,"<0")+2,Revenus!$J$2-SUM(Dépenses!$M$3:$M$43),""))) | I12: =IF(4<=COUNTIF(Dépenses!$M$3:$M$43,">0")+COUNTIF(Dépenses!$M$3:$M$43,"<0"),IF(AND(ISNUMBER(Dépenses!$M$3),Dépenses!$M$3<>0,COUNTIF(Dépenses!$M$3:$M$3,">0")+COUNTIF(Dépenses!$M$3:$M$3,"<0")=4),Dépenses!$P$3,IF(AND(ISNUMBER(Dépenses!$M$4),Dépenses!$M$4<>0,COUNTIF(Dépenses!$M$3:$M$4,">0")+COUNTIF(Dépenses!$M$3:$M$4,"<0")=4),Dépenses!$P$4,IF(AND(ISNUMBER(Dépenses!$M$5),Dépenses!$M$5<>0,COUNTIF(Dépenses!$M$3:$M$5,">0")+COUNTIF(Dépenses!$M$3:$M$5,"<0")=4),Dépenses!$P$5,IF(AND(ISNUMBER(Dépenses!$M$6),Dépenses!$M$6<>0,COUNTIF(Dépenses!$M$3:$M$6,">0")+COUNTIF(Dépenses!$M$3:$M$6,"<0")=4),Dépenses!$P$6,IF(AND(ISNUMBER(Dépenses!$M$7),Dépenses!$M$7<>0,COUNTIF(Dépenses!$M$3:$M$7,">0")+COUNTIF(Dépenses!$M$3:$M$7,"<0")=4),Dépenses!$P$7,IF(AND(ISNUMBER(Dépenses!$M$8),Dépenses!$M$8<>0,COUNTIF(Dépenses!$M$3:$M$8,">0")+COUNTIF(Dépenses!$M$3:$M$8,"<0")=4),Dépenses!$P$8,IF(AND(ISNUMBER(Dépenses!$M$9),Dépenses!$M$9<>0,COUNTIF(Dépenses!$M$3:$M$9,">0")+COUNTIF(Dépenses!$M$3:$M$9,"<0")=4),Dépenses!$P$9,IF(AND(ISNUMBER(Dépenses!$M$10),Dépenses!$M$10<>0,COUNTIF(Dépenses!$M$3:$M$10,">0")+COUNTIF(Dépenses!$M$3:$M$10,"<0")=4),Dépenses!$P$10,IF(AND(ISNUMBER(Dépenses!$M$11),Dépenses!$M$11<>0,COUNTIF(Dépenses!$M$3:$M$11,">0")+COUNTIF(Dépenses!$M$3:$M$11,"<0")=4),Dépenses!$P$11,IF(AND(ISNUMBER(Dépenses!$M$12),Dépenses!$M$12<>0,COUNTIF(Dépenses!$M$3:$M$12,">0")+COUNTIF(Dépenses!$M$3:$M$12,"<0")=4),Dépenses!$P$12,IF(AND(ISNUMBER(Dépenses!$M$13),Dépenses!$M$13<>0,COUNTIF(Dépenses!$M$3:$M$13,">0")+COUNTIF(Dépenses!$M$3:$M$13,"<0")=4),Dépenses!$P$13,IF(AND(ISNUMBER(Dépenses!$M$14),Dépenses!$M$14<>0,COUNTIF(Dépenses!$M$3:$M$14,">0")+COUNTIF(Dépenses!$M$3:$M$14,"<0")=4),Dépenses!$P$14,IF(AND(ISNUMBER(Dépenses!$M$15),Dépenses!$M$15<>0,COUNTIF(Dépenses!$M$3:$M$15,">0")+COUNTIF(Dépenses!$M$3:$M$15,"<0")=4),Dépenses!$P$15,IF(AND(ISNUMBER(Dépenses!$M$16),Dépenses!$M$16<>0,COUNTIF(Dépenses!$M$3:$M$16,">0")+COUNTIF(Dépenses!$M$3:$M$16,"<0")=4),Dépenses!$P$16,IF(AND(ISNUMBER(Dépenses!$M$17),Dépenses!$M$17<>0,COUNTIF(Dépenses!$M$3:$M$17,">0")+COUNTIF(Dépenses!$M$3:$M$17,"<0")=4),Dépenses!$P$17,IF(AND(ISNUMBER(Dépenses!$M$18),Dépenses!$M$18<>0,COUNTIF(Dépenses!$M$3:$M$18,">0")+COUNTIF(Dépenses!$M$3:$M$18,"<0")=4),Dépenses!$P$18,IF(AND(ISNUMBER(Dépenses!$M$19),Dépenses!$M$19<>0,COUNTIF(Dépenses!$M$3:$M$19,">0")+COUNTIF(Dépenses!$M$3:$M$19,"<0")=4),Dépenses!$P$19,IF(AND(ISNUMBER(Dépenses!$M$20),Dépenses!$M$20<>0,COUNTIF(Dépenses!$M$3:$M$20,">0")+COUNTIF(Dépenses!$M$3:$M$20,"<0")=4),Dépenses!$P$20,IF(AND(ISNUMBER(Dépenses!$M$21),Dépenses!$M$21<>0,COUNTIF(Dépenses!$M$3:$M$21,">0")+COUNTIF(Dépenses!$M$3:$M$21,"<0")=4),Dépenses!$P$21,IF(AND(ISNUMBER(Dépenses!$M$22),Dépenses!$M$22<>0,COUNTIF(Dépenses!$M$3:$M$22,">0")+COUNTIF(Dépenses!$M$3:$M$22,"<0")=4),Dépenses!$P$22,IF(AND(ISNUMBER(Dépenses!$M$23),Dépenses!$M$23<>0,COUNTIF(Dépenses!$M$3:$M$23,">0")+COUNTIF(Dépenses!$M$3:$M$23,"<0")=4),Dépenses!$P$23,IF(AND(ISNUMBER(Dépenses!$M$24),Dépenses!$M$24<>0,COUNTIF(Dépenses!$M$3:$M$24,">0")+COUNTIF(Dépenses!$M$3:$M$24,"<0")=4),Dépenses!$P$24,IF(AND(ISNUMBER(Dépenses!$M$25),Dépenses!$M$25<>0,COUNTIF(Dépenses!$M$3:$M$25,">0")+COUNTIF(Dépenses!$M$3:$M$25,"<0")=4),Dépenses!$P$25,IF(AND(ISNUMBER(Dépenses!$M$26),Dépenses!$M$26<>0,COUNTIF(Dépenses!$M$3:$M$26,">0")+COUNTIF(Dépenses!$M$3:$M$26,"<0")=4),Dépenses!$P$26,IF(AND(ISNUMBER(Dépenses!$M$27),Dépenses!$M$27<>0,COUNTIF(Dépenses!$M$3:$M$27,">0")+COUNTIF(Dépenses!$M$3:$M$27,"<0")=4),Dépenses!$P$27,IF(AND(ISNUMBER(Dépenses!$M$28),Dépenses!$M$28<>0,COUNTIF(Dépenses!$M$3:$M$28,">0")+COUNTIF(Dépenses!$M$3:$M$28,"<0")=4),Dépenses!$P$28,IF(AND(ISNUMBER(Dépenses!$M$29),Dépenses!$M$29<>0,COUNTIF(Dépenses!$M$3:$M$29,">0")+COUNTIF(Dépenses!$M$3:$M$29,"<0")=4),Dépenses!$P$29,IF(AND(ISNUMBER(Dépenses!$M$30),Dépenses!$M$30<>0,COUNTIF(Dépenses!$M$3:$M$30,">0")+COUNTIF(Dépenses!$M$3:$M$30,"<0")=4),Dépenses!$P$30,IF(AND(ISNUMBER(Dépenses!$M$31),Dépenses!$M$31<>0,COUNTIF(Dépenses!$M$3:$M$31,">0")+COUNTIF(Dépenses!$M$3:$M$31,"<0")=4),Dépenses!$P$31,IF(AND(ISNUMBER(Dépenses!$M$32),Dépenses!$M$32<>0,COUNTIF(Dépenses!$M$3:$M$32,">0")+COUNTIF(Dépenses!$M$3:$M$32,"<0")=4),Dépenses!$P$32,IF(AND(ISNUMBER(Dépenses!$M$33),Dépenses!$M$33<>0,COUNTIF(Dépenses!$M$3:$M$33,">0")+COUNTIF(Dépenses!$M$3:$M$33,"<0")=4),Dépenses!$P$33,IF(AND(ISNUMBER(Dépenses!$M$34),Dépenses!$M$34<>0,COUNTIF(Dépenses!$M$3:$M$34,">0")+COUNTIF(Dépenses!$M$3:$M$34,"<0")=4),Dépenses!$P$34,IF(AND(ISNUMBER(Dépenses!$M$35),Dépenses!$M$35<>0,COUNTIF(Dépenses!$M$3:$M$35,">0")+COUNTIF(Dépenses!$M$3:$M$35,"<0")=4),Dépenses!$P$35,IF(AND(ISNUMBER(Dépenses!$M$36),Dépenses!$M$36<>0,COUNTIF(Dépenses!$M$3:$M$36,">0")+COUNTIF(Dépenses!$M$3:$M$36,"<0")=4),Dépenses!$P$36,IF(AND(ISNUMBER(Dépenses!$M$37),Dépenses!$M$37<>0,COUNTIF(Dépenses!$M$3:$M$37,">0")+COUNTIF(Dépenses!$M$3:$M$37,"<0")=4),Dépenses!$P$37,IF(AND(ISNUMBER(Dépenses!$M$38),Dépenses!$M$38<>0,COUNTIF(Dépenses!$M$3:$M$38,">0")+COUNTIF(Dépenses!$M$3:$M$38,"<0")=4),Dépenses!$P$38,IF(AND(ISNUMBER(Dépenses!$M$39),Dépenses!$M$39<>0,COUNTIF(Dépenses!$M$3:$M$39,">0")+COUNTIF(Dépenses!$M$3:$M$39,"<0")=4),Dépenses!$P$39,IF(AND(ISNUMBER(Dépenses!$M$40),Dépenses!$M$40<>0,COUNTIF(Dépenses!$M$3:$M$40,">0")+COUNTIF(Dépenses!$M$3:$M$40,"<0")=4),Dépenses!$P$40,IF(AND(ISNUMBER(Dépenses!$M$41),Dépenses!$M$41<>0,COUNTIF(Dépenses!$M$3:$M$41,">0")+COUNTIF(Dépenses!$M$3:$M$41,"<0")=4),Dépenses!$P$41,IF(AND(ISNUMBER(Dépenses!$M$42),Dépenses!$M$42<>0,COUNTIF(Dépenses!$M$3:$M$42,">0")+COUNTIF(Dépenses!$M$3:$M$42,"<0")=4),Dépenses!$P$42,IF(AND(ISNUMBER(Dépenses!$M$43),Dépenses!$M$43<>0,COUNTIF(Dépenses!$M$3:$M$43,">0")+COUNTIF(Dépenses!$M$3:$M$43,"<0")=4),Dépenses!$P$43,""))))))))))))))))))))))))))))))))))))))))),"") | J12: =IF(4<=COUNTIF(Dépenses!$M$3:$M$43,">0")+COUNTIF(Dépenses!$M$3:$M$43,"<0"),IF(AND(ISNUMBER(Dépenses!$M$3),Dépenses!$M$3<>0,COUNTIF(Dépenses!$M$3:$M$3,">0")+COUNTIF(Dépenses!$M$3:$M$3,"<0")=4),Dépenses!$Q$3,IF(AND(ISNUMBER(Dépenses!$M$4),Dépenses!$M$4<>0,COUNTIF(Dépenses!$M$3:$M$4,">0")+COUNTIF(Dépenses!$M$3:$M$4,"<0")=4),Dépenses!$Q$4,IF(AND(ISNUMBER(Dépenses!$M$5),Dépenses!$M$5<>0,COUNTIF(Dépenses!$M$3:$M$5,">0")+COUNTIF(Dépenses!$M$3:$M$5,"<0")=4),Dépenses!$Q$5,IF(AND(ISNUMBER(Dépenses!$M$6),Dépenses!$M$6<>0,COUNTIF(Dépenses!$M$3:$M$6,">0")+COUNTIF(Dépenses!$M$3:$M$6,"<0")=4),Dépenses!$Q$6,IF(AND(ISNUMBER(Dépenses!$M$7),Dépenses!$M$7<>0,COUNTIF(Dépenses!$M$3:$M$7,">0")+COUNTIF(Dépenses!$M$3:$M$7,"<0")=4),Dépenses!$Q$7,IF(AND(ISNUMBER(Dépenses!$M$8),Dépenses!$M$8<>0,COUNTIF(Dépenses!$M$3:$M$8,">0")+COUNTIF(Dépenses!$M$3:$M$8,"<0")=4),Dépenses!$Q$8,IF(AND(ISNUMBER(Dépenses!$M$9),Dépenses!$M$9<>0,COUNTIF(Dépenses!$M$3:$M$9,">0")+COUNTIF(Dépenses!$M$3:$M$9,"<0")=4),Dépenses!$Q$9,IF(AND(ISNUMBER(Dépenses!$M$10),Dépenses!$M$10<>0,COUNTIF(Dépenses!$M$3:$M$10,">0")+COUNTIF(Dépenses!$M$3:$M$10,"<0")=4),Dépenses!$Q$10,IF(AND(ISNUMBER(Dépenses!$M$11),Dépenses!$M$11<>0,COUNTIF(Dépenses!$M$3:$M$11,">0")+COUNTIF(Dépenses!$M$3:$M$11,"<0")=4),Dépenses!$Q$11,IF(AND(ISNUMBER(Dépenses!$M$12),Dépenses!$M$12<>0,COUNTIF(Dépenses!$M$3:$M$12,">0")+COUNTIF(Dépenses!$M$3:$M$12,"<0")=4),Dépenses!$Q$12,IF(AND(ISNUMBER(Dépenses!$M$13),Dépenses!$M$13<>0,COUNTIF(Dépenses!$M$3:$M$13,">0")+COUNTIF(Dépenses!$M$3:$M$13,"<0")=4),Dépenses!$Q$13,IF(AND(ISNUMBER(Dépenses!$M$14),Dépenses!$M$14<>0,COUNTIF(Dépenses!$M$3:$M$14,">0")+COUNTIF(Dépenses!$M$3:$M$14,"<0")=4),Dépenses!$Q$14,IF(AND(ISNUMBER(Dépenses!$M$15),Dépenses!$M$15<>0,COUNTIF(Dépenses!$M$3:$M$15,">0")+COUNTIF(Dépenses!$M$3:$M$15,"<0")=4),Dépenses!$Q$15,IF(AND(ISNUMBER(Dépenses!$M$16),Dépenses!$M$16<>0,COUNTIF(Dépenses!$M$3:$M$16,">0")+COUNTIF(Dépenses!$M$3:$M$16,"<0")=4),Dépenses!$Q$16,IF(AND(ISNUMBER(Dépenses!$M$17),Dépenses!$M$17<>0,COUNTIF(Dépenses!$M$3:$M$17,">0")+COUNTIF(Dépenses!$M$3:$M$17,"<0")=4),Dépenses!$Q$17,IF(AND(ISNUMBER(Dépenses!$M$18),Dépenses!$M$18<>0,COUNTIF(Dépenses!$M$3:$M$18,">0")+COUNTIF(Dépenses!$M$3:$M$18,"<0")=4),Dépenses!$Q$18,IF(AND(ISNUMBER(Dépenses!$M$19),Dépenses!$M$19<>0,COUNTIF(Dépenses!$M$3:$M$19,">0")+COUNTIF(Dépenses!$M$3:$M$19,"<0")=4),Dépenses!$Q$19,IF(AND(ISNUMBER(Dépenses!$M$20),Dépenses!$M$20<>0,COUNTIF(Dépenses!$M$3:$M$20,">0")+COUNTIF(Dépenses!$M$3:$M$20,"<0")=4),Dépenses!$Q$20,IF(AND(ISNUMBER(Dépenses!$M$21),Dépenses!$M$21<>0,COUNTIF(Dépenses!$M$3:$M$21,">0")+COUNTIF(Dépenses!$M$3:$M$21,"<0")=4),Dépenses!$Q$21,IF(AND(ISNUMBER(Dépenses!$M$22),Dépenses!$M$22<>0,COUNTIF(Dépenses!$M$3:$M$22,">0")+COUNTIF(Dépenses!$M$3:$M$22,"<0")=4),Dépenses!$Q$22,IF(AND(ISNUMBER(Dépenses!$M$23),Dépenses!$M$23<>0,COUNTIF(Dépenses!$M$3:$M$23,">0")+COUNTIF(Dépenses!$M$3:$M$23,"<0")=4),Dépenses!$Q$23,IF(AND(ISNUMBER(Dépenses!$M$24),Dépenses!$M$24<>0,COUNTIF(Dépenses!$M$3:$M$24,">0")+COUNTIF(Dépenses!$M$3:$M$24,"<0")=4),Dépenses!$Q$24,IF(AND(ISNUMBER(Dépenses!$M$25),Dépenses!$M$25<>0,COUNTIF(Dépenses!$M$3:$M$25,">0")+COUNTIF(Dépenses!$M$3:$M$25,"<0")=4),Dépenses!$Q$25,IF(AND(ISNUMBER(Dépenses!$M$26),Dépenses!$M$26<>0,COUNTIF(Dépenses!$M$3:$M$26,">0")+COUNTIF(Dépenses!$M$3:$M$26,"<0")=4),Dépenses!$Q$26,IF(AND(ISNUMBER(Dépenses!$M$27),Dépenses!$M$27<>0,COUNTIF(Dépenses!$M$3:$M$27,">0")+COUNTIF(Dépenses!$M$3:$M$27,"<0")=4),Dépenses!$Q$27,IF(AND(ISNUMBER(Dépenses!$M$28),Dépenses!$M$28<>0,COUNTIF(Dépenses!$M$3:$M$28,">0")+COUNTIF(Dépenses!$M$3:$M$28,"<0")=4),Dépenses!$Q$28,IF(AND(ISNUMBER(Dépenses!$M$29),Dépenses!$M$29<>0,COUNTIF(Dépenses!$M$3:$M$29,">0")+COUNTIF(Dépenses!$M$3:$M$29,"<0")=4),Dépenses!$Q$29,IF(AND(ISNUMBER(Dépenses!$M$30),Dépenses!$M$30<>0,COUNTIF(Dépenses!$M$3:$M$30,">0")+COUNTIF(Dépenses!$M$3:$M$30,"<0")=4),Dépenses!$Q$30,IF(AND(ISNUMBER(Dépenses!$M$31),Dépenses!$M$31<>0,COUNTIF(Dépenses!$M$3:$M$31,">0")+COUNTIF(Dépenses!$M$3:$M$31,"<0")=4),Dépenses!$Q$31,IF(AND(ISNUMBER(Dépenses!$M$32),Dépenses!$M$32<>0,COUNTIF(Dépenses!$M$3:$M$32,">0")+COUNTIF(Dépenses!$M$3:$M$32,"<0")=4),Dépenses!$Q$32,IF(AND(ISNUMBER(Dépenses!$M$33),Dépenses!$M$33<>0,COUNTIF(Dépenses!$M$3:$M$33,">0")+COUNTIF(Dépenses!$M$3:$M$33,"<0")=4),Dépenses!$Q$33,IF(AND(ISNUMBER(Dépenses!$M$34),Dépenses!$M$34<>0,COUNTIF(Dépenses!$M$3:$M$34,">0")+COUNTIF(Dépenses!$M$3:$M$34,"<0")=4),Dépenses!$Q$34,IF(AND(ISNUMBER(Dépenses!$M$35),Dépenses!$M$35<>0,COUNTIF(Dépenses!$M$3:$M$35,">0")+COUNTIF(Dépenses!$M$3:$M$35,"<0")=4),Dépenses!$Q$35,IF(AND(ISNUMBER(Dépenses!$M$36),Dépenses!$M$36<>0,COUNTIF(Dépenses!$M$3:$M$36,">0")+COUNTIF(Dépenses!$M$3:$M$36,"<0")=4),Dépenses!$Q$36,IF(AND(ISNUMBER(Dépenses!$M$37),Dépenses!$M$37<>0,COUNTIF(Dépenses!$M$3:$M$37,">0")+COUNTIF(Dépenses!$M$3:$M$37,"<0")=4),Dépenses!$Q$37,IF(AND(ISNUMBER(Dépenses!$M$38),Dépenses!$M$38<>0,COUNTIF(Dépenses!$M$3:$M$38,">0")+COUNTIF(Dépenses!$M$3:$M$38,"<0")=4),Dépenses!$Q$38,IF(AND(ISNUMBER(Dépenses!$M$39),Dépenses!$M$39<>0,COUNTIF(Dépenses!$M$3:$M$39,">0")+COUNTIF(Dépenses!$M$3:$M$39,"<0")=4),Dépenses!$Q$39,IF(AND(ISNUMBER(Dépenses!$M$40),Dépenses!$M$40<>0,COUNTIF(Dépenses!$M$3:$M$40,">0")+COUNTIF(Dépenses!$M$3:$M$40,"<0")=4),Dépenses!$Q$40,IF(AND(ISNUMBER(Dépenses!$M$41),Dépenses!$M$41<>0,COUNTIF(Dépenses!$M$3:$M$41,">0")+COUNTIF(Dépenses!$M$3:$M$41,"<0")=4),Dépenses!$Q$41,IF(AND(ISNUMBER(Dépenses!$M$42),Dépenses!$M$42<>0,COUNTIF(Dépenses!$M$3:$M$42,">0")+COUNTIF(Dépenses!$M$3:$M$42,"<0")=4),Dépenses!$Q$42,IF(AND(ISNUMBER(Dépenses!$M$43),Dépenses!$M$43<>0,COUNTIF(Dépenses!$M$3:$M$43,">0")+COUNTIF(Dépenses!$M$3:$M$43,"<0")=4),Dépenses!$Q$43,""))))))))))))))))))))))))))))))))))))))))),IF(4=COUNTIF(Dépenses!$M$3:$M$43,">0")+COUNTIF(Dépenses!$M$3:$M$43,"<0")+1,SUM(Dépenses!$Q$3:$Q$43),IF(4=COUNTIF(Dépenses!$M$3:$M$43,">0")+COUNTIF(Dépenses!$M$3:$M$43,"<0")+2,Revenus!$J$2-SUM(Dépenses!$Q$3:$Q$43),""))) | Y12: Défaut méthode | Z12: =IF(AND(E5="",E8=""),"Ø",IF(OR(E5="Oui",E8="Oui"),"régulier",IF(AND(E5="Non",E8="Non"),"Pas inscrit",""))) -> Pas inscrit
A13: % bureau à domicile (défaut) | B13: 0 | D13: Date d'effet méthode rapide | E13: =IF(OR($Z$100="Ø",$Z$100="Pas inscrit",$Z$100="Régulière"),"Ø",IF($Z$100="Rapide",IF(E7="",E10,E7),"Ø")) -> Ø | G13: =IF(5<=COUNTIF(Dépenses!$M$3:$M$43,">0")+COUNTIF(Dépenses!$M$3:$M$43,"<0"),IF(AND(ISNUMBER(Dépenses!$M$3),Dépenses!$M$3<>0,COUNTIF(Dépenses!$M$3:$M$3,">0")+COUNTIF(Dépenses!$M$3:$M$3,"<0")=5),Dépenses!$L$3,IF(AND(ISNUMBER(Dépenses!$M$4),Dépenses!$M$4<>0,COUNTIF(Dépenses!$M$3:$M$4,">0")+COUNTIF(Dépenses!$M$3:$M$4,"<0")=5),Dépenses!$L$4,IF(AND(ISNUMBER(Dépenses!$M$5),Dépenses!$M$5<>0,COUNTIF(Dépenses!$M$3:$M$5,">0")+COUNTIF(Dépenses!$M$3:$M$5,"<0")=5),Dépenses!$L$5,IF(AND(ISNUMBER(Dépenses!$M$6),Dépenses!$M$6<>0,COUNTIF(Dépenses!$M$3:$M$6,">0")+COUNTIF(Dépenses!$M$3:$M$6,"<0")=5),Dépenses!$L$6,IF(AND(ISNUMBER(Dépenses!$M$7),Dépenses!$M$7<>0,COUNTIF(Dépenses!$M$3:$M$7,">0")+COUNTIF(Dépenses!$M$3:$M$7,"<0")=5),Dépenses!$L$7,IF(AND(ISNUMBER(Dépenses!$M$8),Dépenses!$M$8<>0,COUNTIF(Dépenses!$M$3:$M$8,">0")+COUNTIF(Dépenses!$M$3:$M$8,"<0")=5),Dépenses!$L$8,IF(AND(ISNUMBER(Dépenses!$M$9),Dépenses!$M$9<>0,COUNTIF(Dépenses!$M$3:$M$9,">0")+COUNTIF(Dépenses!$M$3:$M$9,"<0")=5),Dépenses!$L$9,IF(AND(ISNUMBER(Dépenses!$M$10),Dépenses!$M$10<>0,COUNTIF(Dépenses!$M$3:$M$10,">0")+COUNTIF(Dépenses!$M$3:$M$10,"<0")=5),Dépenses!$L$10,IF(AND(ISNUMBER(Dépenses!$M$11),Dépenses!$M$11<>0,COUNTIF(Dépenses!$M$3:$M$11,">0")+COUNTIF(Dépenses!$M$3:$M$11,"<0")=5),Dépenses!$L$11,IF(AND(ISNUMBER(Dépenses!$M$12),Dépenses!$M$12<>0,COUNTIF(Dépenses!$M$3:$M$12,">0")+COUNTIF(Dépenses!$M$3:$M$12,"<0")=5),Dépenses!$L$12,IF(AND(ISNUMBER(Dépenses!$M$13),Dépenses!$M$13<>0,COUNTIF(Dépenses!$M$3:$M$13,">0")+COUNTIF(Dépenses!$M$3:$M$13,"<0")=5),Dépenses!$L$13,IF(AND(ISNUMBER(Dépenses!$M$14),Dépenses!$M$14<>0,COUNTIF(Dépenses!$M$3:$M$14,">0")+COUNTIF(Dépenses!$M$3:$M$14,"<0")=5),Dépenses!$L$14,IF(AND(ISNUMBER(Dépenses!$M$15),Dépenses!$M$15<>0,COUNTIF(Dépenses!$M$3:$M$15,">0")+COUNTIF(Dépenses!$M$3:$M$15,"<0")=5),Dépenses!$L$15,IF(AND(ISNUMBER(Dépenses!$M$16),Dépenses!$M$16<>0,COUNTIF(Dépenses!$M$3:$M$16,">0")+COUNTIF(Dépenses!$M$3:$M$16,"<0")=5),Dépenses!$L$16,IF(AND(ISNUMBER(Dépenses!$M$17),Dépenses!$M$17<>0,COUNTIF(Dépenses!$M$3:$M$17,">0")+COUNTIF(Dépenses!$M$3:$M$17,"<0")=5),Dépenses!$L$17,IF(AND(ISNUMBER(Dépenses!$M$18),Dépenses!$M$18<>0,COUNTIF(Dépenses!$M$3:$M$18,">0")+COUNTIF(Dépenses!$M$3:$M$18,"<0")=5),Dépenses!$L$18,IF(AND(ISNUMBER(Dépenses!$M$19),Dépenses!$M$19<>0,COUNTIF(Dépenses!$M$3:$M$19,">0")+COUNTIF(Dépenses!$M$3:$M$19,"<0")=5),Dépenses!$L$19,IF(AND(ISNUMBER(Dépenses!$M$20),Dépenses!$M$20<>0,COUNTIF(Dépenses!$M$3:$M$20,">0")+COUNTIF(Dépenses!$M$3:$M$20,"<0")=5),Dépenses!$L$20,IF(AND(ISNUMBER(Dépenses!$M$21),Dépenses!$M$21<>0,COUNTIF(Dépenses!$M$3:$M$21,">0")+COUNTIF(Dépenses!$M$3:$M$21,"<0")=5),Dépenses!$L$21,IF(AND(ISNUMBER(Dépenses!$M$22),Dépenses!$M$22<>0,COUNTIF(Dépenses!$M$3:$M$22,">0")+COUNTIF(Dépenses!$M$3:$M$22,"<0")=5),Dépenses!$L$22,IF(AND(ISNUMBER(Dépenses!$M$23),Dépenses!$M$23<>0,COUNTIF(Dépenses!$M$3:$M$23,">0")+COUNTIF(Dépenses!$M$3:$M$23,"<0")=5),Dépenses!$L$23,IF(AND(ISNUMBER(Dépenses!$M$24),Dépenses!$M$24<>0,COUNTIF(Dépenses!$M$3:$M$24,">0")+COUNTIF(Dépenses!$M$3:$M$24,"<0")=5),Dépenses!$L$24,IF(AND(ISNUMBER(Dépenses!$M$25),Dépenses!$M$25<>0,COUNTIF(Dépenses!$M$3:$M$25,">0")+COUNTIF(Dépenses!$M$3:$M$25,"<0")=5),Dépenses!$L$25,IF(AND(ISNUMBER(Dépenses!$M$26),Dépenses!$M$26<>0,COUNTIF(Dépenses!$M$3:$M$26,">0")+COUNTIF(Dépenses!$M$3:$M$26,"<0")=5),Dépenses!$L$26,IF(AND(ISNUMBER(Dépenses!$M$27),Dépenses!$M$27<>0,COUNTIF(Dépenses!$M$3:$M$27,">0")+COUNTIF(Dépenses!$M$3:$M$27,"<0")=5),Dépenses!$L$27,IF(AND(ISNUMBER(Dépenses!$M$28),Dépenses!$M$28<>0,COUNTIF(Dépenses!$M$3:$M$28,">0")+COUNTIF(Dépenses!$M$3:$M$28,"<0")=5),Dépenses!$L$28,IF(AND(ISNUMBER(Dépenses!$M$29),Dépenses!$M$29<>0,COUNTIF(Dépenses!$M$3:$M$29,">0")+COUNTIF(Dépenses!$M$3:$M$29,"<0")=5),Dépenses!$L$29,IF(AND(ISNUMBER(Dépenses!$M$30),Dépenses!$M$30<>0,COUNTIF(Dépenses!$M$3:$M$30,">0")+COUNTIF(Dépenses!$M$3:$M$30,"<0")=5),Dépenses!$L$30,IF(AND(ISNUMBER(Dépenses!$M$31),Dépenses!$M$31<>0,COUNTIF(Dépenses!$M$3:$M$31,">0")+COUNTIF(Dépenses!$M$3:$M$31,"<0")=5),Dépenses!$L$31,IF(AND(ISNUMBER(Dépenses!$M$32),Dépenses!$M$32<>0,COUNTIF(Dépenses!$M$3:$M$32,">0")+COUNTIF(Dépenses!$M$3:$M$32,"<0")=5),Dépenses!$L$32,IF(AND(ISNUMBER(Dépenses!$M$33),Dépenses!$M$33<>0,COUNTIF(Dépenses!$M$3:$M$33,">0")+COUNTIF(Dépenses!$M$3:$M$33,"<0")=5),Dépenses!$L$33,IF(AND(ISNUMBER(Dépenses!$M$34),Dépenses!$M$34<>0,COUNTIF(Dépenses!$M$3:$M$34,">0")+COUNTIF(Dépenses!$M$3:$M$34,"<0")=5),Dépenses!$L$34,IF(AND(ISNUMBER(Dépenses!$M$35),Dépenses!$M$35<>0,COUNTIF(Dépenses!$M$3:$M$35,">0")+COUNTIF(Dépenses!$M$3:$M$35,"<0")=5),Dépenses!$L$35,IF(AND(ISNUMBER(Dépenses!$M$36),Dépenses!$M$36<>0,COUNTIF(Dépenses!$M$3:$M$36,">0")+COUNTIF(Dépenses!$M$3:$M$36,"<0")=5),Dépenses!$L$36,IF(AND(ISNUMBER(Dépenses!$M$37),Dépenses!$M$37<>0,COUNTIF(Dépenses!$M$3:$M$37,">0")+COUNTIF(Dépenses!$M$3:$M$37,"<0")=5),Dépenses!$L$37,IF(AND(ISNUMBER(Dépenses!$M$38),Dépenses!$M$38<>0,COUNTIF(Dépenses!$M$3:$M$38,">0")+COUNTIF(Dépenses!$M$3:$M$38,"<0")=5),Dépenses!$L$38,IF(AND(ISNUMBER(Dépenses!$M$39),Dépenses!$M$39<>0,COUNTIF(Dépenses!$M$3:$M$39,">0")+COUNTIF(Dépenses!$M$3:$M$39,"<0")=5),Dépenses!$L$39,IF(AND(ISNUMBER(Dépenses!$M$40),Dépenses!$M$40<>0,COUNTIF(Dépenses!$M$3:$M$40,">0")+COUNTIF(Dépenses!$M$3:$M$40,"<0")=5),Dépenses!$L$40,IF(AND(ISNUMBER(Dépenses!$M$41),Dépenses!$M$41<>0,COUNTIF(Dépenses!$M$3:$M$41,">0")+COUNTIF(Dépenses!$M$3:$M$41,"<0")=5),Dépenses!$L$41,IF(AND(ISNUMBER(Dépenses!$M$42),Dépenses!$M$42<>0,COUNTIF(Dépenses!$M$3:$M$42,">0")+COUNTIF(Dépenses!$M$3:$M$42,"<0")=5),Dépenses!$L$42,IF(AND(ISNUMBER(Dépenses!$M$43),Dépenses!$M$43<>0,COUNTIF(Dépenses!$M$3:$M$43,">0")+COUNTIF(Dépenses!$M$3:$M$43,"<0")=5),Dépenses!$L$43,""))))))))))))))))))))))))))))))))))))))))),IF(5=COUNTIF(Dépenses!$M$3:$M$43,">0")+COUNTIF(Dépenses!$M$3:$M$43,"<0")+1,"TOTAL DÉPENSES",IF(5=COUNTIF(Dépenses!$M$3:$M$43,">0")+COUNTIF(Dépenses!$M$3:$M$43,"<0")+2,"BÉNÉFICE (PERTE) NET",""))) | H13: =IF(5<=COUNTIF(Dépenses!$M$3:$M$43,">0")+COUNTIF(Dépenses!$M$3:$M$43,"<0"),IF(AND(ISNUMBER(Dépenses!$M$3),Dépenses!$M$3<>0,COUNTIF(Dépenses!$M$3:$M$3,">0")+COUNTIF(Dépenses!$M$3:$M$3,"<0")=5),Dépenses!$M$3,IF(AND(ISNUMBER(Dépenses!$M$4),Dépenses!$M$4<>0,COUNTIF(Dépenses!$M$3:$M$4,">0")+COUNTIF(Dépenses!$M$3:$M$4,"<0")=5),Dépenses!$M$4,IF(AND(ISNUMBER(Dépenses!$M$5),Dépenses!$M$5<>0,COUNTIF(Dépenses!$M$3:$M$5,">0")+COUNTIF(Dépenses!$M$3:$M$5,"<0")=5),Dépenses!$M$5,IF(AND(ISNUMBER(Dépenses!$M$6),Dépenses!$M$6<>0,COUNTIF(Dépenses!$M$3:$M$6,">0")+COUNTIF(Dépenses!$M$3:$M$6,"<0")=5),Dépenses!$M$6,IF(AND(ISNUMBER(Dépenses!$M$7),Dépenses!$M$7<>0,COUNTIF(Dépenses!$M$3:$M$7,">0")+COUNTIF(Dépenses!$M$3:$M$7,"<0")=5),Dépenses!$M$7,IF(AND(ISNUMBER(Dépenses!$M$8),Dépenses!$M$8<>0,COUNTIF(Dépenses!$M$3:$M$8,">0")+COUNTIF(Dépenses!$M$3:$M$8,"<0")=5),Dépenses!$M$8,IF(AND(ISNUMBER(Dépenses!$M$9),Dépenses!$M$9<>0,COUNTIF(Dépenses!$M$3:$M$9,">0")+COUNTIF(Dépenses!$M$3:$M$9,"<0")=5),Dépenses!$M$9,IF(AND(ISNUMBER(Dépenses!$M$10),Dépenses!$M$10<>0,COUNTIF(Dépenses!$M$3:$M$10,">0")+COUNTIF(Dépenses!$M$3:$M$10,"<0")=5),Dépenses!$M$10,IF(AND(ISNUMBER(Dépenses!$M$11),Dépenses!$M$11<>0,COUNTIF(Dépenses!$M$3:$M$11,">0")+COUNTIF(Dépenses!$M$3:$M$11,"<0")=5),Dépenses!$M$11,IF(AND(ISNUMBER(Dépenses!$M$12),Dépenses!$M$12<>0,COUNTIF(Dépenses!$M$3:$M$12,">0")+COUNTIF(Dépenses!$M$3:$M$12,"<0")=5),Dépenses!$M$12,IF(AND(ISNUMBER(Dépenses!$M$13),Dépenses!$M$13<>0,COUNTIF(Dépenses!$M$3:$M$13,">0")+COUNTIF(Dépenses!$M$3:$M$13,"<0")=5),Dépenses!$M$13,IF(AND(ISNUMBER(Dépenses!$M$14),Dépenses!$M$14<>0,COUNTIF(Dépenses!$M$3:$M$14,">0")+COUNTIF(Dépenses!$M$3:$M$14,"<0")=5),Dépenses!$M$14,IF(AND(ISNUMBER(Dépenses!$M$15),Dépenses!$M$15<>0,COUNTIF(Dépenses!$M$3:$M$15,">0")+COUNTIF(Dépenses!$M$3:$M$15,"<0")=5),Dépenses!$M$15,IF(AND(ISNUMBER(Dépenses!$M$16),Dépenses!$M$16<>0,COUNTIF(Dépenses!$M$3:$M$16,">0")+COUNTIF(Dépenses!$M$3:$M$16,"<0")=5),Dépenses!$M$16,IF(AND(ISNUMBER(Dépenses!$M$17),Dépenses!$M$17<>0,COUNTIF(Dépenses!$M$3:$M$17,">0")+COUNTIF(Dépenses!$M$3:$M$17,"<0")=5),Dépenses!$M$17,IF(AND(ISNUMBER(Dépenses!$M$18),Dépenses!$M$18<>0,COUNTIF(Dépenses!$M$3:$M$18,">0")+COUNTIF(Dépenses!$M$3:$M$18,"<0")=5),Dépenses!$M$18,IF(AND(ISNUMBER(Dépenses!$M$19),Dépenses!$M$19<>0,COUNTIF(Dépenses!$M$3:$M$19,">0")+COUNTIF(Dépenses!$M$3:$M$19,"<0")=5),Dépenses!$M$19,IF(AND(ISNUMBER(Dépenses!$M$20),Dépenses!$M$20<>0,COUNTIF(Dépenses!$M$3:$M$20,">0")+COUNTIF(Dépenses!$M$3:$M$20,"<0")=5),Dépenses!$M$20,IF(AND(ISNUMBER(Dépenses!$M$21),Dépenses!$M$21<>0,COUNTIF(Dépenses!$M$3:$M$21,">0")+COUNTIF(Dépenses!$M$3:$M$21,"<0")=5),Dépenses!$M$21,IF(AND(ISNUMBER(Dépenses!$M$22),Dépenses!$M$22<>0,COUNTIF(Dépenses!$M$3:$M$22,">0")+COUNTIF(Dépenses!$M$3:$M$22,"<0")=5),Dépenses!$M$22,IF(AND(ISNUMBER(Dépenses!$M$23),Dépenses!$M$23<>0,COUNTIF(Dépenses!$M$3:$M$23,">0")+COUNTIF(Dépenses!$M$3:$M$23,"<0")=5),Dépenses!$M$23,IF(AND(ISNUMBER(Dépenses!$M$24),Dépenses!$M$24<>0,COUNTIF(Dépenses!$M$3:$M$24,">0")+COUNTIF(Dépenses!$M$3:$M$24,"<0")=5),Dépenses!$M$24,IF(AND(ISNUMBER(Dépenses!$M$25),Dépenses!$M$25<>0,COUNTIF(Dépenses!$M$3:$M$25,">0")+COUNTIF(Dépenses!$M$3:$M$25,"<0")=5),Dépenses!$M$25,IF(AND(ISNUMBER(Dépenses!$M$26),Dépenses!$M$26<>0,COUNTIF(Dépenses!$M$3:$M$26,">0")+COUNTIF(Dépenses!$M$3:$M$26,"<0")=5),Dépenses!$M$26,IF(AND(ISNUMBER(Dépenses!$M$27),Dépenses!$M$27<>0,COUNTIF(Dépenses!$M$3:$M$27,">0")+COUNTIF(Dépenses!$M$3:$M$27,"<0")=5),Dépenses!$M$27,IF(AND(ISNUMBER(Dépenses!$M$28),Dépenses!$M$28<>0,COUNTIF(Dépenses!$M$3:$M$28,">0")+COUNTIF(Dépenses!$M$3:$M$28,"<0")=5),Dépenses!$M$28,IF(AND(ISNUMBER(Dépenses!$M$29),Dépenses!$M$29<>0,COUNTIF(Dépenses!$M$3:$M$29,">0")+COUNTIF(Dépenses!$M$3:$M$29,"<0")=5),Dépenses!$M$29,IF(AND(ISNUMBER(Dépenses!$M$30),Dépenses!$M$30<>0,COUNTIF(Dépenses!$M$3:$M$30,">0")+COUNTIF(Dépenses!$M$3:$M$30,"<0")=5),Dépenses!$M$30,IF(AND(ISNUMBER(Dépenses!$M$31),Dépenses!$M$31<>0,COUNTIF(Dépenses!$M$3:$M$31,">0")+COUNTIF(Dépenses!$M$3:$M$31,"<0")=5),Dépenses!$M$31,IF(AND(ISNUMBER(Dépenses!$M$32),Dépenses!$M$32<>0,COUNTIF(Dépenses!$M$3:$M$32,">0")+COUNTIF(Dépenses!$M$3:$M$32,"<0")=5),Dépenses!$M$32,IF(AND(ISNUMBER(Dépenses!$M$33),Dépenses!$M$33<>0,COUNTIF(Dépenses!$M$3:$M$33,">0")+COUNTIF(Dépenses!$M$3:$M$33,"<0")=5),Dépenses!$M$33,IF(AND(ISNUMBER(Dépenses!$M$34),Dépenses!$M$34<>0,COUNTIF(Dépenses!$M$3:$M$34,">0")+COUNTIF(Dépenses!$M$3:$M$34,"<0")=5),Dépenses!$M$34,IF(AND(ISNUMBER(Dépenses!$M$35),Dépenses!$M$35<>0,COUNTIF(Dépenses!$M$3:$M$35,">0")+COUNTIF(Dépenses!$M$3:$M$35,"<0")=5),Dépenses!$M$35,IF(AND(ISNUMBER(Dépenses!$M$36),Dépenses!$M$36<>0,COUNTIF(Dépenses!$M$3:$M$36,">0")+COUNTIF(Dépenses!$M$3:$M$36,"<0")=5),Dépenses!$M$36,IF(AND(ISNUMBER(Dépenses!$M$37),Dépenses!$M$37<>0,COUNTIF(Dépenses!$M$3:$M$37,">0")+COUNTIF(Dépenses!$M$3:$M$37,"<0")=5),Dépenses!$M$37,IF(AND(ISNUMBER(Dépenses!$M$38),Dépenses!$M$38<>0,COUNTIF(Dépenses!$M$3:$M$38,">0")+COUNTIF(Dépenses!$M$3:$M$38,"<0")=5),Dépenses!$M$38,IF(AND(ISNUMBER(Dépenses!$M$39),Dépenses!$M$39<>0,COUNTIF(Dépenses!$M$3:$M$39,">0")+COUNTIF(Dépenses!$M$3:$M$39,"<0")=5),Dépenses!$M$39,IF(AND(ISNUMBER(Dépenses!$M$40),Dépenses!$M$40<>0,COUNTIF(Dépenses!$M$3:$M$40,">0")+COUNTIF(Dépenses!$M$3:$M$40,"<0")=5),Dépenses!$M$40,IF(AND(ISNUMBER(Dépenses!$M$41),Dépenses!$M$41<>0,COUNTIF(Dépenses!$M$3:$M$41,">0")+COUNTIF(Dépenses!$M$3:$M$41,"<0")=5),Dépenses!$M$41,IF(AND(ISNUMBER(Dépenses!$M$42),Dépenses!$M$42<>0,COUNTIF(Dépenses!$M$3:$M$42,">0")+COUNTIF(Dépenses!$M$3:$M$42,"<0")=5),Dépenses!$M$42,IF(AND(ISNUMBER(Dépenses!$M$43),Dépenses!$M$43<>0,COUNTIF(Dépenses!$M$3:$M$43,">0")+COUNTIF(Dépenses!$M$3:$M$43,"<0")=5),Dépenses!$M$43,""))))))))))))))))))))))))))))))))))))))))),IF(5=COUNTIF(Dépenses!$M$3:$M$43,">0")+COUNTIF(Dépenses!$M$3:$M$43,"<0")+1,SUM(Dépenses!$M$3:$M$43),IF(5=COUNTIF(Dépenses!$M$3:$M$43,">0")+COUNTIF(Dépenses!$M$3:$M$43,"<0")+2,Revenus!$J$2-SUM(Dépenses!$M$3:$M$43),""))) | I13: =IF(5<=COUNTIF(Dépenses!$M$3:$M$43,">0")+COUNTIF(Dépenses!$M$3:$M$43,"<0"),IF(AND(ISNUMBER(Dépenses!$M$3),Dépenses!$M$3<>0,COUNTIF(Dépenses!$M$3:$M$3,">0")+COUNTIF(Dépenses!$M$3:$M$3,"<0")=5),Dépenses!$P$3,IF(AND(ISNUMBER(Dépenses!$M$4),Dépenses!$M$4<>0,COUNTIF(Dépenses!$M$3:$M$4,">0")+COUNTIF(Dépenses!$M$3:$M$4,"<0")=5),Dépenses!$P$4,IF(AND(ISNUMBER(Dépenses!$M$5),Dépenses!$M$5<>0,COUNTIF(Dépenses!$M$3:$M$5,">0")+COUNTIF(Dépenses!$M$3:$M$5,"<0")=5),Dépenses!$P$5,IF(AND(ISNUMBER(Dépenses!$M$6),Dépenses!$M$6<>0,COUNTIF(Dépenses!$M$3:$M$6,">0")+COUNTIF(Dépenses!$M$3:$M$6,"<0")=5),Dépenses!$P$6,IF(AND(ISNUMBER(Dépenses!$M$7),Dépenses!$M$7<>0,COUNTIF(Dépenses!$M$3:$M$7,">0")+COUNTIF(Dépenses!$M$3:$M$7,"<0")=5),Dépenses!$P$7,IF(AND(ISNUMBER(Dépenses!$M$8),Dépenses!$M$8<>0,COUNTIF(Dépenses!$M$3:$M$8,">0")+COUNTIF(Dépenses!$M$3:$M$8,"<0")=5),Dépenses!$P$8,IF(AND(ISNUMBER(Dépenses!$M$9),Dépenses!$M$9<>0,COUNTIF(Dépenses!$M$3:$M$9,">0")+COUNTIF(Dépenses!$M$3:$M$9,"<0")=5),Dépenses!$P$9,IF(AND(ISNUMBER(Dépenses!$M$10),Dépenses!$M$10<>0,COUNTIF(Dépenses!$M$3:$M$10,">0")+COUNTIF(Dépenses!$M$3:$M$10,"<0")=5),Dépenses!$P$10,IF(AND(ISNUMBER(Dépenses!$M$11),Dépenses!$M$11<>0,COUNTIF(Dépenses!$M$3:$M$11,">0")+COUNTIF(Dépenses!$M$3:$M$11,"<0")=5),Dépenses!$P$11,IF(AND(ISNUMBER(Dépenses!$M$12),Dépenses!$M$12<>0,COUNTIF(Dépenses!$M$3:$M$12,">0")+COUNTIF(Dépenses!$M$3:$M$12,"<0")=5),Dépenses!$P$12,IF(AND(ISNUMBER(Dépenses!$M$13),Dépenses!$M$13<>0,COUNTIF(Dépenses!$M$3:$M$13,">0")+COUNTIF(Dépenses!$M$3:$M$13,"<0")=5),Dépenses!$P$13,IF(AND(ISNUMBER(Dépenses!$M$14),Dépenses!$M$14<>0,COUNTIF(Dépenses!$M$3:$M$14,">0")+COUNTIF(Dépenses!$M$3:$M$14,"<0")=5),Dépenses!$P$14,IF(AND(ISNUMBER(Dépenses!$M$15),Dépenses!$M$15<>0,COUNTIF(Dépenses!$M$3:$M$15,">0")+COUNTIF(Dépenses!$M$3:$M$15,"<0")=5),Dépenses!$P$15,IF(AND(ISNUMBER(Dépenses!$M$16),Dépenses!$M$16<>0,COUNTIF(Dépenses!$M$3:$M$16,">0")+COUNTIF(Dépenses!$M$3:$M$16,"<0")=5),Dépenses!$P$16,IF(AND(ISNUMBER(Dépenses!$M$17),Dépenses!$M$17<>0,COUNTIF(Dépenses!$M$3:$M$17,">0")+COUNTIF(Dépenses!$M$3:$M$17,"<0")=5),Dépenses!$P$17,IF(AND(ISNUMBER(Dépenses!$M$18),Dépenses!$M$18<>0,COUNTIF(Dépenses!$M$3:$M$18,">0")+COUNTIF(Dépenses!$M$3:$M$18,"<0")=5),Dépenses!$P$18,IF(AND(ISNUMBER(Dépenses!$M$19),Dépenses!$M$19<>0,COUNTIF(Dépenses!$M$3:$M$19,">0")+COUNTIF(Dépenses!$M$3:$M$19,"<0")=5),Dépenses!$P$19,IF(AND(ISNUMBER(Dépenses!$M$20),Dépenses!$M$20<>0,COUNTIF(Dépenses!$M$3:$M$20,">0")+COUNTIF(Dépenses!$M$3:$M$20,"<0")=5),Dépenses!$P$20,IF(AND(ISNUMBER(Dépenses!$M$21),Dépenses!$M$21<>0,COUNTIF(Dépenses!$M$3:$M$21,">0")+COUNTIF(Dépenses!$M$3:$M$21,"<0")=5),Dépenses!$P$21,IF(AND(ISNUMBER(Dépenses!$M$22),Dépenses!$M$22<>0,COUNTIF(Dépenses!$M$3:$M$22,">0")+COUNTIF(Dépenses!$M$3:$M$22,"<0")=5),Dépenses!$P$22,IF(AND(ISNUMBER(Dépenses!$M$23),Dépenses!$M$23<>0,COUNTIF(Dépenses!$M$3:$M$23,">0")+COUNTIF(Dépenses!$M$3:$M$23,"<0")=5),Dépenses!$P$23,IF(AND(ISNUMBER(Dépenses!$M$24),Dépenses!$M$24<>0,COUNTIF(Dépenses!$M$3:$M$24,">0")+COUNTIF(Dépenses!$M$3:$M$24,"<0")=5),Dépenses!$P$24,IF(AND(ISNUMBER(Dépenses!$M$25),Dépenses!$M$25<>0,COUNTIF(Dépenses!$M$3:$M$25,">0")+COUNTIF(Dépenses!$M$3:$M$25,"<0")=5),Dépenses!$P$25,IF(AND(ISNUMBER(Dépenses!$M$26),Dépenses!$M$26<>0,COUNTIF(Dépenses!$M$3:$M$26,">0")+COUNTIF(Dépenses!$M$3:$M$26,"<0")=5),Dépenses!$P$26,IF(AND(ISNUMBER(Dépenses!$M$27),Dépenses!$M$27<>0,COUNTIF(Dépenses!$M$3:$M$27,">0")+COUNTIF(Dépenses!$M$3:$M$27,"<0")=5),Dépenses!$P$27,IF(AND(ISNUMBER(Dépenses!$M$28),Dépenses!$M$28<>0,COUNTIF(Dépenses!$M$3:$M$28,">0")+COUNTIF(Dépenses!$M$3:$M$28,"<0")=5),Dépenses!$P$28,IF(AND(ISNUMBER(Dépenses!$M$29),Dépenses!$M$29<>0,COUNTIF(Dépenses!$M$3:$M$29,">0")+COUNTIF(Dépenses!$M$3:$M$29,"<0")=5),Dépenses!$P$29,IF(AND(ISNUMBER(Dépenses!$M$30),Dépenses!$M$30<>0,COUNTIF(Dépenses!$M$3:$M$30,">0")+COUNTIF(Dépenses!$M$3:$M$30,"<0")=5),Dépenses!$P$30,IF(AND(ISNUMBER(Dépenses!$M$31),Dépenses!$M$31<>0,COUNTIF(Dépenses!$M$3:$M$31,">0")+COUNTIF(Dépenses!$M$3:$M$31,"<0")=5),Dépenses!$P$31,IF(AND(ISNUMBER(Dépenses!$M$32),Dépenses!$M$32<>0,COUNTIF(Dépenses!$M$3:$M$32,">0")+COUNTIF(Dépenses!$M$3:$M$32,"<0")=5),Dépenses!$P$32,IF(AND(ISNUMBER(Dépenses!$M$33),Dépenses!$M$33<>0,COUNTIF(Dépenses!$M$3:$M$33,">0")+COUNTIF(Dépenses!$M$3:$M$33,"<0")=5),Dépenses!$P$33,IF(AND(ISNUMBER(Dépenses!$M$34),Dépenses!$M$34<>0,COUNTIF(Dépenses!$M$3:$M$34,">0")+COUNTIF(Dépenses!$M$3:$M$34,"<0")=5),Dépenses!$P$34,IF(AND(ISNUMBER(Dépenses!$M$35),Dépenses!$M$35<>0,COUNTIF(Dépenses!$M$3:$M$35,">0")+COUNTIF(Dépenses!$M$3:$M$35,"<0")=5),Dépenses!$P$35,IF(AND(ISNUMBER(Dépenses!$M$36),Dépenses!$M$36<>0,COUNTIF(Dépenses!$M$3:$M$36,">0")+COUNTIF(Dépenses!$M$3:$M$36,"<0")=5),Dépenses!$P$36,IF(AND(ISNUMBER(Dépenses!$M$37),Dépenses!$M$37<>0,COUNTIF(Dépenses!$M$3:$M$37,">0")+COUNTIF(Dépenses!$M$3:$M$37,"<0")=5),Dépenses!$P$37,IF(AND(ISNUMBER(Dépenses!$M$38),Dépenses!$M$38<>0,COUNTIF(Dépenses!$M$3:$M$38,">0")+COUNTIF(Dépenses!$M$3:$M$38,"<0")=5),Dépenses!$P$38,IF(AND(ISNUMBER(Dépenses!$M$39),Dépenses!$M$39<>0,COUNTIF(Dépenses!$M$3:$M$39,">0")+COUNTIF(Dépenses!$M$3:$M$39,"<0")=5),Dépenses!$P$39,IF(AND(ISNUMBER(Dépenses!$M$40),Dépenses!$M$40<>0,COUNTIF(Dépenses!$M$3:$M$40,">0")+COUNTIF(Dépenses!$M$3:$M$40,"<0")=5),Dépenses!$P$40,IF(AND(ISNUMBER(Dépenses!$M$41),Dépenses!$M$41<>0,COUNTIF(Dépenses!$M$3:$M$41,">0")+COUNTIF(Dépenses!$M$3:$M$41,"<0")=5),Dépenses!$P$41,IF(AND(ISNUMBER(Dépenses!$M$42),Dépenses!$M$42<>0,COUNTIF(Dépenses!$M$3:$M$42,">0")+COUNTIF(Dépenses!$M$3:$M$42,"<0")=5),Dépenses!$P$42,IF(AND(ISNUMBER(Dépenses!$M$43),Dépenses!$M$43<>0,COUNTIF(Dépenses!$M$3:$M$43,">0")+COUNTIF(Dépenses!$M$3:$M$43,"<0")=5),Dépenses!$P$43,""))))))))))))))))))))))))))))))))))))))))),"") | J13: =IF(5<=COUNTIF(Dépenses!$M$3:$M$43,">0")+COUNTIF(Dépenses!$M$3:$M$43,"<0"),IF(AND(ISNUMBER(Dépenses!$M$3),Dépenses!$M$3<>0,COUNTIF(Dépenses!$M$3:$M$3,">0")+COUNTIF(Dépenses!$M$3:$M$3,"<0")=5),Dépenses!$Q$3,IF(AND(ISNUMBER(Dépenses!$M$4),Dépenses!$M$4<>0,COUNTIF(Dépenses!$M$3:$M$4,">0")+COUNTIF(Dépenses!$M$3:$M$4,"<0")=5),Dépenses!$Q$4,IF(AND(ISNUMBER(Dépenses!$M$5),Dépenses!$M$5<>0,COUNTIF(Dépenses!$M$3:$M$5,">0")+COUNTIF(Dépenses!$M$3:$M$5,"<0")=5),Dépenses!$Q$5,IF(AND(ISNUMBER(Dépenses!$M$6),Dépenses!$M$6<>0,COUNTIF(Dépenses!$M$3:$M$6,">0")+COUNTIF(Dépenses!$M$3:$M$6,"<0")=5),Dépenses!$Q$6,IF(AND(ISNUMBER(Dépenses!$M$7),Dépenses!$M$7<>0,COUNTIF(Dépenses!$M$3:$M$7,">0")+COUNTIF(Dépenses!$M$3:$M$7,"<0")=5),Dépenses!$Q$7,IF(AND(ISNUMBER(Dépenses!$M$8),Dépenses!$M$8<>0,COUNTIF(Dépenses!$M$3:$M$8,">0")+COUNTIF(Dépenses!$M$3:$M$8,"<0")=5),Dépenses!$Q$8,IF(AND(ISNUMBER(Dépenses!$M$9),Dépenses!$M$9<>0,COUNTIF(Dépenses!$M$3:$M$9,">0")+COUNTIF(Dépenses!$M$3:$M$9,"<0")=5),Dépenses!$Q$9,IF(AND(ISNUMBER(Dépenses!$M$10),Dépenses!$M$10<>0,COUNTIF(Dépenses!$M$3:$M$10,">0")+COUNTIF(Dépenses!$M$3:$M$10,"<0")=5),Dépenses!$Q$10,IF(AND(ISNUMBER(Dépenses!$M$11),Dépenses!$M$11<>0,COUNTIF(Dépenses!$M$3:$M$11,">0")+COUNTIF(Dépenses!$M$3:$M$11,"<0")=5),Dépenses!$Q$11,IF(AND(ISNUMBER(Dépenses!$M$12),Dépenses!$M$12<>0,COUNTIF(Dépenses!$M$3:$M$12,">0")+COUNTIF(Dépenses!$M$3:$M$12,"<0")=5),Dépenses!$Q$12,IF(AND(ISNUMBER(Dépenses!$M$13),Dépenses!$M$13<>0,COUNTIF(Dépenses!$M$3:$M$13,">0")+COUNTIF(Dépenses!$M$3:$M$13,"<0")=5),Dépenses!$Q$13,IF(AND(ISNUMBER(Dépenses!$M$14),Dépenses!$M$14<>0,COUNTIF(Dépenses!$M$3:$M$14,">0")+COUNTIF(Dépenses!$M$3:$M$14,"<0")=5),Dépenses!$Q$14,IF(AND(ISNUMBER(Dépenses!$M$15),Dépenses!$M$15<>0,COUNTIF(Dépenses!$M$3:$M$15,">0")+COUNTIF(Dépenses!$M$3:$M$15,"<0")=5),Dépenses!$Q$15,IF(AND(ISNUMBER(Dépenses!$M$16),Dépenses!$M$16<>0,COUNTIF(Dépenses!$M$3:$M$16,">0")+COUNTIF(Dépenses!$M$3:$M$16,"<0")=5),Dépenses!$Q$16,IF(AND(ISNUMBER(Dépenses!$M$17),Dépenses!$M$17<>0,COUNTIF(Dépenses!$M$3:$M$17,">0")+COUNTIF(Dépenses!$M$3:$M$17,"<0")=5),Dépenses!$Q$17,IF(AND(ISNUMBER(Dépenses!$M$18),Dépenses!$M$18<>0,COUNTIF(Dépenses!$M$3:$M$18,">0")+COUNTIF(Dépenses!$M$3:$M$18,"<0")=5),Dépenses!$Q$18,IF(AND(ISNUMBER(Dépenses!$M$19),Dépenses!$M$19<>0,COUNTIF(Dépenses!$M$3:$M$19,">0")+COUNTIF(Dépenses!$M$3:$M$19,"<0")=5),Dépenses!$Q$19,IF(AND(ISNUMBER(Dépenses!$M$20),Dépenses!$M$20<>0,COUNTIF(Dépenses!$M$3:$M$20,">0")+COUNTIF(Dépenses!$M$3:$M$20,"<0")=5),Dépenses!$Q$20,IF(AND(ISNUMBER(Dépenses!$M$21),Dépenses!$M$21<>0,COUNTIF(Dépenses!$M$3:$M$21,">0")+COUNTIF(Dépenses!$M$3:$M$21,"<0")=5),Dépenses!$Q$21,IF(AND(ISNUMBER(Dépenses!$M$22),Dépenses!$M$22<>0,COUNTIF(Dépenses!$M$3:$M$22,">0")+COUNTIF(Dépenses!$M$3:$M$22,"<0")=5),Dépenses!$Q$22,IF(AND(ISNUMBER(Dépenses!$M$23),Dépenses!$M$23<>0,COUNTIF(Dépenses!$M$3:$M$23,">0")+COUNTIF(Dépenses!$M$3:$M$23,"<0")=5),Dépenses!$Q$23,IF(AND(ISNUMBER(Dépenses!$M$24),Dépenses!$M$24<>0,COUNTIF(Dépenses!$M$3:$M$24,">0")+COUNTIF(Dépenses!$M$3:$M$24,"<0")=5),Dépenses!$Q$24,IF(AND(ISNUMBER(Dépenses!$M$25),Dépenses!$M$25<>0,COUNTIF(Dépenses!$M$3:$M$25,">0")+COUNTIF(Dépenses!$M$3:$M$25,"<0")=5),Dépenses!$Q$25,IF(AND(ISNUMBER(Dépenses!$M$26),Dépenses!$M$26<>0,COUNTIF(Dépenses!$M$3:$M$26,">0")+COUNTIF(Dépenses!$M$3:$M$26,"<0")=5),Dépenses!$Q$26,IF(AND(ISNUMBER(Dépenses!$M$27),Dépenses!$M$27<>0,COUNTIF(Dépenses!$M$3:$M$27,">0")+COUNTIF(Dépenses!$M$3:$M$27,"<0")=5),Dépenses!$Q$27,IF(AND(ISNUMBER(Dépenses!$M$28),Dépenses!$M$28<>0,COUNTIF(Dépenses!$M$3:$M$28,">0")+COUNTIF(Dépenses!$M$3:$M$28,"<0")=5),Dépenses!$Q$28,IF(AND(ISNUMBER(Dépenses!$M$29),Dépenses!$M$29<>0,COUNTIF(Dépenses!$M$3:$M$29,">0")+COUNTIF(Dépenses!$M$3:$M$29,"<0")=5),Dépenses!$Q$29,IF(AND(ISNUMBER(Dépenses!$M$30),Dépenses!$M$30<>0,COUNTIF(Dépenses!$M$3:$M$30,">0")+COUNTIF(Dépenses!$M$3:$M$30,"<0")=5),Dépenses!$Q$30,IF(AND(ISNUMBER(Dépenses!$M$31),Dépenses!$M$31<>0,COUNTIF(Dépenses!$M$3:$M$31,">0")+COUNTIF(Dépenses!$M$3:$M$31,"<0")=5),Dépenses!$Q$31,IF(AND(ISNUMBER(Dépenses!$M$32),Dépenses!$M$32<>0,COUNTIF(Dépenses!$M$3:$M$32,">0")+COUNTIF(Dépenses!$M$3:$M$32,"<0")=5),Dépenses!$Q$32,IF(AND(ISNUMBER(Dépenses!$M$33),Dépenses!$M$33<>0,COUNTIF(Dépenses!$M$3:$M$33,">0")+COUNTIF(Dépenses!$M$3:$M$33,"<0")=5),Dépenses!$Q$33,IF(AND(ISNUMBER(Dépenses!$M$34),Dépenses!$M$34<>0,COUNTIF(Dépenses!$M$3:$M$34,">0")+COUNTIF(Dépenses!$M$3:$M$34,"<0")=5),Dépenses!$Q$34,IF(AND(ISNUMBER(Dépenses!$M$35),Dépenses!$M$35<>0,COUNTIF(Dépenses!$M$3:$M$35,">0")+COUNTIF(Dépenses!$M$3:$M$35,"<0")=5),Dépenses!$Q$35,IF(AND(ISNUMBER(Dépenses!$M$36),Dépenses!$M$36<>0,COUNTIF(Dépenses!$M$3:$M$36,">0")+COUNTIF(Dépenses!$M$3:$M$36,"<0")=5),Dépenses!$Q$36,IF(AND(ISNUMBER(Dépenses!$M$37),Dépenses!$M$37<>0,COUNTIF(Dépenses!$M$3:$M$37,">0")+COUNTIF(Dépenses!$M$3:$M$37,"<0")=5),Dépenses!$Q$37,IF(AND(ISNUMBER(Dépenses!$M$38),Dépenses!$M$38<>0,COUNTIF(Dépenses!$M$3:$M$38,">0")+COUNTIF(Dépenses!$M$3:$M$38,"<0")=5),Dépenses!$Q$38,IF(AND(ISNUMBER(Dépenses!$M$39),Dépenses!$M$39<>0,COUNTIF(Dépenses!$M$3:$M$39,">0")+COUNTIF(Dépenses!$M$3:$M$39,"<0")=5),Dépenses!$Q$39,IF(AND(ISNUMBER(Dépenses!$M$40),Dépenses!$M$40<>0,COUNTIF(Dépenses!$M$3:$M$40,">0")+COUNTIF(Dépenses!$M$3:$M$40,"<0")=5),Dépenses!$Q$40,IF(AND(ISNUMBER(Dépenses!$M$41),Dépenses!$M$41<>0,COUNTIF(Dépenses!$M$3:$M$41,">0")+COUNTIF(Dépenses!$M$3:$M$41,"<0")=5),Dépenses!$Q$41,IF(AND(ISNUMBER(Dépenses!$M$42),Dépenses!$M$42<>0,COUNTIF(Dépenses!$M$3:$M$42,">0")+COUNTIF(Dépenses!$M$3:$M$42,"<0")=5),Dépenses!$Q$42,IF(AND(ISNUMBER(Dépenses!$M$43),Dépenses!$M$43<>0,COUNTIF(Dépenses!$M$3:$M$43,">0")+COUNTIF(Dépenses!$M$3:$M$43,"<0")=5),Dépenses!$Q$43,""))))))))))))))))))))))))))))))))))))))))),IF(5=COUNTIF(Dépenses!$M$3:$M$43,">0")+COUNTIF(Dépenses!$M$3:$M$43,"<0")+1,SUM(Dépenses!$Q$3:$Q$43),IF(5=COUNTIF(Dépenses!$M$3:$M$43,">0")+COUNTIF(Dépenses!$M$3:$M$43,"<0")+2,Revenus!$J$2-SUM(Dépenses!$Q$3:$Q$43),"")))
A14: % véhicule (défaut) | B14: 0 | D14: Taux rapide TPS | E14: =IF($Z$100="Rapide",0.036,"Ø") -> Ø | G14: =IF(6<=COUNTIF(Dépenses!$M$3:$M$43,">0")+COUNTIF(Dépenses!$M$3:$M$43,"<0"),IF(AND(ISNUMBER(Dépenses!$M$3),Dépenses!$M$3<>0,COUNTIF(Dépenses!$M$3:$M$3,">0")+COUNTIF(Dépenses!$M$3:$M$3,"<0")=6),Dépenses!$L$3,IF(AND(ISNUMBER(Dépenses!$M$4),Dépenses!$M$4<>0,COUNTIF(Dépenses!$M$3:$M$4,">0")+COUNTIF(Dépenses!$M$3:$M$4,"<0")=6),Dépenses!$L$4,IF(AND(ISNUMBER(Dépenses!$M$5),Dépenses!$M$5<>0,COUNTIF(Dépenses!$M$3:$M$5,">0")+COUNTIF(Dépenses!$M$3:$M$5,"<0")=6),Dépenses!$L$5,IF(AND(ISNUMBER(Dépenses!$M$6),Dépenses!$M$6<>0,COUNTIF(Dépenses!$M$3:$M$6,">0")+COUNTIF(Dépenses!$M$3:$M$6,"<0")=6),Dépenses!$L$6,IF(AND(ISNUMBER(Dépenses!$M$7),Dépenses!$M$7<>0,COUNTIF(Dépenses!$M$3:$M$7,">0")+COUNTIF(Dépenses!$M$3:$M$7,"<0")=6),Dépenses!$L$7,IF(AND(ISNUMBER(Dépenses!$M$8),Dépenses!$M$8<>0,COUNTIF(Dépenses!$M$3:$M$8,">0")+COUNTIF(Dépenses!$M$3:$M$8,"<0")=6),Dépenses!$L$8,IF(AND(ISNUMBER(Dépenses!$M$9),Dépenses!$M$9<>0,COUNTIF(Dépenses!$M$3:$M$9,">0")+COUNTIF(Dépenses!$M$3:$M$9,"<0")=6),Dépenses!$L$9,IF(AND(ISNUMBER(Dépenses!$M$10),Dépenses!$M$10<>0,COUNTIF(Dépenses!$M$3:$M$10,">0")+COUNTIF(Dépenses!$M$3:$M$10,"<0")=6),Dépenses!$L$10,IF(AND(ISNUMBER(Dépenses!$M$11),Dépenses!$M$11<>0,COUNTIF(Dépenses!$M$3:$M$11,">0")+COUNTIF(Dépenses!$M$3:$M$11,"<0")=6),Dépenses!$L$11,IF(AND(ISNUMBER(Dépenses!$M$12),Dépenses!$M$12<>0,COUNTIF(Dépenses!$M$3:$M$12,">0")+COUNTIF(Dépenses!$M$3:$M$12,"<0")=6),Dépenses!$L$12,IF(AND(ISNUMBER(Dépenses!$M$13),Dépenses!$M$13<>0,COUNTIF(Dépenses!$M$3:$M$13,">0")+COUNTIF(Dépenses!$M$3:$M$13,"<0")=6),Dépenses!$L$13,IF(AND(ISNUMBER(Dépenses!$M$14),Dépenses!$M$14<>0,COUNTIF(Dépenses!$M$3:$M$14,">0")+COUNTIF(Dépenses!$M$3:$M$14,"<0")=6),Dépenses!$L$14,IF(AND(ISNUMBER(Dépenses!$M$15),Dépenses!$M$15<>0,COUNTIF(Dépenses!$M$3:$M$15,">0")+COUNTIF(Dépenses!$M$3:$M$15,"<0")=6),Dépenses!$L$15,IF(AND(ISNUMBER(Dépenses!$M$16),Dépenses!$M$16<>0,COUNTIF(Dépenses!$M$3:$M$16,">0")+COUNTIF(Dépenses!$M$3:$M$16,"<0")=6),Dépenses!$L$16,IF(AND(ISNUMBER(Dépenses!$M$17),Dépenses!$M$17<>0,COUNTIF(Dépenses!$M$3:$M$17,">0")+COUNTIF(Dépenses!$M$3:$M$17,"<0")=6),Dépenses!$L$17,IF(AND(ISNUMBER(Dépenses!$M$18),Dépenses!$M$18<>0,COUNTIF(Dépenses!$M$3:$M$18,">0")+COUNTIF(Dépenses!$M$3:$M$18,"<0")=6),Dépenses!$L$18,IF(AND(ISNUMBER(Dépenses!$M$19),Dépenses!$M$19<>0,COUNTIF(Dépenses!$M$3:$M$19,">0")+COUNTIF(Dépenses!$M$3:$M$19,"<0")=6),Dépenses!$L$19,IF(AND(ISNUMBER(Dépenses!$M$20),Dépenses!$M$20<>0,COUNTIF(Dépenses!$M$3:$M$20,">0")+COUNTIF(Dépenses!$M$3:$M$20,"<0")=6),Dépenses!$L$20,IF(AND(ISNUMBER(Dépenses!$M$21),Dépenses!$M$21<>0,COUNTIF(Dépenses!$M$3:$M$21,">0")+COUNTIF(Dépenses!$M$3:$M$21,"<0")=6),Dépenses!$L$21,IF(AND(ISNUMBER(Dépenses!$M$22),Dépenses!$M$22<>0,COUNTIF(Dépenses!$M$3:$M$22,">0")+COUNTIF(Dépenses!$M$3:$M$22,"<0")=6),Dépenses!$L$22,IF(AND(ISNUMBER(Dépenses!$M$23),Dépenses!$M$23<>0,COUNTIF(Dépenses!$M$3:$M$23,">0")+COUNTIF(Dépenses!$M$3:$M$23,"<0")=6),Dépenses!$L$23,IF(AND(ISNUMBER(Dépenses!$M$24),Dépenses!$M$24<>0,COUNTIF(Dépenses!$M$3:$M$24,">0")+COUNTIF(Dépenses!$M$3:$M$24,"<0")=6),Dépenses!$L$24,IF(AND(ISNUMBER(Dépenses!$M$25),Dépenses!$M$25<>0,COUNTIF(Dépenses!$M$3:$M$25,">0")+COUNTIF(Dépenses!$M$3:$M$25,"<0")=6),Dépenses!$L$25,IF(AND(ISNUMBER(Dépenses!$M$26),Dépenses!$M$26<>0,COUNTIF(Dépenses!$M$3:$M$26,">0")+COUNTIF(Dépenses!$M$3:$M$26,"<0")=6),Dépenses!$L$26,IF(AND(ISNUMBER(Dépenses!$M$27),Dépenses!$M$27<>0,COUNTIF(Dépenses!$M$3:$M$27,">0")+COUNTIF(Dépenses!$M$3:$M$27,"<0")=6),Dépenses!$L$27,IF(AND(ISNUMBER(Dépenses!$M$28),Dépenses!$M$28<>0,COUNTIF(Dépenses!$M$3:$M$28,">0")+COUNTIF(Dépenses!$M$3:$M$28,"<0")=6),Dépenses!$L$28,IF(AND(ISNUMBER(Dépenses!$M$29),Dépenses!$M$29<>0,COUNTIF(Dépenses!$M$3:$M$29,">0")+COUNTIF(Dépenses!$M$3:$M$29,"<0")=6),Dépenses!$L$29,IF(AND(ISNUMBER(Dépenses!$M$30),Dépenses!$M$30<>0,COUNTIF(Dépenses!$M$3:$M$30,">0")+COUNTIF(Dépenses!$M$3:$M$30,"<0")=6),Dépenses!$L$30,IF(AND(ISNUMBER(Dépenses!$M$31),Dépenses!$M$31<>0,COUNTIF(Dépenses!$M$3:$M$31,">0")+COUNTIF(Dépenses!$M$3:$M$31,"<0")=6),Dépenses!$L$31,IF(AND(ISNUMBER(Dépenses!$M$32),Dépenses!$M$32<>0,COUNTIF(Dépenses!$M$3:$M$32,">0")+COUNTIF(Dépenses!$M$3:$M$32,"<0")=6),Dépenses!$L$32,IF(AND(ISNUMBER(Dépenses!$M$33),Dépenses!$M$33<>0,COUNTIF(Dépenses!$M$3:$M$33,">0")+COUNTIF(Dépenses!$M$3:$M$33,"<0")=6),Dépenses!$L$33,IF(AND(ISNUMBER(Dépenses!$M$34),Dépenses!$M$34<>0,COUNTIF(Dépenses!$M$3:$M$34,">0")+COUNTIF(Dépenses!$M$3:$M$34,"<0")=6),Dépenses!$L$34,IF(AND(ISNUMBER(Dépenses!$M$35),Dépenses!$M$35<>0,COUNTIF(Dépenses!$M$3:$M$35,">0")+COUNTIF(Dépenses!$M$3:$M$35,"<0")=6),Dépenses!$L$35,IF(AND(ISNUMBER(Dépenses!$M$36),Dépenses!$M$36<>0,COUNTIF(Dépenses!$M$3:$M$36,">0")+COUNTIF(Dépenses!$M$3:$M$36,"<0")=6),Dépenses!$L$36,IF(AND(ISNUMBER(Dépenses!$M$37),Dépenses!$M$37<>0,COUNTIF(Dépenses!$M$3:$M$37,">0")+COUNTIF(Dépenses!$M$3:$M$37,"<0")=6),Dépenses!$L$37,IF(AND(ISNUMBER(Dépenses!$M$38),Dépenses!$M$38<>0,COUNTIF(Dépenses!$M$3:$M$38,">0")+COUNTIF(Dépenses!$M$3:$M$38,"<0")=6),Dépenses!$L$38,IF(AND(ISNUMBER(Dépenses!$M$39),Dépenses!$M$39<>0,COUNTIF(Dépenses!$M$3:$M$39,">0")+COUNTIF(Dépenses!$M$3:$M$39,"<0")=6),Dépenses!$L$39,IF(AND(ISNUMBER(Dépenses!$M$40),Dépenses!$M$40<>0,COUNTIF(Dépenses!$M$3:$M$40,">0")+COUNTIF(Dépenses!$M$3:$M$40,"<0")=6),Dépenses!$L$40,IF(AND(ISNUMBER(Dépenses!$M$41),Dépenses!$M$41<>0,COUNTIF(Dépenses!$M$3:$M$41,">0")+COUNTIF(Dépenses!$M$3:$M$41,"<0")=6),Dépenses!$L$41,IF(AND(ISNUMBER(Dépenses!$M$42),Dépenses!$M$42<>0,COUNTIF(Dépenses!$M$3:$M$42,">0")+COUNTIF(Dépenses!$M$3:$M$42,"<0")=6),Dépenses!$L$42,IF(AND(ISNUMBER(Dépenses!$M$43),Dépenses!$M$43<>0,COUNTIF(Dépenses!$M$3:$M$43,">0")+COUNTIF(Dépenses!$M$3:$M$43,"<0")=6),Dépenses!$L$43,""))))))))))))))))))))))))))))))))))))))))),IF(6=COUNTIF(Dépenses!$M$3:$M$43,">0")+COUNTIF(Dépenses!$M$3:$M$43,"<0")+1,"TOTAL DÉPENSES",IF(6=COUNTIF(Dépenses!$M$3:$M$43,">0")+COUNTIF(Dépenses!$M$3:$M$43,"<0")+2,"BÉNÉFICE (PERTE) NET",""))) | H14: =IF(6<=COUNTIF(Dépenses!$M$3:$M$43,">0")+COUNTIF(Dépenses!$M$3:$M$43,"<0"),IF(AND(ISNUMBER(Dépenses!$M$3),Dépenses!$M$3<>0,COUNTIF(Dépenses!$M$3:$M$3,">0")+COUNTIF(Dépenses!$M$3:$M$3,"<0")=6),Dépenses!$M$3,IF(AND(ISNUMBER(Dépenses!$M$4),Dépenses!$M$4<>0,COUNTIF(Dépenses!$M$3:$M$4,">0")+COUNTIF(Dépenses!$M$3:$M$4,"<0")=6),Dépenses!$M$4,IF(AND(ISNUMBER(Dépenses!$M$5),Dépenses!$M$5<>0,COUNTIF(Dépenses!$M$3:$M$5,">0")+COUNTIF(Dépenses!$M$3:$M$5,"<0")=6),Dépenses!$M$5,IF(AND(ISNUMBER(Dépenses!$M$6),Dépenses!$M$6<>0,COUNTIF(Dépenses!$M$3:$M$6,">0")+COUNTIF(Dépenses!$M$3:$M$6,"<0")=6),Dépenses!$M$6,IF(AND(ISNUMBER(Dépenses!$M$7),Dépenses!$M$7<>0,COUNTIF(Dépenses!$M$3:$M$7,">0")+COUNTIF(Dépenses!$M$3:$M$7,"<0")=6),Dépenses!$M$7,IF(AND(ISNUMBER(Dépenses!$M$8),Dépenses!$M$8<>0,COUNTIF(Dépenses!$M$3:$M$8,">0")+COUNTIF(Dépenses!$M$3:$M$8,"<0")=6),Dépenses!$M$8,IF(AND(ISNUMBER(Dépenses!$M$9),Dépenses!$M$9<>0,COUNTIF(Dépenses!$M$3:$M$9,">0")+COUNTIF(Dépenses!$M$3:$M$9,"<0")=6),Dépenses!$M$9,IF(AND(ISNUMBER(Dépenses!$M$10),Dépenses!$M$10<>0,COUNTIF(Dépenses!$M$3:$M$10,">0")+COUNTIF(Dépenses!$M$3:$M$10,"<0")=6),Dépenses!$M$10,IF(AND(ISNUMBER(Dépenses!$M$11),Dépenses!$M$11<>0,COUNTIF(Dépenses!$M$3:$M$11,">0")+COUNTIF(Dépenses!$M$3:$M$11,"<0")=6),Dépenses!$M$11,IF(AND(ISNUMBER(Dépenses!$M$12),Dépenses!$M$12<>0,COUNTIF(Dépenses!$M$3:$M$12,">0")+COUNTIF(Dépenses!$M$3:$M$12,"<0")=6),Dépenses!$M$12,IF(AND(ISNUMBER(Dépenses!$M$13),Dépenses!$M$13<>0,COUNTIF(Dépenses!$M$3:$M$13,">0")+COUNTIF(Dépenses!$M$3:$M$13,"<0")=6),Dépenses!$M$13,IF(AND(ISNUMBER(Dépenses!$M$14),Dépenses!$M$14<>0,COUNTIF(Dépenses!$M$3:$M$14,">0")+COUNTIF(Dépenses!$M$3:$M$14,"<0")=6),Dépenses!$M$14,IF(AND(ISNUMBER(Dépenses!$M$15),Dépenses!$M$15<>0,COUNTIF(Dépenses!$M$3:$M$15,">0")+COUNTIF(Dépenses!$M$3:$M$15,"<0")=6),Dépenses!$M$15,IF(AND(ISNUMBER(Dépenses!$M$16),Dépenses!$M$16<>0,COUNTIF(Dépenses!$M$3:$M$16,">0")+COUNTIF(Dépenses!$M$3:$M$16,"<0")=6),Dépenses!$M$16,IF(AND(ISNUMBER(Dépenses!$M$17),Dépenses!$M$17<>0,COUNTIF(Dépenses!$M$3:$M$17,">0")+COUNTIF(Dépenses!$M$3:$M$17,"<0")=6),Dépenses!$M$17,IF(AND(ISNUMBER(Dépenses!$M$18),Dépenses!$M$18<>0,COUNTIF(Dépenses!$M$3:$M$18,">0")+COUNTIF(Dépenses!$M$3:$M$18,"<0")=6),Dépenses!$M$18,IF(AND(ISNUMBER(Dépenses!$M$19),Dépenses!$M$19<>0,COUNTIF(Dépenses!$M$3:$M$19,">0")+COUNTIF(Dépenses!$M$3:$M$19,"<0")=6),Dépenses!$M$19,IF(AND(ISNUMBER(Dépenses!$M$20),Dépenses!$M$20<>0,COUNTIF(Dépenses!$M$3:$M$20,">0")+COUNTIF(Dépenses!$M$3:$M$20,"<0")=6),Dépenses!$M$20,IF(AND(ISNUMBER(Dépenses!$M$21),Dépenses!$M$21<>0,COUNTIF(Dépenses!$M$3:$M$21,">0")+COUNTIF(Dépenses!$M$3:$M$21,"<0")=6),Dépenses!$M$21,IF(AND(ISNUMBER(Dépenses!$M$22),Dépenses!$M$22<>0,COUNTIF(Dépenses!$M$3:$M$22,">0")+COUNTIF(Dépenses!$M$3:$M$22,"<0")=6),Dépenses!$M$22,IF(AND(ISNUMBER(Dépenses!$M$23),Dépenses!$M$23<>0,COUNTIF(Dépenses!$M$3:$M$23,">0")+COUNTIF(Dépenses!$M$3:$M$23,"<0")=6),Dépenses!$M$23,IF(AND(ISNUMBER(Dépenses!$M$24),Dépenses!$M$24<>0,COUNTIF(Dépenses!$M$3:$M$24,">0")+COUNTIF(Dépenses!$M$3:$M$24,"<0")=6),Dépenses!$M$24,IF(AND(ISNUMBER(Dépenses!$M$25),Dépenses!$M$25<>0,COUNTIF(Dépenses!$M$3:$M$25,">0")+COUNTIF(Dépenses!$M$3:$M$25,"<0")=6),Dépenses!$M$25,IF(AND(ISNUMBER(Dépenses!$M$26),Dépenses!$M$26<>0,COUNTIF(Dépenses!$M$3:$M$26,">0")+COUNTIF(Dépenses!$M$3:$M$26,"<0")=6),Dépenses!$M$26,IF(AND(ISNUMBER(Dépenses!$M$27),Dépenses!$M$27<>0,COUNTIF(Dépenses!$M$3:$M$27,">0")+COUNTIF(Dépenses!$M$3:$M$27,"<0")=6),Dépenses!$M$27,IF(AND(ISNUMBER(Dépenses!$M$28),Dépenses!$M$28<>0,COUNTIF(Dépenses!$M$3:$M$28,">0")+COUNTIF(Dépenses!$M$3:$M$28,"<0")=6),Dépenses!$M$28,IF(AND(ISNUMBER(Dépenses!$M$29),Dépenses!$M$29<>0,COUNTIF(Dépenses!$M$3:$M$29,">0")+COUNTIF(Dépenses!$M$3:$M$29,"<0")=6),Dépenses!$M$29,IF(AND(ISNUMBER(Dépenses!$M$30),Dépenses!$M$30<>0,COUNTIF(Dépenses!$M$3:$M$30,">0")+COUNTIF(Dépenses!$M$3:$M$30,"<0")=6),Dépenses!$M$30,IF(AND(ISNUMBER(Dépenses!$M$31),Dépenses!$M$31<>0,COUNTIF(Dépenses!$M$3:$M$31,">0")+COUNTIF(Dépenses!$M$3:$M$31,"<0")=6),Dépenses!$M$31,IF(AND(ISNUMBER(Dépenses!$M$32),Dépenses!$M$32<>0,COUNTIF(Dépenses!$M$3:$M$32,">0")+COUNTIF(Dépenses!$M$3:$M$32,"<0")=6),Dépenses!$M$32,IF(AND(ISNUMBER(Dépenses!$M$33),Dépenses!$M$33<>0,COUNTIF(Dépenses!$M$3:$M$33,">0")+COUNTIF(Dépenses!$M$3:$M$33,"<0")=6),Dépenses!$M$33,IF(AND(ISNUMBER(Dépenses!$M$34),Dépenses!$M$34<>0,COUNTIF(Dépenses!$M$3:$M$34,">0")+COUNTIF(Dépenses!$M$3:$M$34,"<0")=6),Dépenses!$M$34,IF(AND(ISNUMBER(Dépenses!$M$35),Dépenses!$M$35<>0,COUNTIF(Dépenses!$M$3:$M$35,">0")+COUNTIF(Dépenses!$M$3:$M$35,"<0")=6),Dépenses!$M$35,IF(AND(ISNUMBER(Dépenses!$M$36),Dépenses!$M$36<>0,COUNTIF(Dépenses!$M$3:$M$36,">0")+COUNTIF(Dépenses!$M$3:$M$36,"<0")=6),Dépenses!$M$36,IF(AND(ISNUMBER(Dépenses!$M$37),Dépenses!$M$37<>0,COUNTIF(Dépenses!$M$3:$M$37,">0")+COUNTIF(Dépenses!$M$3:$M$37,"<0")=6),Dépenses!$M$37,IF(AND(ISNUMBER(Dépenses!$M$38),Dépenses!$M$38<>0,COUNTIF(Dépenses!$M$3:$M$38,">0")+COUNTIF(Dépenses!$M$3:$M$38,"<0")=6),Dépenses!$M$38,IF(AND(ISNUMBER(Dépenses!$M$39),Dépenses!$M$39<>0,COUNTIF(Dépenses!$M$3:$M$39,">0")+COUNTIF(Dépenses!$M$3:$M$39,"<0")=6),Dépenses!$M$39,IF(AND(ISNUMBER(Dépenses!$M$40),Dépenses!$M$40<>0,COUNTIF(Dépenses!$M$3:$M$40,">0")+COUNTIF(Dépenses!$M$3:$M$40,"<0")=6),Dépenses!$M$40,IF(AND(ISNUMBER(Dépenses!$M$41),Dépenses!$M$41<>0,COUNTIF(Dépenses!$M$3:$M$41,">0")+COUNTIF(Dépenses!$M$3:$M$41,"<0")=6),Dépenses!$M$41,IF(AND(ISNUMBER(Dépenses!$M$42),Dépenses!$M$42<>0,COUNTIF(Dépenses!$M$3:$M$42,">0")+COUNTIF(Dépenses!$M$3:$M$42,"<0")=6),Dépenses!$M$42,IF(AND(ISNUMBER(Dépenses!$M$43),Dépenses!$M$43<>0,COUNTIF(Dépenses!$M$3:$M$43,">0")+COUNTIF(Dépenses!$M$3:$M$43,"<0")=6),Dépenses!$M$43,""))))))))))))))))))))))))))))))))))))))))),IF(6=COUNTIF(Dépenses!$M$3:$M$43,">0")+COUNTIF(Dépenses!$M$3:$M$43,"<0")+1,SUM(Dépenses!$M$3:$M$43),IF(6=COUNTIF(Dépenses!$M$3:$M$43,">0")+COUNTIF(Dépenses!$M$3:$M$43,"<0")+2,Revenus!$J$2-SUM(Dépenses!$M$3:$M$43),""))) | I14: =IF(6<=COUNTIF(Dépenses!$M$3:$M$43,">0")+COUNTIF(Dépenses!$M$3:$M$43,"<0"),IF(AND(ISNUMBER(Dépenses!$M$3),Dépenses!$M$3<>0,COUNTIF(Dépenses!$M$3:$M$3,">0")+COUNTIF(Dépenses!$M$3:$M$3,"<0")=6),Dépenses!$P$3,IF(AND(ISNUMBER(Dépenses!$M$4),Dépenses!$M$4<>0,COUNTIF(Dépenses!$M$3:$M$4,">0")+COUNTIF(Dépenses!$M$3:$M$4,"<0")=6),Dépenses!$P$4,IF(AND(ISNUMBER(Dépenses!$M$5),Dépenses!$M$5<>0,COUNTIF(Dépenses!$M$3:$M$5,">0")+COUNTIF(Dépenses!$M$3:$M$5,"<0")=6),Dépenses!$P$5,IF(AND(ISNUMBER(Dépenses!$M$6),Dépenses!$M$6<>0,COUNTIF(Dépenses!$M$3:$M$6,">0")+COUNTIF(Dépenses!$M$3:$M$6,"<0")=6),Dépenses!$P$6,IF(AND(ISNUMBER(Dépenses!$M$7),Dépenses!$M$7<>0,COUNTIF(Dépenses!$M$3:$M$7,">0")+COUNTIF(Dépenses!$M$3:$M$7,"<0")=6),Dépenses!$P$7,IF(AND(ISNUMBER(Dépenses!$M$8),Dépenses!$M$8<>0,COUNTIF(Dépenses!$M$3:$M$8,">0")+COUNTIF(Dépenses!$M$3:$M$8,"<0")=6),Dépenses!$P$8,IF(AND(ISNUMBER(Dépenses!$M$9),Dépenses!$M$9<>0,COUNTIF(Dépenses!$M$3:$M$9,">0")+COUNTIF(Dépenses!$M$3:$M$9,"<0")=6),Dépenses!$P$9,IF(AND(ISNUMBER(Dépenses!$M$10),Dépenses!$M$10<>0,COUNTIF(Dépenses!$M$3:$M$10,">0")+COUNTIF(Dépenses!$M$3:$M$10,"<0")=6),Dépenses!$P$10,IF(AND(ISNUMBER(Dépenses!$M$11),Dépenses!$M$11<>0,COUNTIF(Dépenses!$M$3:$M$11,">0")+COUNTIF(Dépenses!$M$3:$M$11,"<0")=6),Dépenses!$P$11,IF(AND(ISNUMBER(Dépenses!$M$12),Dépenses!$M$12<>0,COUNTIF(Dépenses!$M$3:$M$12,">0")+COUNTIF(Dépenses!$M$3:$M$12,"<0")=6),Dépenses!$P$12,IF(AND(ISNUMBER(Dépenses!$M$13),Dépenses!$M$13<>0,COUNTIF(Dépenses!$M$3:$M$13,">0")+COUNTIF(Dépenses!$M$3:$M$13,"<0")=6),Dépenses!$P$13,IF(AND(ISNUMBER(Dépenses!$M$14),Dépenses!$M$14<>0,COUNTIF(Dépenses!$M$3:$M$14,">0")+COUNTIF(Dépenses!$M$3:$M$14,"<0")=6),Dépenses!$P$14,IF(AND(ISNUMBER(Dépenses!$M$15),Dépenses!$M$15<>0,COUNTIF(Dépenses!$M$3:$M$15,">0")+COUNTIF(Dépenses!$M$3:$M$15,"<0")=6),Dépenses!$P$15,IF(AND(ISNUMBER(Dépenses!$M$16),Dépenses!$M$16<>0,COUNTIF(Dépenses!$M$3:$M$16,">0")+COUNTIF(Dépenses!$M$3:$M$16,"<0")=6),Dépenses!$P$16,IF(AND(ISNUMBER(Dépenses!$M$17),Dépenses!$M$17<>0,COUNTIF(Dépenses!$M$3:$M$17,">0")+COUNTIF(Dépenses!$M$3:$M$17,"<0")=6),Dépenses!$P$17,IF(AND(ISNUMBER(Dépenses!$M$18),Dépenses!$M$18<>0,COUNTIF(Dépenses!$M$3:$M$18,">0")+COUNTIF(Dépenses!$M$3:$M$18,"<0")=6),Dépenses!$P$18,IF(AND(ISNUMBER(Dépenses!$M$19),Dépenses!$M$19<>0,COUNTIF(Dépenses!$M$3:$M$19,">0")+COUNTIF(Dépenses!$M$3:$M$19,"<0")=6),Dépenses!$P$19,IF(AND(ISNUMBER(Dépenses!$M$20),Dépenses!$M$20<>0,COUNTIF(Dépenses!$M$3:$M$20,">0")+COUNTIF(Dépenses!$M$3:$M$20,"<0")=6),Dépenses!$P$20,IF(AND(ISNUMBER(Dépenses!$M$21),Dépenses!$M$21<>0,COUNTIF(Dépenses!$M$3:$M$21,">0")+COUNTIF(Dépenses!$M$3:$M$21,"<0")=6),Dépenses!$P$21,IF(AND(ISNUMBER(Dépenses!$M$22),Dépenses!$M$22<>0,COUNTIF(Dépenses!$M$3:$M$22,">0")+COUNTIF(Dépenses!$M$3:$M$22,"<0")=6),Dépenses!$P$22,IF(AND(ISNUMBER(Dépenses!$M$23),Dépenses!$M$23<>0,COUNTIF(Dépenses!$M$3:$M$23,">0")+COUNTIF(Dépenses!$M$3:$M$23,"<0")=6),Dépenses!$P$23,IF(AND(ISNUMBER(Dépenses!$M$24),Dépenses!$M$24<>0,COUNTIF(Dépenses!$M$3:$M$24,">0")+COUNTIF(Dépenses!$M$3:$M$24,"<0")=6),Dépenses!$P$24,IF(AND(ISNUMBER(Dépenses!$M$25),Dépenses!$M$25<>0,COUNTIF(Dépenses!$M$3:$M$25,">0")+COUNTIF(Dépenses!$M$3:$M$25,"<0")=6),Dépenses!$P$25,IF(AND(ISNUMBER(Dépenses!$M$26),Dépenses!$M$26<>0,COUNTIF(Dépenses!$M$3:$M$26,">0")+COUNTIF(Dépenses!$M$3:$M$26,"<0")=6),Dépenses!$P$26,IF(AND(ISNUMBER(Dépenses!$M$27),Dépenses!$M$27<>0,COUNTIF(Dépenses!$M$3:$M$27,">0")+COUNTIF(Dépenses!$M$3:$M$27,"<0")=6),Dépenses!$P$27,IF(AND(ISNUMBER(Dépenses!$M$28),Dépenses!$M$28<>0,COUNTIF(Dépenses!$M$3:$M$28,">0")+COUNTIF(Dépenses!$M$3:$M$28,"<0")=6),Dépenses!$P$28,IF(AND(ISNUMBER(Dépenses!$M$29),Dépenses!$M$29<>0,COUNTIF(Dépenses!$M$3:$M$29,">0")+COUNTIF(Dépenses!$M$3:$M$29,"<0")=6),Dépenses!$P$29,IF(AND(ISNUMBER(Dépenses!$M$30),Dépenses!$M$30<>0,COUNTIF(Dépenses!$M$3:$M$30,">0")+COUNTIF(Dépenses!$M$3:$M$30,"<0")=6),Dépenses!$P$30,IF(AND(ISNUMBER(Dépenses!$M$31),Dépenses!$M$31<>0,COUNTIF(Dépenses!$M$3:$M$31,">0")+COUNTIF(Dépenses!$M$3:$M$31,"<0")=6),Dépenses!$P$31,IF(AND(ISNUMBER(Dépenses!$M$32),Dépenses!$M$32<>0,COUNTIF(Dépenses!$M$3:$M$32,">0")+COUNTIF(Dépenses!$M$3:$M$32,"<0")=6),Dépenses!$P$32,IF(AND(ISNUMBER(Dépenses!$M$33),Dépenses!$M$33<>0,COUNTIF(Dépenses!$M$3:$M$33,">0")+COUNTIF(Dépenses!$M$3:$M$33,"<0")=6),Dépenses!$P$33,IF(AND(ISNUMBER(Dépenses!$M$34),Dépenses!$M$34<>0,COUNTIF(Dépenses!$M$3:$M$34,">0")+COUNTIF(Dépenses!$M$3:$M$34,"<0")=6),Dépenses!$P$34,IF(AND(ISNUMBER(Dépenses!$M$35),Dépenses!$M$35<>0,COUNTIF(Dépenses!$M$3:$M$35,">0")+COUNTIF(Dépenses!$M$3:$M$35,"<0")=6),Dépenses!$P$35,IF(AND(ISNUMBER(Dépenses!$M$36),Dépenses!$M$36<>0,COUNTIF(Dépenses!$M$3:$M$36,">0")+COUNTIF(Dépenses!$M$3:$M$36,"<0")=6),Dépenses!$P$36,IF(AND(ISNUMBER(Dépenses!$M$37),Dépenses!$M$37<>0,COUNTIF(Dépenses!$M$3:$M$37,">0")+COUNTIF(Dépenses!$M$3:$M$37,"<0")=6),Dépenses!$P$37,IF(AND(ISNUMBER(Dépenses!$M$38),Dépenses!$M$38<>0,COUNTIF(Dépenses!$M$3:$M$38,">0")+COUNTIF(Dépenses!$M$3:$M$38,"<0")=6),Dépenses!$P$38,IF(AND(ISNUMBER(Dépenses!$M$39),Dépenses!$M$39<>0,COUNTIF(Dépenses!$M$3:$M$39,">0")+COUNTIF(Dépenses!$M$3:$M$39,"<0")=6),Dépenses!$P$39,IF(AND(ISNUMBER(Dépenses!$M$40),Dépenses!$M$40<>0,COUNTIF(Dépenses!$M$3:$M$40,">0")+COUNTIF(Dépenses!$M$3:$M$40,"<0")=6),Dépenses!$P$40,IF(AND(ISNUMBER(Dépenses!$M$41),Dépenses!$M$41<>0,COUNTIF(Dépenses!$M$3:$M$41,">0")+COUNTIF(Dépenses!$M$3:$M$41,"<0")=6),Dépenses!$P$41,IF(AND(ISNUMBER(Dépenses!$M$42),Dépenses!$M$42<>0,COUNTIF(Dépenses!$M$3:$M$42,">0")+COUNTIF(Dépenses!$M$3:$M$42,"<0")=6),Dépenses!$P$42,IF(AND(ISNUMBER(Dépenses!$M$43),Dépenses!$M$43<>0,COUNTIF(Dépenses!$M$3:$M$43,">0")+COUNTIF(Dépenses!$M$3:$M$43,"<0")=6),Dépenses!$P$43,""))))))))))))))))))))))))))))))))))))))))),"") | J14: =IF(6<=COUNTIF(Dépenses!$M$3:$M$43,">0")+COUNTIF(Dépenses!$M$3:$M$43,"<0"),IF(AND(ISNUMBER(Dépenses!$M$3),Dépenses!$M$3<>0,COUNTIF(Dépenses!$M$3:$M$3,">0")+COUNTIF(Dépenses!$M$3:$M$3,"<0")=6),Dépenses!$Q$3,IF(AND(ISNUMBER(Dépenses!$M$4),Dépenses!$M$4<>0,COUNTIF(Dépenses!$M$3:$M$4,">0")+COUNTIF(Dépenses!$M$3:$M$4,"<0")=6),Dépenses!$Q$4,IF(AND(ISNUMBER(Dépenses!$M$5),Dépenses!$M$5<>0,COUNTIF(Dépenses!$M$3:$M$5,">0")+COUNTIF(Dépenses!$M$3:$M$5,"<0")=6),Dépenses!$Q$5,IF(AND(ISNUMBER(Dépenses!$M$6),Dépenses!$M$6<>0,COUNTIF(Dépenses!$M$3:$M$6,">0")+COUNTIF(Dépenses!$M$3:$M$6,"<0")=6),Dépenses!$Q$6,IF(AND(ISNUMBER(Dépenses!$M$7),Dépenses!$M$7<>0,COUNTIF(Dépenses!$M$3:$M$7,">0")+COUNTIF(Dépenses!$M$3:$M$7,"<0")=6),Dépenses!$Q$7,IF(AND(ISNUMBER(Dépenses!$M$8),Dépenses!$M$8<>0,COUNTIF(Dépenses!$M$3:$M$8,">0")+COUNTIF(Dépenses!$M$3:$M$8,"<0")=6),Dépenses!$Q$8,IF(AND(ISNUMBER(Dépenses!$M$9),Dépenses!$M$9<>0,COUNTIF(Dépenses!$M$3:$M$9,">0")+COUNTIF(Dépenses!$M$3:$M$9,"<0")=6),Dépenses!$Q$9,IF(AND(ISNUMBER(Dépenses!$M$10),Dépenses!$M$10<>0,COUNTIF(Dépenses!$M$3:$M$10,">0")+COUNTIF(Dépenses!$M$3:$M$10,"<0")=6),Dépenses!$Q$10,IF(AND(ISNUMBER(Dépenses!$M$11),Dépenses!$M$11<>0,COUNTIF(Dépenses!$M$3:$M$11,">0")+COUNTIF(Dépenses!$M$3:$M$11,"<0")=6),Dépenses!$Q$11,IF(AND(ISNUMBER(Dépenses!$M$12),Dépenses!$M$12<>0,COUNTIF(Dépenses!$M$3:$M$12,">0")+COUNTIF(Dépenses!$M$3:$M$12,"<0")=6),Dépenses!$Q$12,IF(AND(ISNUMBER(Dépenses!$M$13),Dépenses!$M$13<>0,COUNTIF(Dépenses!$M$3:$M$13,">0")+COUNTIF(Dépenses!$M$3:$M$13,"<0")=6),Dépenses!$Q$13,IF(AND(ISNUMBER(Dépenses!$M$14),Dépenses!$M$14<>0,COUNTIF(Dépenses!$M$3:$M$14,">0")+COUNTIF(Dépenses!$M$3:$M$14,"<0")=6),Dépenses!$Q$14,IF(AND(ISNUMBER(Dépenses!$M$15),Dépenses!$M$15<>0,COUNTIF(Dépenses!$M$3:$M$15,">0")+COUNTIF(Dépenses!$M$3:$M$15,"<0")=6),Dépenses!$Q$15,IF(AND(ISNUMBER(Dépenses!$M$16),Dépenses!$M$16<>0,COUNTIF(Dépenses!$M$3:$M$16,">0")+COUNTIF(Dépenses!$M$3:$M$16,"<0")=6),Dépenses!$Q$16,IF(AND(ISNUMBER(Dépenses!$M$17),Dépenses!$M$17<>0,COUNTIF(Dépenses!$M$3:$M$17,">0")+COUNTIF(Dépenses!$M$3:$M$17,"<0")=6),Dépenses!$Q$17,IF(AND(ISNUMBER(Dépenses!$M$18),Dépenses!$M$18<>0,COUNTIF(Dépenses!$M$3:$M$18,">0")+COUNTIF(Dépenses!$M$3:$M$18,"<0")=6),Dépenses!$Q$18,IF(AND(ISNUMBER(Dépenses!$M$19),Dépenses!$M$19<>0,COUNTIF(Dépenses!$M$3:$M$19,">0")+COUNTIF(Dépenses!$M$3:$M$19,"<0")=6),Dépenses!$Q$19,IF(AND(ISNUMBER(Dépenses!$M$20),Dépenses!$M$20<>0,COUNTIF(Dépenses!$M$3:$M$20,">0")+COUNTIF(Dépenses!$M$3:$M$20,"<0")=6),Dépenses!$Q$20,IF(AND(ISNUMBER(Dépenses!$M$21),Dépenses!$M$21<>0,COUNTIF(Dépenses!$M$3:$M$21,">0")+COUNTIF(Dépenses!$M$3:$M$21,"<0")=6),Dépenses!$Q$21,IF(AND(ISNUMBER(Dépenses!$M$22),Dépenses!$M$22<>0,COUNTIF(Dépenses!$M$3:$M$22,">0")+COUNTIF(Dépenses!$M$3:$M$22,"<0")=6),Dépenses!$Q$22,IF(AND(ISNUMBER(Dépenses!$M$23),Dépenses!$M$23<>0,COUNTIF(Dépenses!$M$3:$M$23,">0")+COUNTIF(Dépenses!$M$3:$M$23,"<0")=6),Dépenses!$Q$23,IF(AND(ISNUMBER(Dépenses!$M$24),Dépenses!$M$24<>0,COUNTIF(Dépenses!$M$3:$M$24,">0")+COUNTIF(Dépenses!$M$3:$M$24,"<0")=6),Dépenses!$Q$24,IF(AND(ISNUMBER(Dépenses!$M$25),Dépenses!$M$25<>0,COUNTIF(Dépenses!$M$3:$M$25,">0")+COUNTIF(Dépenses!$M$3:$M$25,"<0")=6),Dépenses!$Q$25,IF(AND(ISNUMBER(Dépenses!$M$26),Dépenses!$M$26<>0,COUNTIF(Dépenses!$M$3:$M$26,">0")+COUNTIF(Dépenses!$M$3:$M$26,"<0")=6),Dépenses!$Q$26,IF(AND(ISNUMBER(Dépenses!$M$27),Dépenses!$M$27<>0,COUNTIF(Dépenses!$M$3:$M$27,">0")+COUNTIF(Dépenses!$M$3:$M$27,"<0")=6),Dépenses!$Q$27,IF(AND(ISNUMBER(Dépenses!$M$28),Dépenses!$M$28<>0,COUNTIF(Dépenses!$M$3:$M$28,">0")+COUNTIF(Dépenses!$M$3:$M$28,"<0")=6),Dépenses!$Q$28,IF(AND(ISNUMBER(Dépenses!$M$29),Dépenses!$M$29<>0,COUNTIF(Dépenses!$M$3:$M$29,">0")+COUNTIF(Dépenses!$M$3:$M$29,"<0")=6),Dépenses!$Q$29,IF(AND(ISNUMBER(Dépenses!$M$30),Dépenses!$M$30<>0,COUNTIF(Dépenses!$M$3:$M$30,">0")+COUNTIF(Dépenses!$M$3:$M$30,"<0")=6),Dépenses!$Q$30,IF(AND(ISNUMBER(Dépenses!$M$31),Dépenses!$M$31<>0,COUNTIF(Dépenses!$M$3:$M$31,">0")+COUNTIF(Dépenses!$M$3:$M$31,"<0")=6),Dépenses!$Q$31,IF(AND(ISNUMBER(Dépenses!$M$32),Dépenses!$M$32<>0,COUNTIF(Dépenses!$M$3:$M$32,">0")+COUNTIF(Dépenses!$M$3:$M$32,"<0")=6),Dépenses!$Q$32,IF(AND(ISNUMBER(Dépenses!$M$33),Dépenses!$M$33<>0,COUNTIF(Dépenses!$M$3:$M$33,">0")+COUNTIF(Dépenses!$M$3:$M$33,"<0")=6),Dépenses!$Q$33,IF(AND(ISNUMBER(Dépenses!$M$34),Dépenses!$M$34<>0,COUNTIF(Dépenses!$M$3:$M$34,">0")+COUNTIF(Dépenses!$M$3:$M$34,"<0")=6),Dépenses!$Q$34,IF(AND(ISNUMBER(Dépenses!$M$35),Dépenses!$M$35<>0,COUNTIF(Dépenses!$M$3:$M$35,">0")+COUNTIF(Dépenses!$M$3:$M$35,"<0")=6),Dépenses!$Q$35,IF(AND(ISNUMBER(Dépenses!$M$36),Dépenses!$M$36<>0,COUNTIF(Dépenses!$M$3:$M$36,">0")+COUNTIF(Dépenses!$M$3:$M$36,"<0")=6),Dépenses!$Q$36,IF(AND(ISNUMBER(Dépenses!$M$37),Dépenses!$M$37<>0,COUNTIF(Dépenses!$M$3:$M$37,">0")+COUNTIF(Dépenses!$M$3:$M$37,"<0")=6),Dépenses!$Q$37,IF(AND(ISNUMBER(Dépenses!$M$38),Dépenses!$M$38<>0,COUNTIF(Dépenses!$M$3:$M$38,">0")+COUNTIF(Dépenses!$M$3:$M$38,"<0")=6),Dépenses!$Q$38,IF(AND(ISNUMBER(Dépenses!$M$39),Dépenses!$M$39<>0,COUNTIF(Dépenses!$M$3:$M$39,">0")+COUNTIF(Dépenses!$M$3:$M$39,"<0")=6),Dépenses!$Q$39,IF(AND(ISNUMBER(Dépenses!$M$40),Dépenses!$M$40<>0,COUNTIF(Dépenses!$M$3:$M$40,">0")+COUNTIF(Dépenses!$M$3:$M$40,"<0")=6),Dépenses!$Q$40,IF(AND(ISNUMBER(Dépenses!$M$41),Dépenses!$M$41<>0,COUNTIF(Dépenses!$M$3:$M$41,">0")+COUNTIF(Dépenses!$M$3:$M$41,"<0")=6),Dépenses!$Q$41,IF(AND(ISNUMBER(Dépenses!$M$42),Dépenses!$M$42<>0,COUNTIF(Dépenses!$M$3:$M$42,">0")+COUNTIF(Dépenses!$M$3:$M$42,"<0")=6),Dépenses!$Q$42,IF(AND(ISNUMBER(Dépenses!$M$43),Dépenses!$M$43<>0,COUNTIF(Dépenses!$M$3:$M$43,">0")+COUNTIF(Dépenses!$M$3:$M$43,"<0")=6),Dépenses!$Q$43,""))))))))))))))))))))))))))))))))))))))))),IF(6=COUNTIF(Dépenses!$M$3:$M$43,">0")+COUNTIF(Dépenses!$M$3:$M$43,"<0")+1,SUM(Dépenses!$Q$3:$Q$43),IF(6=COUNTIF(Dépenses!$M$3:$M$43,">0")+COUNTIF(Dépenses!$M$3:$M$43,"<0")+2,Revenus!$J$2-SUM(Dépenses!$Q$3:$Q$43),"")))
D15: Taux rapide TVQ | E15: =IF($Z$100="Rapide",0.066,"Ø") -> Ø | G15: =IF(7<=COUNTIF(Dépenses!$M$3:$M$43,">0")+COUNTIF(Dépenses!$M$3:$M$43,"<0"),IF(AND(ISNUMBER(Dépenses!$M$3),Dépenses!$M$3<>0,COUNTIF(Dépenses!$M$3:$M$3,">0")+COUNTIF(Dépenses!$M$3:$M$3,"<0")=7),Dépenses!$L$3,IF(AND(ISNUMBER(Dépenses!$M$4),Dépenses!$M$4<>0,COUNTIF(Dépenses!$M$3:$M$4,">0")+COUNTIF(Dépenses!$M$3:$M$4,"<0")=7),Dépenses!$L$4,IF(AND(ISNUMBER(Dépenses!$M$5),Dépenses!$M$5<>0,COUNTIF(Dépenses!$M$3:$M$5,">0")+COUNTIF(Dépenses!$M$3:$M$5,"<0")=7),Dépenses!$L$5,IF(AND(ISNUMBER(Dépenses!$M$6),Dépenses!$M$6<>0,COUNTIF(Dépenses!$M$3:$M$6,">0")+COUNTIF(Dépenses!$M$3:$M$6,"<0")=7),Dépenses!$L$6,IF(AND(ISNUMBER(Dépenses!$M$7),Dépenses!$M$7<>0,COUNTIF(Dépenses!$M$3:$M$7,">0")+COUNTIF(Dépenses!$M$3:$M$7,"<0")=7),Dépenses!$L$7,IF(AND(ISNUMBER(Dépenses!$M$8),Dépenses!$M$8<>0,COUNTIF(Dépenses!$M$3:$M$8,">0")+COUNTIF(Dépenses!$M$3:$M$8,"<0")=7),Dépenses!$L$8,IF(AND(ISNUMBER(Dépenses!$M$9),Dépenses!$M$9<>0,COUNTIF(Dépenses!$M$3:$M$9,">0")+COUNTIF(Dépenses!$M$3:$M$9,"<0")=7),Dépenses!$L$9,IF(AND(ISNUMBER(Dépenses!$M$10),Dépenses!$M$10<>0,COUNTIF(Dépenses!$M$3:$M$10,">0")+COUNTIF(Dépenses!$M$3:$M$10,"<0")=7),Dépenses!$L$10,IF(AND(ISNUMBER(Dépenses!$M$11),Dépenses!$M$11<>0,COUNTIF(Dépenses!$M$3:$M$11,">0")+COUNTIF(Dépenses!$M$3:$M$11,"<0")=7),Dépenses!$L$11,IF(AND(ISNUMBER(Dépenses!$M$12),Dépenses!$M$12<>0,COUNTIF(Dépenses!$M$3:$M$12,">0")+COUNTIF(Dépenses!$M$3:$M$12,"<0")=7),Dépenses!$L$12,IF(AND(ISNUMBER(Dépenses!$M$13),Dépenses!$M$13<>0,COUNTIF(Dépenses!$M$3:$M$13,">0")+COUNTIF(Dépenses!$M$3:$M$13,"<0")=7),Dépenses!$L$13,IF(AND(ISNUMBER(Dépenses!$M$14),Dépenses!$M$14<>0,COUNTIF(Dépenses!$M$3:$M$14,">0")+COUNTIF(Dépenses!$M$3:$M$14,"<0")=7),Dépenses!$L$14,IF(AND(ISNUMBER(Dépenses!$M$15),Dépenses!$M$15<>0,COUNTIF(Dépenses!$M$3:$M$15,">0")+COUNTIF(Dépenses!$M$3:$M$15,"<0")=7),Dépenses!$L$15,IF(AND(ISNUMBER(Dépenses!$M$16),Dépenses!$M$16<>0,COUNTIF(Dépenses!$M$3:$M$16,">0")+COUNTIF(Dépenses!$M$3:$M$16,"<0")=7),Dépenses!$L$16,IF(AND(ISNUMBER(Dépenses!$M$17),Dépenses!$M$17<>0,COUNTIF(Dépenses!$M$3:$M$17,">0")+COUNTIF(Dépenses!$M$3:$M$17,"<0")=7),Dépenses!$L$17,IF(AND(ISNUMBER(Dépenses!$M$18),Dépenses!$M$18<>0,COUNTIF(Dépenses!$M$3:$M$18,">0")+COUNTIF(Dépenses!$M$3:$M$18,"<0")=7),Dépenses!$L$18,IF(AND(ISNUMBER(Dépenses!$M$19),Dépenses!$M$19<>0,COUNTIF(Dépenses!$M$3:$M$19,">0")+COUNTIF(Dépenses!$M$3:$M$19,"<0")=7),Dépenses!$L$19,IF(AND(ISNUMBER(Dépenses!$M$20),Dépenses!$M$20<>0,COUNTIF(Dépenses!$M$3:$M$20,">0")+COUNTIF(Dépenses!$M$3:$M$20,"<0")=7),Dépenses!$L$20,IF(AND(ISNUMBER(Dépenses!$M$21),Dépenses!$M$21<>0,COUNTIF(Dépenses!$M$3:$M$21,">0")+COUNTIF(Dépenses!$M$3:$M$21,"<0")=7),Dépenses!$L$21,IF(AND(ISNUMBER(Dépenses!$M$22),Dépenses!$M$22<>0,COUNTIF(Dépenses!$M$3:$M$22,">0")+COUNTIF(Dépenses!$M$3:$M$22,"<0")=7),Dépenses!$L$22,IF(AND(ISNUMBER(Dépenses!$M$23),Dépenses!$M$23<>0,COUNTIF(Dépenses!$M$3:$M$23,">0")+COUNTIF(Dépenses!$M$3:$M$23,"<0")=7),Dépenses!$L$23,IF(AND(ISNUMBER(Dépenses!$M$24),Dépenses!$M$24<>0,COUNTIF(Dépenses!$M$3:$M$24,">0")+COUNTIF(Dépenses!$M$3:$M$24,"<0")=7),Dépenses!$L$24,IF(AND(ISNUMBER(Dépenses!$M$25),Dépenses!$M$25<>0,COUNTIF(Dépenses!$M$3:$M$25,">0")+COUNTIF(Dépenses!$M$3:$M$25,"<0")=7),Dépenses!$L$25,IF(AND(ISNUMBER(Dépenses!$M$26),Dépenses!$M$26<>0,COUNTIF(Dépenses!$M$3:$M$26,">0")+COUNTIF(Dépenses!$M$3:$M$26,"<0")=7),Dépenses!$L$26,IF(AND(ISNUMBER(Dépenses!$M$27),Dépenses!$M$27<>0,COUNTIF(Dépenses!$M$3:$M$27,">0")+COUNTIF(Dépenses!$M$3:$M$27,"<0")=7),Dépenses!$L$27,IF(AND(ISNUMBER(Dépenses!$M$28),Dépenses!$M$28<>0,COUNTIF(Dépenses!$M$3:$M$28,">0")+COUNTIF(Dépenses!$M$3:$M$28,"<0")=7),Dépenses!$L$28,IF(AND(ISNUMBER(Dépenses!$M$29),Dépenses!$M$29<>0,COUNTIF(Dépenses!$M$3:$M$29,">0")+COUNTIF(Dépenses!$M$3:$M$29,"<0")=7),Dépenses!$L$29,IF(AND(ISNUMBER(Dépenses!$M$30),Dépenses!$M$30<>0,COUNTIF(Dépenses!$M$3:$M$30,">0")+COUNTIF(Dépenses!$M$3:$M$30,"<0")=7),Dépenses!$L$30,IF(AND(ISNUMBER(Dépenses!$M$31),Dépenses!$M$31<>0,COUNTIF(Dépenses!$M$3:$M$31,">0")+COUNTIF(Dépenses!$M$3:$M$31,"<0")=7),Dépenses!$L$31,IF(AND(ISNUMBER(Dépenses!$M$32),Dépenses!$M$32<>0,COUNTIF(Dépenses!$M$3:$M$32,">0")+COUNTIF(Dépenses!$M$3:$M$32,"<0")=7),Dépenses!$L$32,IF(AND(ISNUMBER(Dépenses!$M$33),Dépenses!$M$33<>0,COUNTIF(Dépenses!$M$3:$M$33,">0")+COUNTIF(Dépenses!$M$3:$M$33,"<0")=7),Dépenses!$L$33,IF(AND(ISNUMBER(Dépenses!$M$34),Dépenses!$M$34<>0,COUNTIF(Dépenses!$M$3:$M$34,">0")+COUNTIF(Dépenses!$M$3:$M$34,"<0")=7),Dépenses!$L$34,IF(AND(ISNUMBER(Dépenses!$M$35),Dépenses!$M$35<>0,COUNTIF(Dépenses!$M$3:$M$35,">0")+COUNTIF(Dépenses!$M$3:$M$35,"<0")=7),Dépenses!$L$35,IF(AND(ISNUMBER(Dépenses!$M$36),Dépenses!$M$36<>0,COUNTIF(Dépenses!$M$3:$M$36,">0")+COUNTIF(Dépenses!$M$3:$M$36,"<0")=7),Dépenses!$L$36,IF(AND(ISNUMBER(Dépenses!$M$37),Dépenses!$M$37<>0,COUNTIF(Dépenses!$M$3:$M$37,">0")+COUNTIF(Dépenses!$M$3:$M$37,"<0")=7),Dépenses!$L$37,IF(AND(ISNUMBER(Dépenses!$M$38),Dépenses!$M$38<>0,COUNTIF(Dépenses!$M$3:$M$38,">0")+COUNTIF(Dépenses!$M$3:$M$38,"<0")=7),Dépenses!$L$38,IF(AND(ISNUMBER(Dépenses!$M$39),Dépenses!$M$39<>0,COUNTIF(Dépenses!$M$3:$M$39,">0")+COUNTIF(Dépenses!$M$3:$M$39,"<0")=7),Dépenses!$L$39,IF(AND(ISNUMBER(Dépenses!$M$40),Dépenses!$M$40<>0,COUNTIF(Dépenses!$M$3:$M$40,">0")+COUNTIF(Dépenses!$M$3:$M$40,"<0")=7),Dépenses!$L$40,IF(AND(ISNUMBER(Dépenses!$M$41),Dépenses!$M$41<>0,COUNTIF(Dépenses!$M$3:$M$41,">0")+COUNTIF(Dépenses!$M$3:$M$41,"<0")=7),Dépenses!$L$41,IF(AND(ISNUMBER(Dépenses!$M$42),Dépenses!$M$42<>0,COUNTIF(Dépenses!$M$3:$M$42,">0")+COUNTIF(Dépenses!$M$3:$M$42,"<0")=7),Dépenses!$L$42,IF(AND(ISNUMBER(Dépenses!$M$43),Dépenses!$M$43<>0,COUNTIF(Dépenses!$M$3:$M$43,">0")+COUNTIF(Dépenses!$M$3:$M$43,"<0")=7),Dépenses!$L$43,""))))))))))))))))))))))))))))))))))))))))),IF(7=COUNTIF(Dépenses!$M$3:$M$43,">0")+COUNTIF(Dépenses!$M$3:$M$43,"<0")+1,"TOTAL DÉPENSES",IF(7=COUNTIF(Dépenses!$M$3:$M$43,">0")+COUNTIF(Dépenses!$M$3:$M$43,"<0")+2,"BÉNÉFICE (PERTE) NET",""))) | H15: =IF(7<=COUNTIF(Dépenses!$M$3:$M$43,">0")+COUNTIF(Dépenses!$M$3:$M$43,"<0"),IF(AND(ISNUMBER(Dépenses!$M$3),Dépenses!$M$3<>0,COUNTIF(Dépenses!$M$3:$M$3,">0")+COUNTIF(Dépenses!$M$3:$M$3,"<0")=7),Dépenses!$M$3,IF(AND(ISNUMBER(Dépenses!$M$4),Dépenses!$M$4<>0,COUNTIF(Dépenses!$M$3:$M$4,">0")+COUNTIF(Dépenses!$M$3:$M$4,"<0")=7),Dépenses!$M$4,IF(AND(ISNUMBER(Dépenses!$M$5),Dépenses!$M$5<>0,COUNTIF(Dépenses!$M$3:$M$5,">0")+COUNTIF(Dépenses!$M$3:$M$5,"<0")=7),Dépenses!$M$5,IF(AND(ISNUMBER(Dépenses!$M$6),Dépenses!$M$6<>0,COUNTIF(Dépenses!$M$3:$M$6,">0")+COUNTIF(Dépenses!$M$3:$M$6,"<0")=7),Dépenses!$M$6,IF(AND(ISNUMBER(Dépenses!$M$7),Dépenses!$M$7<>0,COUNTIF(Dépenses!$M$3:$M$7,">0")+COUNTIF(Dépenses!$M$3:$M$7,"<0")=7),Dépenses!$M$7,IF(AND(ISNUMBER(Dépenses!$M$8),Dépenses!$M$8<>0,COUNTIF(Dépenses!$M$3:$M$8,">0")+COUNTIF(Dépenses!$M$3:$M$8,"<0")=7),Dépenses!$M$8,IF(AND(ISNUMBER(Dépenses!$M$9),Dépenses!$M$9<>0,COUNTIF(Dépenses!$M$3:$M$9,">0")+COUNTIF(Dépenses!$M$3:$M$9,"<0")=7),Dépenses!$M$9,IF(AND(ISNUMBER(Dépenses!$M$10),Dépenses!$M$10<>0,COUNTIF(Dépenses!$M$3:$M$10,">0")+COUNTIF(Dépenses!$M$3:$M$10,"<0")=7),Dépenses!$M$10,IF(AND(ISNUMBER(Dépenses!$M$11),Dépenses!$M$11<>0,COUNTIF(Dépenses!$M$3:$M$11,">0")+COUNTIF(Dépenses!$M$3:$M$11,"<0")=7),Dépenses!$M$11,IF(AND(ISNUMBER(Dépenses!$M$12),Dépenses!$M$12<>0,COUNTIF(Dépenses!$M$3:$M$12,">0")+COUNTIF(Dépenses!$M$3:$M$12,"<0")=7),Dépenses!$M$12,IF(AND(ISNUMBER(Dépenses!$M$13),Dépenses!$M$13<>0,COUNTIF(Dépenses!$M$3:$M$13,">0")+COUNTIF(Dépenses!$M$3:$M$13,"<0")=7),Dépenses!$M$13,IF(AND(ISNUMBER(Dépenses!$M$14),Dépenses!$M$14<>0,COUNTIF(Dépenses!$M$3:$M$14,">0")+COUNTIF(Dépenses!$M$3:$M$14,"<0")=7),Dépenses!$M$14,IF(AND(ISNUMBER(Dépenses!$M$15),Dépenses!$M$15<>0,COUNTIF(Dépenses!$M$3:$M$15,">0")+COUNTIF(Dépenses!$M$3:$M$15,"<0")=7),Dépenses!$M$15,IF(AND(ISNUMBER(Dépenses!$M$16),Dépenses!$M$16<>0,COUNTIF(Dépenses!$M$3:$M$16,">0")+COUNTIF(Dépenses!$M$3:$M$16,"<0")=7),Dépenses!$M$16,IF(AND(ISNUMBER(Dépenses!$M$17),Dépenses!$M$17<>0,COUNTIF(Dépenses!$M$3:$M$17,">0")+COUNTIF(Dépenses!$M$3:$M$17,"<0")=7),Dépenses!$M$17,IF(AND(ISNUMBER(Dépenses!$M$18),Dépenses!$M$18<>0,COUNTIF(Dépenses!$M$3:$M$18,">0")+COUNTIF(Dépenses!$M$3:$M$18,"<0")=7),Dépenses!$M$18,IF(AND(ISNUMBER(Dépenses!$M$19),Dépenses!$M$19<>0,COUNTIF(Dépenses!$M$3:$M$19,">0")+COUNTIF(Dépenses!$M$3:$M$19,"<0")=7),Dépenses!$M$19,IF(AND(ISNUMBER(Dépenses!$M$20),Dépenses!$M$20<>0,COUNTIF(Dépenses!$M$3:$M$20,">0")+COUNTIF(Dépenses!$M$3:$M$20,"<0")=7),Dépenses!$M$20,IF(AND(ISNUMBER(Dépenses!$M$21),Dépenses!$M$21<>0,COUNTIF(Dépenses!$M$3:$M$21,">0")+COUNTIF(Dépenses!$M$3:$M$21,"<0")=7),Dépenses!$M$21,IF(AND(ISNUMBER(Dépenses!$M$22),Dépenses!$M$22<>0,COUNTIF(Dépenses!$M$3:$M$22,">0")+COUNTIF(Dépenses!$M$3:$M$22,"<0")=7),Dépenses!$M$22,IF(AND(ISNUMBER(Dépenses!$M$23),Dépenses!$M$23<>0,COUNTIF(Dépenses!$M$3:$M$23,">0")+COUNTIF(Dépenses!$M$3:$M$23,"<0")=7),Dépenses!$M$23,IF(AND(ISNUMBER(Dépenses!$M$24),Dépenses!$M$24<>0,COUNTIF(Dépenses!$M$3:$M$24,">0")+COUNTIF(Dépenses!$M$3:$M$24,"<0")=7),Dépenses!$M$24,IF(AND(ISNUMBER(Dépenses!$M$25),Dépenses!$M$25<>0,COUNTIF(Dépenses!$M$3:$M$25,">0")+COUNTIF(Dépenses!$M$3:$M$25,"<0")=7),Dépenses!$M$25,IF(AND(ISNUMBER(Dépenses!$M$26),Dépenses!$M$26<>0,COUNTIF(Dépenses!$M$3:$M$26,">0")+COUNTIF(Dépenses!$M$3:$M$26,"<0")=7),Dépenses!$M$26,IF(AND(ISNUMBER(Dépenses!$M$27),Dépenses!$M$27<>0,COUNTIF(Dépenses!$M$3:$M$27,">0")+COUNTIF(Dépenses!$M$3:$M$27,"<0")=7),Dépenses!$M$27,IF(AND(ISNUMBER(Dépenses!$M$28),Dépenses!$M$28<>0,COUNTIF(Dépenses!$M$3:$M$28,">0")+COUNTIF(Dépenses!$M$3:$M$28,"<0")=7),Dépenses!$M$28,IF(AND(ISNUMBER(Dépenses!$M$29),Dépenses!$M$29<>0,COUNTIF(Dépenses!$M$3:$M$29,">0")+COUNTIF(Dépenses!$M$3:$M$29,"<0")=7),Dépenses!$M$29,IF(AND(ISNUMBER(Dépenses!$M$30),Dépenses!$M$30<>0,COUNTIF(Dépenses!$M$3:$M$30,">0")+COUNTIF(Dépenses!$M$3:$M$30,"<0")=7),Dépenses!$M$30,IF(AND(ISNUMBER(Dépenses!$M$31),Dépenses!$M$31<>0,COUNTIF(Dépenses!$M$3:$M$31,">0")+COUNTIF(Dépenses!$M$3:$M$31,"<0")=7),Dépenses!$M$31,IF(AND(ISNUMBER(Dépenses!$M$32),Dépenses!$M$32<>0,COUNTIF(Dépenses!$M$3:$M$32,">0")+COUNTIF(Dépenses!$M$3:$M$32,"<0")=7),Dépenses!$M$32,IF(AND(ISNUMBER(Dépenses!$M$33),Dépenses!$M$33<>0,COUNTIF(Dépenses!$M$3:$M$33,">0")+COUNTIF(Dépenses!$M$3:$M$33,"<0")=7),Dépenses!$M$33,IF(AND(ISNUMBER(Dépenses!$M$34),Dépenses!$M$34<>0,COUNTIF(Dépenses!$M$3:$M$34,">0")+COUNTIF(Dépenses!$M$3:$M$34,"<0")=7),Dépenses!$M$34,IF(AND(ISNUMBER(Dépenses!$M$35),Dépenses!$M$35<>0,COUNTIF(Dépenses!$M$3:$M$35,">0")+COUNTIF(Dépenses!$M$3:$M$35,"<0")=7),Dépenses!$M$35,IF(AND(ISNUMBER(Dépenses!$M$36),Dépenses!$M$36<>0,COUNTIF(Dépenses!$M$3:$M$36,">0")+COUNTIF(Dépenses!$M$3:$M$36,"<0")=7),Dépenses!$M$36,IF(AND(ISNUMBER(Dépenses!$M$37),Dépenses!$M$37<>0,COUNTIF(Dépenses!$M$3:$M$37,">0")+COUNTIF(Dépenses!$M$3:$M$37,"<0")=7),Dépenses!$M$37,IF(AND(ISNUMBER(Dépenses!$M$38),Dépenses!$M$38<>0,COUNTIF(Dépenses!$M$3:$M$38,">0")+COUNTIF(Dépenses!$M$3:$M$38,"<0")=7),Dépenses!$M$38,IF(AND(ISNUMBER(Dépenses!$M$39),Dépenses!$M$39<>0,COUNTIF(Dépenses!$M$3:$M$39,">0")+COUNTIF(Dépenses!$M$3:$M$39,"<0")=7),Dépenses!$M$39,IF(AND(ISNUMBER(Dépenses!$M$40),Dépenses!$M$40<>0,COUNTIF(Dépenses!$M$3:$M$40,">0")+COUNTIF(Dépenses!$M$3:$M$40,"<0")=7),Dépenses!$M$40,IF(AND(ISNUMBER(Dépenses!$M$41),Dépenses!$M$41<>0,COUNTIF(Dépenses!$M$3:$M$41,">0")+COUNTIF(Dépenses!$M$3:$M$41,"<0")=7),Dépenses!$M$41,IF(AND(ISNUMBER(Dépenses!$M$42),Dépenses!$M$42<>0,COUNTIF(Dépenses!$M$3:$M$42,">0")+COUNTIF(Dépenses!$M$3:$M$42,"<0")=7),Dépenses!$M$42,IF(AND(ISNUMBER(Dépenses!$M$43),Dépenses!$M$43<>0,COUNTIF(Dépenses!$M$3:$M$43,">0")+COUNTIF(Dépenses!$M$3:$M$43,"<0")=7),Dépenses!$M$43,""))))))))))))))))))))))))))))))))))))))))),IF(7=COUNTIF(Dépenses!$M$3:$M$43,">0")+COUNTIF(Dépenses!$M$3:$M$43,"<0")+1,SUM(Dépenses!$M$3:$M$43),IF(7=COUNTIF(Dépenses!$M$3:$M$43,">0")+COUNTIF(Dépenses!$M$3:$M$43,"<0")+2,Revenus!$J$2-SUM(Dépenses!$M$3:$M$43),""))) | I15: =IF(7<=COUNTIF(Dépenses!$M$3:$M$43,">0")+COUNTIF(Dépenses!$M$3:$M$43,"<0"),IF(AND(ISNUMBER(Dépenses!$M$3),Dépenses!$M$3<>0,COUNTIF(Dépenses!$M$3:$M$3,">0")+COUNTIF(Dépenses!$M$3:$M$3,"<0")=7),Dépenses!$P$3,IF(AND(ISNUMBER(Dépenses!$M$4),Dépenses!$M$4<>0,COUNTIF(Dépenses!$M$3:$M$4,">0")+COUNTIF(Dépenses!$M$3:$M$4,"<0")=7),Dépenses!$P$4,IF(AND(ISNUMBER(Dépenses!$M$5),Dépenses!$M$5<>0,COUNTIF(Dépenses!$M$3:$M$5,">0")+COUNTIF(Dépenses!$M$3:$M$5,"<0")=7),Dépenses!$P$5,IF(AND(ISNUMBER(Dépenses!$M$6),Dépenses!$M$6<>0,COUNTIF(Dépenses!$M$3:$M$6,">0")+COUNTIF(Dépenses!$M$3:$M$6,"<0")=7),Dépenses!$P$6,IF(AND(ISNUMBER(Dépenses!$M$7),Dépenses!$M$7<>0,COUNTIF(Dépenses!$M$3:$M$7,">0")+COUNTIF(Dépenses!$M$3:$M$7,"<0")=7),Dépenses!$P$7,IF(AND(ISNUMBER(Dépenses!$M$8),Dépenses!$M$8<>0,COUNTIF(Dépenses!$M$3:$M$8,">0")+COUNTIF(Dépenses!$M$3:$M$8,"<0")=7),Dépenses!$P$8,IF(AND(ISNUMBER(Dépenses!$M$9),Dépenses!$M$9<>0,COUNTIF(Dépenses!$M$3:$M$9,">0")+COUNTIF(Dépenses!$M$3:$M$9,"<0")=7),Dépenses!$P$9,IF(AND(ISNUMBER(Dépenses!$M$10),Dépenses!$M$10<>0,COUNTIF(Dépenses!$M$3:$M$10,">0")+COUNTIF(Dépenses!$M$3:$M$10,"<0")=7),Dépenses!$P$10,IF(AND(ISNUMBER(Dépenses!$M$11),Dépenses!$M$11<>0,COUNTIF(Dépenses!$M$3:$M$11,">0")+COUNTIF(Dépenses!$M$3:$M$11,"<0")=7),Dépenses!$P$11,IF(AND(ISNUMBER(Dépenses!$M$12),Dépenses!$M$12<>0,COUNTIF(Dépenses!$M$3:$M$12,">0")+COUNTIF(Dépenses!$M$3:$M$12,"<0")=7),Dépenses!$P$12,IF(AND(ISNUMBER(Dépenses!$M$13),Dépenses!$M$13<>0,COUNTIF(Dépenses!$M$3:$M$13,">0")+COUNTIF(Dépenses!$M$3:$M$13,"<0")=7),Dépenses!$P$13,IF(AND(ISNUMBER(Dépenses!$M$14),Dépenses!$M$14<>0,COUNTIF(Dépenses!$M$3:$M$14,">0")+COUNTIF(Dépenses!$M$3:$M$14,"<0")=7),Dépenses!$P$14,IF(AND(ISNUMBER(Dépenses!$M$15),Dépenses!$M$15<>0,COUNTIF(Dépenses!$M$3:$M$15,">0")+COUNTIF(Dépenses!$M$3:$M$15,"<0")=7),Dépenses!$P$15,IF(AND(ISNUMBER(Dépenses!$M$16),Dépenses!$M$16<>0,COUNTIF(Dépenses!$M$3:$M$16,">0")+COUNTIF(Dépenses!$M$3:$M$16,"<0")=7),Dépenses!$P$16,IF(AND(ISNUMBER(Dépenses!$M$17),Dépenses!$M$17<>0,COUNTIF(Dépenses!$M$3:$M$17,">0")+COUNTIF(Dépenses!$M$3:$M$17,"<0")=7),Dépenses!$P$17,IF(AND(ISNUMBER(Dépenses!$M$18),Dépenses!$M$18<>0,COUNTIF(Dépenses!$M$3:$M$18,">0")+COUNTIF(Dépenses!$M$3:$M$18,"<0")=7),Dépenses!$P$18,IF(AND(ISNUMBER(Dépenses!$M$19),Dépenses!$M$19<>0,COUNTIF(Dépenses!$M$3:$M$19,">0")+COUNTIF(Dépenses!$M$3:$M$19,"<0")=7),Dépenses!$P$19,IF(AND(ISNUMBER(Dépenses!$M$20),Dépenses!$M$20<>0,COUNTIF(Dépenses!$M$3:$M$20,">0")+COUNTIF(Dépenses!$M$3:$M$20,"<0")=7),Dépenses!$P$20,IF(AND(ISNUMBER(Dépenses!$M$21),Dépenses!$M$21<>0,COUNTIF(Dépenses!$M$3:$M$21,">0")+COUNTIF(Dépenses!$M$3:$M$21,"<0")=7),Dépenses!$P$21,IF(AND(ISNUMBER(Dépenses!$M$22),Dépenses!$M$22<>0,COUNTIF(Dépenses!$M$3:$M$22,">0")+COUNTIF(Dépenses!$M$3:$M$22,"<0")=7),Dépenses!$P$22,IF(AND(ISNUMBER(Dépenses!$M$23),Dépenses!$M$23<>0,COUNTIF(Dépenses!$M$3:$M$23,">0")+COUNTIF(Dépenses!$M$3:$M$23,"<0")=7),Dépenses!$P$23,IF(AND(ISNUMBER(Dépenses!$M$24),Dépenses!$M$24<>0,COUNTIF(Dépenses!$M$3:$M$24,">0")+COUNTIF(Dépenses!$M$3:$M$24,"<0")=7),Dépenses!$P$24,IF(AND(ISNUMBER(Dépenses!$M$25),Dépenses!$M$25<>0,COUNTIF(Dépenses!$M$3:$M$25,">0")+COUNTIF(Dépenses!$M$3:$M$25,"<0")=7),Dépenses!$P$25,IF(AND(ISNUMBER(Dépenses!$M$26),Dépenses!$M$26<>0,COUNTIF(Dépenses!$M$3:$M$26,">0")+COUNTIF(Dépenses!$M$3:$M$26,"<0")=7),Dépenses!$P$26,IF(AND(ISNUMBER(Dépenses!$M$27),Dépenses!$M$27<>0,COUNTIF(Dépenses!$M$3:$M$27,">0")+COUNTIF(Dépenses!$M$3:$M$27,"<0")=7),Dépenses!$P$27,IF(AND(ISNUMBER(Dépenses!$M$28),Dépenses!$M$28<>0,COUNTIF(Dépenses!$M$3:$M$28,">0")+COUNTIF(Dépenses!$M$3:$M$28,"<0")=7),Dépenses!$P$28,IF(AND(ISNUMBER(Dépenses!$M$29),Dépenses!$M$29<>0,COUNTIF(Dépenses!$M$3:$M$29,">0")+COUNTIF(Dépenses!$M$3:$M$29,"<0")=7),Dépenses!$P$29,IF(AND(ISNUMBER(Dépenses!$M$30),Dépenses!$M$30<>0,COUNTIF(Dépenses!$M$3:$M$30,">0")+COUNTIF(Dépenses!$M$3:$M$30,"<0")=7),Dépenses!$P$30,IF(AND(ISNUMBER(Dépenses!$M$31),Dépenses!$M$31<>0,COUNTIF(Dépenses!$M$3:$M$31,">0")+COUNTIF(Dépenses!$M$3:$M$31,"<0")=7),Dépenses!$P$31,IF(AND(ISNUMBER(Dépenses!$M$32),Dépenses!$M$32<>0,COUNTIF(Dépenses!$M$3:$M$32,">0")+COUNTIF(Dépenses!$M$3:$M$32,"<0")=7),Dépenses!$P$32,IF(AND(ISNUMBER(Dépenses!$M$33),Dépenses!$M$33<>0,COUNTIF(Dépenses!$M$3:$M$33,">0")+COUNTIF(Dépenses!$M$3:$M$33,"<0")=7),Dépenses!$P$33,IF(AND(ISNUMBER(Dépenses!$M$34),Dépenses!$M$34<>0,COUNTIF(Dépenses!$M$3:$M$34,">0")+COUNTIF(Dépenses!$M$3:$M$34,"<0")=7),Dépenses!$P$34,IF(AND(ISNUMBER(Dépenses!$M$35),Dépenses!$M$35<>0,COUNTIF(Dépenses!$M$3:$M$35,">0")+COUNTIF(Dépenses!$M$3:$M$35,"<0")=7),Dépenses!$P$35,IF(AND(ISNUMBER(Dépenses!$M$36),Dépenses!$M$36<>0,COUNTIF(Dépenses!$M$3:$M$36,">0")+COUNTIF(Dépenses!$M$3:$M$36,"<0")=7),Dépenses!$P$36,IF(AND(ISNUMBER(Dépenses!$M$37),Dépenses!$M$37<>0,COUNTIF(Dépenses!$M$3:$M$37,">0")+COUNTIF(Dépenses!$M$3:$M$37,"<0")=7),Dépenses!$P$37,IF(AND(ISNUMBER(Dépenses!$M$38),Dépenses!$M$38<>0,COUNTIF(Dépenses!$M$3:$M$38,">0")+COUNTIF(Dépenses!$M$3:$M$38,"<0")=7),Dépenses!$P$38,IF(AND(ISNUMBER(Dépenses!$M$39),Dépenses!$M$39<>0,COUNTIF(Dépenses!$M$3:$M$39,">0")+COUNTIF(Dépenses!$M$3:$M$39,"<0")=7),Dépenses!$P$39,IF(AND(ISNUMBER(Dépenses!$M$40),Dépenses!$M$40<>0,COUNTIF(Dépenses!$M$3:$M$40,">0")+COUNTIF(Dépenses!$M$3:$M$40,"<0")=7),Dépenses!$P$40,IF(AND(ISNUMBER(Dépenses!$M$41),Dépenses!$M$41<>0,COUNTIF(Dépenses!$M$3:$M$41,">0")+COUNTIF(Dépenses!$M$3:$M$41,"<0")=7),Dépenses!$P$41,IF(AND(ISNUMBER(Dépenses!$M$42),Dépenses!$M$42<>0,COUNTIF(Dépenses!$M$3:$M$42,">0")+COUNTIF(Dépenses!$M$3:$M$42,"<0")=7),Dépenses!$P$42,IF(AND(ISNUMBER(Dépenses!$M$43),Dépenses!$M$43<>0,COUNTIF(Dépenses!$M$3:$M$43,">0")+COUNTIF(Dépenses!$M$3:$M$43,"<0")=7),Dépenses!$P$43,""))))))))))))))))))))))))))))))))))))))))),"") | J15: =IF(7<=COUNTIF(Dépenses!$M$3:$M$43,">0")+COUNTIF(Dépenses!$M$3:$M$43,"<0"),IF(AND(ISNUMBER(Dépenses!$M$3),Dépenses!$M$3<>0,COUNTIF(Dépenses!$M$3:$M$3,">0")+COUNTIF(Dépenses!$M$3:$M$3,"<0")=7),Dépenses!$Q$3,IF(AND(ISNUMBER(Dépenses!$M$4),Dépenses!$M$4<>0,COUNTIF(Dépenses!$M$3:$M$4,">0")+COUNTIF(Dépenses!$M$3:$M$4,"<0")=7),Dépenses!$Q$4,IF(AND(ISNUMBER(Dépenses!$M$5),Dépenses!$M$5<>0,COUNTIF(Dépenses!$M$3:$M$5,">0")+COUNTIF(Dépenses!$M$3:$M$5,"<0")=7),Dépenses!$Q$5,IF(AND(ISNUMBER(Dépenses!$M$6),Dépenses!$M$6<>0,COUNTIF(Dépenses!$M$3:$M$6,">0")+COUNTIF(Dépenses!$M$3:$M$6,"<0")=7),Dépenses!$Q$6,IF(AND(ISNUMBER(Dépenses!$M$7),Dépenses!$M$7<>0,COUNTIF(Dépenses!$M$3:$M$7,">0")+COUNTIF(Dépenses!$M$3:$M$7,"<0")=7),Dépenses!$Q$7,IF(AND(ISNUMBER(Dépenses!$M$8),Dépenses!$M$8<>0,COUNTIF(Dépenses!$M$3:$M$8,">0")+COUNTIF(Dépenses!$M$3:$M$8,"<0")=7),Dépenses!$Q$8,IF(AND(ISNUMBER(Dépenses!$M$9),Dépenses!$M$9<>0,COUNTIF(Dépenses!$M$3:$M$9,">0")+COUNTIF(Dépenses!$M$3:$M$9,"<0")=7),Dépenses!$Q$9,IF(AND(ISNUMBER(Dépenses!$M$10),Dépenses!$M$10<>0,COUNTIF(Dépenses!$M$3:$M$10,">0")+COUNTIF(Dépenses!$M$3:$M$10,"<0")=7),Dépenses!$Q$10,IF(AND(ISNUMBER(Dépenses!$M$11),Dépenses!$M$11<>0,COUNTIF(Dépenses!$M$3:$M$11,">0")+COUNTIF(Dépenses!$M$3:$M$11,"<0")=7),Dépenses!$Q$11,IF(AND(ISNUMBER(Dépenses!$M$12),Dépenses!$M$12<>0,COUNTIF(Dépenses!$M$3:$M$12,">0")+COUNTIF(Dépenses!$M$3:$M$12,"<0")=7),Dépenses!$Q$12,IF(AND(ISNUMBER(Dépenses!$M$13),Dépenses!$M$13<>0,COUNTIF(Dépenses!$M$3:$M$13,">0")+COUNTIF(Dépenses!$M$3:$M$13,"<0")=7),Dépenses!$Q$13,IF(AND(ISNUMBER(Dépenses!$M$14),Dépenses!$M$14<>0,COUNTIF(Dépenses!$M$3:$M$14,">0")+COUNTIF(Dépenses!$M$3:$M$14,"<0")=7),Dépenses!$Q$14,IF(AND(ISNUMBER(Dépenses!$M$15),Dépenses!$M$15<>0,COUNTIF(Dépenses!$M$3:$M$15,">0")+COUNTIF(Dépenses!$M$3:$M$15,"<0")=7),Dépenses!$Q$15,IF(AND(ISNUMBER(Dépenses!$M$16),Dépenses!$M$16<>0,COUNTIF(Dépenses!$M$3:$M$16,">0")+COUNTIF(Dépenses!$M$3:$M$16,"<0")=7),Dépenses!$Q$16,IF(AND(ISNUMBER(Dépenses!$M$17),Dépenses!$M$17<>0,COUNTIF(Dépenses!$M$3:$M$17,">0")+COUNTIF(Dépenses!$M$3:$M$17,"<0")=7),Dépenses!$Q$17,IF(AND(ISNUMBER(Dépenses!$M$18),Dépenses!$M$18<>0,COUNTIF(Dépenses!$M$3:$M$18,">0")+COUNTIF(Dépenses!$M$3:$M$18,"<0")=7),Dépenses!$Q$18,IF(AND(ISNUMBER(Dépenses!$M$19),Dépenses!$M$19<>0,COUNTIF(Dépenses!$M$3:$M$19,">0")+COUNTIF(Dépenses!$M$3:$M$19,"<0")=7),Dépenses!$Q$19,IF(AND(ISNUMBER(Dépenses!$M$20),Dépenses!$M$20<>0,COUNTIF(Dépenses!$M$3:$M$20,">0")+COUNTIF(Dépenses!$M$3:$M$20,"<0")=7),Dépenses!$Q$20,IF(AND(ISNUMBER(Dépenses!$M$21),Dépenses!$M$21<>0,COUNTIF(Dépenses!$M$3:$M$21,">0")+COUNTIF(Dépenses!$M$3:$M$21,"<0")=7),Dépenses!$Q$21,IF(AND(ISNUMBER(Dépenses!$M$22),Dépenses!$M$22<>0,COUNTIF(Dépenses!$M$3:$M$22,">0")+COUNTIF(Dépenses!$M$3:$M$22,"<0")=7),Dépenses!$Q$22,IF(AND(ISNUMBER(Dépenses!$M$23),Dépenses!$M$23<>0,COUNTIF(Dépenses!$M$3:$M$23,">0")+COUNTIF(Dépenses!$M$3:$M$23,"<0")=7),Dépenses!$Q$23,IF(AND(ISNUMBER(Dépenses!$M$24),Dépenses!$M$24<>0,COUNTIF(Dépenses!$M$3:$M$24,">0")+COUNTIF(Dépenses!$M$3:$M$24,"<0")=7),Dépenses!$Q$24,IF(AND(ISNUMBER(Dépenses!$M$25),Dépenses!$M$25<>0,COUNTIF(Dépenses!$M$3:$M$25,">0")+COUNTIF(Dépenses!$M$3:$M$25,"<0")=7),Dépenses!$Q$25,IF(AND(ISNUMBER(Dépenses!$M$26),Dépenses!$M$26<>0,COUNTIF(Dépenses!$M$3:$M$26,">0")+COUNTIF(Dépenses!$M$3:$M$26,"<0")=7),Dépenses!$Q$26,IF(AND(ISNUMBER(Dépenses!$M$27),Dépenses!$M$27<>0,COUNTIF(Dépenses!$M$3:$M$27,">0")+COUNTIF(Dépenses!$M$3:$M$27,"<0")=7),Dépenses!$Q$27,IF(AND(ISNUMBER(Dépenses!$M$28),Dépenses!$M$28<>0,COUNTIF(Dépenses!$M$3:$M$28,">0")+COUNTIF(Dépenses!$M$3:$M$28,"<0")=7),Dépenses!$Q$28,IF(AND(ISNUMBER(Dépenses!$M$29),Dépenses!$M$29<>0,COUNTIF(Dépenses!$M$3:$M$29,">0")+COUNTIF(Dépenses!$M$3:$M$29,"<0")=7),Dépenses!$Q$29,IF(AND(ISNUMBER(Dépenses!$M$30),Dépenses!$M$30<>0,COUNTIF(Dépenses!$M$3:$M$30,">0")+COUNTIF(Dépenses!$M$3:$M$30,"<0")=7),Dépenses!$Q$30,IF(AND(ISNUMBER(Dépenses!$M$31),Dépenses!$M$31<>0,COUNTIF(Dépenses!$M$3:$M$31,">0")+COUNTIF(Dépenses!$M$3:$M$31,"<0")=7),Dépenses!$Q$31,IF(AND(ISNUMBER(Dépenses!$M$32),Dépenses!$M$32<>0,COUNTIF(Dépenses!$M$3:$M$32,">0")+COUNTIF(Dépenses!$M$3:$M$32,"<0")=7),Dépenses!$Q$32,IF(AND(ISNUMBER(Dépenses!$M$33),Dépenses!$M$33<>0,COUNTIF(Dépenses!$M$3:$M$33,">0")+COUNTIF(Dépenses!$M$3:$M$33,"<0")=7),Dépenses!$Q$33,IF(AND(ISNUMBER(Dépenses!$M$34),Dépenses!$M$34<>0,COUNTIF(Dépenses!$M$3:$M$34,">0")+COUNTIF(Dépenses!$M$3:$M$34,"<0")=7),Dépenses!$Q$34,IF(AND(ISNUMBER(Dépenses!$M$35),Dépenses!$M$35<>0,COUNTIF(Dépenses!$M$3:$M$35,">0")+COUNTIF(Dépenses!$M$3:$M$35,"<0")=7),Dépenses!$Q$35,IF(AND(ISNUMBER(Dépenses!$M$36),Dépenses!$M$36<>0,COUNTIF(Dépenses!$M$3:$M$36,">0")+COUNTIF(Dépenses!$M$3:$M$36,"<0")=7),Dépenses!$Q$36,IF(AND(ISNUMBER(Dépenses!$M$37),Dépenses!$M$37<>0,COUNTIF(Dépenses!$M$3:$M$37,">0")+COUNTIF(Dépenses!$M$3:$M$37,"<0")=7),Dépenses!$Q$37,IF(AND(ISNUMBER(Dépenses!$M$38),Dépenses!$M$38<>0,COUNTIF(Dépenses!$M$3:$M$38,">0")+COUNTIF(Dépenses!$M$3:$M$38,"<0")=7),Dépenses!$Q$38,IF(AND(ISNUMBER(Dépenses!$M$39),Dépenses!$M$39<>0,COUNTIF(Dépenses!$M$3:$M$39,">0")+COUNTIF(Dépenses!$M$3:$M$39,"<0")=7),Dépenses!$Q$39,IF(AND(ISNUMBER(Dépenses!$M$40),Dépenses!$M$40<>0,COUNTIF(Dépenses!$M$3:$M$40,">0")+COUNTIF(Dépenses!$M$3:$M$40,"<0")=7),Dépenses!$Q$40,IF(AND(ISNUMBER(Dépenses!$M$41),Dépenses!$M$41<>0,COUNTIF(Dépenses!$M$3:$M$41,">0")+COUNTIF(Dépenses!$M$3:$M$41,"<0")=7),Dépenses!$Q$41,IF(AND(ISNUMBER(Dépenses!$M$42),Dépenses!$M$42<>0,COUNTIF(Dépenses!$M$3:$M$42,">0")+COUNTIF(Dépenses!$M$3:$M$42,"<0")=7),Dépenses!$Q$42,IF(AND(ISNUMBER(Dépenses!$M$43),Dépenses!$M$43<>0,COUNTIF(Dépenses!$M$3:$M$43,">0")+COUNTIF(Dépenses!$M$3:$M$43,"<0")=7),Dépenses!$Q$43,""))))))))))))))))))))))))))))))))))))))))),IF(7=COUNTIF(Dépenses!$M$3:$M$43,">0")+COUNTIF(Dépenses!$M$3:$M$43,"<0")+1,SUM(Dépenses!$Q$3:$Q$43),IF(7=COUNTIF(Dépenses!$M$3:$M$43,">0")+COUNTIF(Dépenses!$M$3:$M$43,"<0")+2,Revenus!$J$2-SUM(Dépenses!$Q$3:$Q$43),"")))
D16: Crédit de 1 % ? | E16: =IF($Z$100="Rapide","Oui","Non") -> Non | G16: =IF(8<=COUNTIF(Dépenses!$M$3:$M$43,">0")+COUNTIF(Dépenses!$M$3:$M$43,"<0"),IF(AND(ISNUMBER(Dépenses!$M$3),Dépenses!$M$3<>0,COUNTIF(Dépenses!$M$3:$M$3,">0")+COUNTIF(Dépenses!$M$3:$M$3,"<0")=8),Dépenses!$L$3,IF(AND(ISNUMBER(Dépenses!$M$4),Dépenses!$M$4<>0,COUNTIF(Dépenses!$M$3:$M$4,">0")+COUNTIF(Dépenses!$M$3:$M$4,"<0")=8),Dépenses!$L$4,IF(AND(ISNUMBER(Dépenses!$M$5),Dépenses!$M$5<>0,COUNTIF(Dépenses!$M$3:$M$5,">0")+COUNTIF(Dépenses!$M$3:$M$5,"<0")=8),Dépenses!$L$5,IF(AND(ISNUMBER(Dépenses!$M$6),Dépenses!$M$6<>0,COUNTIF(Dépenses!$M$3:$M$6,">0")+COUNTIF(Dépenses!$M$3:$M$6,"<0")=8),Dépenses!$L$6,IF(AND(ISNUMBER(Dépenses!$M$7),Dépenses!$M$7<>0,COUNTIF(Dépenses!$M$3:$M$7,">0")+COUNTIF(Dépenses!$M$3:$M$7,"<0")=8),Dépenses!$L$7,IF(AND(ISNUMBER(Dépenses!$M$8),Dépenses!$M$8<>0,COUNTIF(Dépenses!$M$3:$M$8,">0")+COUNTIF(Dépenses!$M$3:$M$8,"<0")=8),Dépenses!$L$8,IF(AND(ISNUMBER(Dépenses!$M$9),Dépenses!$M$9<>0,COUNTIF(Dépenses!$M$3:$M$9,">0")+COUNTIF(Dépenses!$M$3:$M$9,"<0")=8),Dépenses!$L$9,IF(AND(ISNUMBER(Dépenses!$M$10),Dépenses!$M$10<>0,COUNTIF(Dépenses!$M$3:$M$10,">0")+COUNTIF(Dépenses!$M$3:$M$10,"<0")=8),Dépenses!$L$10,IF(AND(ISNUMBER(Dépenses!$M$11),Dépenses!$M$11<>0,COUNTIF(Dépenses!$M$3:$M$11,">0")+COUNTIF(Dépenses!$M$3:$M$11,"<0")=8),Dépenses!$L$11,IF(AND(ISNUMBER(Dépenses!$M$12),Dépenses!$M$12<>0,COUNTIF(Dépenses!$M$3:$M$12,">0")+COUNTIF(Dépenses!$M$3:$M$12,"<0")=8),Dépenses!$L$12,IF(AND(ISNUMBER(Dépenses!$M$13),Dépenses!$M$13<>0,COUNTIF(Dépenses!$M$3:$M$13,">0")+COUNTIF(Dépenses!$M$3:$M$13,"<0")=8),Dépenses!$L$13,IF(AND(ISNUMBER(Dépenses!$M$14),Dépenses!$M$14<>0,COUNTIF(Dépenses!$M$3:$M$14,">0")+COUNTIF(Dépenses!$M$3:$M$14,"<0")=8),Dépenses!$L$14,IF(AND(ISNUMBER(Dépenses!$M$15),Dépenses!$M$15<>0,COUNTIF(Dépenses!$M$3:$M$15,">0")+COUNTIF(Dépenses!$M$3:$M$15,"<0")=8),Dépenses!$L$15,IF(AND(ISNUMBER(Dépenses!$M$16),Dépenses!$M$16<>0,COUNTIF(Dépenses!$M$3:$M$16,">0")+COUNTIF(Dépenses!$M$3:$M$16,"<0")=8),Dépenses!$L$16,IF(AND(ISNUMBER(Dépenses!$M$17),Dépenses!$M$17<>0,COUNTIF(Dépenses!$M$3:$M$17,">0")+COUNTIF(Dépenses!$M$3:$M$17,"<0")=8),Dépenses!$L$17,IF(AND(ISNUMBER(Dépenses!$M$18),Dépenses!$M$18<>0,COUNTIF(Dépenses!$M$3:$M$18,">0")+COUNTIF(Dépenses!$M$3:$M$18,"<0")=8),Dépenses!$L$18,IF(AND(ISNUMBER(Dépenses!$M$19),Dépenses!$M$19<>0,COUNTIF(Dépenses!$M$3:$M$19,">0")+COUNTIF(Dépenses!$M$3:$M$19,"<0")=8),Dépenses!$L$19,IF(AND(ISNUMBER(Dépenses!$M$20),Dépenses!$M$20<>0,COUNTIF(Dépenses!$M$3:$M$20,">0")+COUNTIF(Dépenses!$M$3:$M$20,"<0")=8),Dépenses!$L$20,IF(AND(ISNUMBER(Dépenses!$M$21),Dépenses!$M$21<>0,COUNTIF(Dépenses!$M$3:$M$21,">0")+COUNTIF(Dépenses!$M$3:$M$21,"<0")=8),Dépenses!$L$21,IF(AND(ISNUMBER(Dépenses!$M$22),Dépenses!$M$22<>0,COUNTIF(Dépenses!$M$3:$M$22,">0")+COUNTIF(Dépenses!$M$3:$M$22,"<0")=8),Dépenses!$L$22,IF(AND(ISNUMBER(Dépenses!$M$23),Dépenses!$M$23<>0,COUNTIF(Dépenses!$M$3:$M$23,">0")+COUNTIF(Dépenses!$M$3:$M$23,"<0")=8),Dépenses!$L$23,IF(AND(ISNUMBER(Dépenses!$M$24),Dépenses!$M$24<>0,COUNTIF(Dépenses!$M$3:$M$24,">0")+COUNTIF(Dépenses!$M$3:$M$24,"<0")=8),Dépenses!$L$24,IF(AND(ISNUMBER(Dépenses!$M$25),Dépenses!$M$25<>0,COUNTIF(Dépenses!$M$3:$M$25,">0")+COUNTIF(Dépenses!$M$3:$M$25,"<0")=8),Dépenses!$L$25,IF(AND(ISNUMBER(Dépenses!$M$26),Dépenses!$M$26<>0,COUNTIF(Dépenses!$M$3:$M$26,">0")+COUNTIF(Dépenses!$M$3:$M$26,"<0")=8),Dépenses!$L$26,IF(AND(ISNUMBER(Dépenses!$M$27),Dépenses!$M$27<>0,COUNTIF(Dépenses!$M$3:$M$27,">0")+COUNTIF(Dépenses!$M$3:$M$27,"<0")=8),Dépenses!$L$27,IF(AND(ISNUMBER(Dépenses!$M$28),Dépenses!$M$28<>0,COUNTIF(Dépenses!$M$3:$M$28,">0")+COUNTIF(Dépenses!$M$3:$M$28,"<0")=8),Dépenses!$L$28,IF(AND(ISNUMBER(Dépenses!$M$29),Dépenses!$M$29<>0,COUNTIF(Dépenses!$M$3:$M$29,">0")+COUNTIF(Dépenses!$M$3:$M$29,"<0")=8),Dépenses!$L$29,IF(AND(ISNUMBER(Dépenses!$M$30),Dépenses!$M$30<>0,COUNTIF(Dépenses!$M$3:$M$30,">0")+COUNTIF(Dépenses!$M$3:$M$30,"<0")=8),Dépenses!$L$30,IF(AND(ISNUMBER(Dépenses!$M$31),Dépenses!$M$31<>0,COUNTIF(Dépenses!$M$3:$M$31,">0")+COUNTIF(Dépenses!$M$3:$M$31,"<0")=8),Dépenses!$L$31,IF(AND(ISNUMBER(Dépenses!$M$32),Dépenses!$M$32<>0,COUNTIF(Dépenses!$M$3:$M$32,">0")+COUNTIF(Dépenses!$M$3:$M$32,"<0")=8),Dépenses!$L$32,IF(AND(ISNUMBER(Dépenses!$M$33),Dépenses!$M$33<>0,COUNTIF(Dépenses!$M$3:$M$33,">0")+COUNTIF(Dépenses!$M$3:$M$33,"<0")=8),Dépenses!$L$33,IF(AND(ISNUMBER(Dépenses!$M$34),Dépenses!$M$34<>0,COUNTIF(Dépenses!$M$3:$M$34,">0")+COUNTIF(Dépenses!$M$3:$M$34,"<0")=8),Dépenses!$L$34,IF(AND(ISNUMBER(Dépenses!$M$35),Dépenses!$M$35<>0,COUNTIF(Dépenses!$M$3:$M$35,">0")+COUNTIF(Dépenses!$M$3:$M$35,"<0")=8),Dépenses!$L$35,IF(AND(ISNUMBER(Dépenses!$M$36),Dépenses!$M$36<>0,COUNTIF(Dépenses!$M$3:$M$36,">0")+COUNTIF(Dépenses!$M$3:$M$36,"<0")=8),Dépenses!$L$36,IF(AND(ISNUMBER(Dépenses!$M$37),Dépenses!$M$37<>0,COUNTIF(Dépenses!$M$3:$M$37,">0")+COUNTIF(Dépenses!$M$3:$M$37,"<0")=8),Dépenses!$L$37,IF(AND(ISNUMBER(Dépenses!$M$38),Dépenses!$M$38<>0,COUNTIF(Dépenses!$M$3:$M$38,">0")+COUNTIF(Dépenses!$M$3:$M$38,"<0")=8),Dépenses!$L$38,IF(AND(ISNUMBER(Dépenses!$M$39),Dépenses!$M$39<>0,COUNTIF(Dépenses!$M$3:$M$39,">0")+COUNTIF(Dépenses!$M$3:$M$39,"<0")=8),Dépenses!$L$39,IF(AND(ISNUMBER(Dépenses!$M$40),Dépenses!$M$40<>0,COUNTIF(Dépenses!$M$3:$M$40,">0")+COUNTIF(Dépenses!$M$3:$M$40,"<0")=8),Dépenses!$L$40,IF(AND(ISNUMBER(Dépenses!$M$41),Dépenses!$M$41<>0,COUNTIF(Dépenses!$M$3:$M$41,">0")+COUNTIF(Dépenses!$M$3:$M$41,"<0")=8),Dépenses!$L$41,IF(AND(ISNUMBER(Dépenses!$M$42),Dépenses!$M$42<>0,COUNTIF(Dépenses!$M$3:$M$42,">0")+COUNTIF(Dépenses!$M$3:$M$42,"<0")=8),Dépenses!$L$42,IF(AND(ISNUMBER(Dépenses!$M$43),Dépenses!$M$43<>0,COUNTIF(Dépenses!$M$3:$M$43,">0")+COUNTIF(Dépenses!$M$3:$M$43,"<0")=8),Dépenses!$L$43,""))))))))))))))))))))))))))))))))))))))))),IF(8=COUNTIF(Dépenses!$M$3:$M$43,">0")+COUNTIF(Dépenses!$M$3:$M$43,"<0")+1,"TOTAL DÉPENSES",IF(8=COUNTIF(Dépenses!$M$3:$M$43,">0")+COUNTIF(Dépenses!$M$3:$M$43,"<0")+2,"BÉNÉFICE (PERTE) NET",""))) | H16: =IF(8<=COUNTIF(Dépenses!$M$3:$M$43,">0")+COUNTIF(Dépenses!$M$3:$M$43,"<0"),IF(AND(ISNUMBER(Dépenses!$M$3),Dépenses!$M$3<>0,COUNTIF(Dépenses!$M$3:$M$3,">0")+COUNTIF(Dépenses!$M$3:$M$3,"<0")=8),Dépenses!$M$3,IF(AND(ISNUMBER(Dépenses!$M$4),Dépenses!$M$4<>0,COUNTIF(Dépenses!$M$3:$M$4,">0")+COUNTIF(Dépenses!$M$3:$M$4,"<0")=8),Dépenses!$M$4,IF(AND(ISNUMBER(Dépenses!$M$5),Dépenses!$M$5<>0,COUNTIF(Dépenses!$M$3:$M$5,">0")+COUNTIF(Dépenses!$M$3:$M$5,"<0")=8),Dépenses!$M$5,IF(AND(ISNUMBER(Dépenses!$M$6),Dépenses!$M$6<>0,COUNTIF(Dépenses!$M$3:$M$6,">0")+COUNTIF(Dépenses!$M$3:$M$6,"<0")=8),Dépenses!$M$6,IF(AND(ISNUMBER(Dépenses!$M$7),Dépenses!$M$7<>0,COUNTIF(Dépenses!$M$3:$M$7,">0")+COUNTIF(Dépenses!$M$3:$M$7,"<0")=8),Dépenses!$M$7,IF(AND(ISNUMBER(Dépenses!$M$8),Dépenses!$M$8<>0,COUNTIF(Dépenses!$M$3:$M$8,">0")+COUNTIF(Dépenses!$M$3:$M$8,"<0")=8),Dépenses!$M$8,IF(AND(ISNUMBER(Dépenses!$M$9),Dépenses!$M$9<>0,COUNTIF(Dépenses!$M$3:$M$9,">0")+COUNTIF(Dépenses!$M$3:$M$9,"<0")=8),Dépenses!$M$9,IF(AND(ISNUMBER(Dépenses!$M$10),Dépenses!$M$10<>0,COUNTIF(Dépenses!$M$3:$M$10,">0")+COUNTIF(Dépenses!$M$3:$M$10,"<0")=8),Dépenses!$M$10,IF(AND(ISNUMBER(Dépenses!$M$11),Dépenses!$M$11<>0,COUNTIF(Dépenses!$M$3:$M$11,">0")+COUNTIF(Dépenses!$M$3:$M$11,"<0")=8),Dépenses!$M$11,IF(AND(ISNUMBER(Dépenses!$M$12),Dépenses!$M$12<>0,COUNTIF(Dépenses!$M$3:$M$12,">0")+COUNTIF(Dépenses!$M$3:$M$12,"<0")=8),Dépenses!$M$12,IF(AND(ISNUMBER(Dépenses!$M$13),Dépenses!$M$13<>0,COUNTIF(Dépenses!$M$3:$M$13,">0")+COUNTIF(Dépenses!$M$3:$M$13,"<0")=8),Dépenses!$M$13,IF(AND(ISNUMBER(Dépenses!$M$14),Dépenses!$M$14<>0,COUNTIF(Dépenses!$M$3:$M$14,">0")+COUNTIF(Dépenses!$M$3:$M$14,"<0")=8),Dépenses!$M$14,IF(AND(ISNUMBER(Dépenses!$M$15),Dépenses!$M$15<>0,COUNTIF(Dépenses!$M$3:$M$15,">0")+COUNTIF(Dépenses!$M$3:$M$15,"<0")=8),Dépenses!$M$15,IF(AND(ISNUMBER(Dépenses!$M$16),Dépenses!$M$16<>0,COUNTIF(Dépenses!$M$3:$M$16,">0")+COUNTIF(Dépenses!$M$3:$M$16,"<0")=8),Dépenses!$M$16,IF(AND(ISNUMBER(Dépenses!$M$17),Dépenses!$M$17<>0,COUNTIF(Dépenses!$M$3:$M$17,">0")+COUNTIF(Dépenses!$M$3:$M$17,"<0")=8),Dépenses!$M$17,IF(AND(ISNUMBER(Dépenses!$M$18),Dépenses!$M$18<>0,COUNTIF(Dépenses!$M$3:$M$18,">0")+COUNTIF(Dépenses!$M$3:$M$18,"<0")=8),Dépenses!$M$18,IF(AND(ISNUMBER(Dépenses!$M$19),Dépenses!$M$19<>0,COUNTIF(Dépenses!$M$3:$M$19,">0")+COUNTIF(Dépenses!$M$3:$M$19,"<0")=8),Dépenses!$M$19,IF(AND(ISNUMBER(Dépenses!$M$20),Dépenses!$M$20<>0,COUNTIF(Dépenses!$M$3:$M$20,">0")+COUNTIF(Dépenses!$M$3:$M$20,"<0")=8),Dépenses!$M$20,IF(AND(ISNUMBER(Dépenses!$M$21),Dépenses!$M$21<>0,COUNTIF(Dépenses!$M$3:$M$21,">0")+COUNTIF(Dépenses!$M$3:$M$21,"<0")=8),Dépenses!$M$21,IF(AND(ISNUMBER(Dépenses!$M$22),Dépenses!$M$22<>0,COUNTIF(Dépenses!$M$3:$M$22,">0")+COUNTIF(Dépenses!$M$3:$M$22,"<0")=8),Dépenses!$M$22,IF(AND(ISNUMBER(Dépenses!$M$23),Dépenses!$M$23<>0,COUNTIF(Dépenses!$M$3:$M$23,">0")+COUNTIF(Dépenses!$M$3:$M$23,"<0")=8),Dépenses!$M$23,IF(AND(ISNUMBER(Dépenses!$M$24),Dépenses!$M$24<>0,COUNTIF(Dépenses!$M$3:$M$24,">0")+COUNTIF(Dépenses!$M$3:$M$24,"<0")=8),Dépenses!$M$24,IF(AND(ISNUMBER(Dépenses!$M$25),Dépenses!$M$25<>0,COUNTIF(Dépenses!$M$3:$M$25,">0")+COUNTIF(Dépenses!$M$3:$M$25,"<0")=8),Dépenses!$M$25,IF(AND(ISNUMBER(Dépenses!$M$26),Dépenses!$M$26<>0,COUNTIF(Dépenses!$M$3:$M$26,">0")+COUNTIF(Dépenses!$M$3:$M$26,"<0")=8),Dépenses!$M$26,IF(AND(ISNUMBER(Dépenses!$M$27),Dépenses!$M$27<>0,COUNTIF(Dépenses!$M$3:$M$27,">0")+COUNTIF(Dépenses!$M$3:$M$27,"<0")=8),Dépenses!$M$27,IF(AND(ISNUMBER(Dépenses!$M$28),Dépenses!$M$28<>0,COUNTIF(Dépenses!$M$3:$M$28,">0")+COUNTIF(Dépenses!$M$3:$M$28,"<0")=8),Dépenses!$M$28,IF(AND(ISNUMBER(Dépenses!$M$29),Dépenses!$M$29<>0,COUNTIF(Dépenses!$M$3:$M$29,">0")+COUNTIF(Dépenses!$M$3:$M$29,"<0")=8),Dépenses!$M$29,IF(AND(ISNUMBER(Dépenses!$M$30),Dépenses!$M$30<>0,COUNTIF(Dépenses!$M$3:$M$30,">0")+COUNTIF(Dépenses!$M$3:$M$30,"<0")=8),Dépenses!$M$30,IF(AND(ISNUMBER(Dépenses!$M$31),Dépenses!$M$31<>0,COUNTIF(Dépenses!$M$3:$M$31,">0")+COUNTIF(Dépenses!$M$3:$M$31,"<0")=8),Dépenses!$M$31,IF(AND(ISNUMBER(Dépenses!$M$32),Dépenses!$M$32<>0,COUNTIF(Dépenses!$M$3:$M$32,">0")+COUNTIF(Dépenses!$M$3:$M$32,"<0")=8),Dépenses!$M$32,IF(AND(ISNUMBER(Dépenses!$M$33),Dépenses!$M$33<>0,COUNTIF(Dépenses!$M$3:$M$33,">0")+COUNTIF(Dépenses!$M$3:$M$33,"<0")=8),Dépenses!$M$33,IF(AND(ISNUMBER(Dépenses!$M$34),Dépenses!$M$34<>0,COUNTIF(Dépenses!$M$3:$M$34,">0")+COUNTIF(Dépenses!$M$3:$M$34,"<0")=8),Dépenses!$M$34,IF(AND(ISNUMBER(Dépenses!$M$35),Dépenses!$M$35<>0,COUNTIF(Dépenses!$M$3:$M$35,">0")+COUNTIF(Dépenses!$M$3:$M$35,"<0")=8),Dépenses!$M$35,IF(AND(ISNUMBER(Dépenses!$M$36),Dépenses!$M$36<>0,COUNTIF(Dépenses!$M$3:$M$36,">0")+COUNTIF(Dépenses!$M$3:$M$36,"<0")=8),Dépenses!$M$36,IF(AND(ISNUMBER(Dépenses!$M$37),Dépenses!$M$37<>0,COUNTIF(Dépenses!$M$3:$M$37,">0")+COUNTIF(Dépenses!$M$3:$M$37,"<0")=8),Dépenses!$M$37,IF(AND(ISNUMBER(Dépenses!$M$38),Dépenses!$M$38<>0,COUNTIF(Dépenses!$M$3:$M$38,">0")+COUNTIF(Dépenses!$M$3:$M$38,"<0")=8),Dépenses!$M$38,IF(AND(ISNUMBER(Dépenses!$M$39),Dépenses!$M$39<>0,COUNTIF(Dépenses!$M$3:$M$39,">0")+COUNTIF(Dépenses!$M$3:$M$39,"<0")=8),Dépenses!$M$39,IF(AND(ISNUMBER(Dépenses!$M$40),Dépenses!$M$40<>0,COUNTIF(Dépenses!$M$3:$M$40,">0")+COUNTIF(Dépenses!$M$3:$M$40,"<0")=8),Dépenses!$M$40,IF(AND(ISNUMBER(Dépenses!$M$41),Dépenses!$M$41<>0,COUNTIF(Dépenses!$M$3:$M$41,">0")+COUNTIF(Dépenses!$M$3:$M$41,"<0")=8),Dépenses!$M$41,IF(AND(ISNUMBER(Dépenses!$M$42),Dépenses!$M$42<>0,COUNTIF(Dépenses!$M$3:$M$42,">0")+COUNTIF(Dépenses!$M$3:$M$42,"<0")=8),Dépenses!$M$42,IF(AND(ISNUMBER(Dépenses!$M$43),Dépenses!$M$43<>0,COUNTIF(Dépenses!$M$3:$M$43,">0")+COUNTIF(Dépenses!$M$3:$M$43,"<0")=8),Dépenses!$M$43,""))))))))))))))))))))))))))))))))))))))))),IF(8=COUNTIF(Dépenses!$M$3:$M$43,">0")+COUNTIF(Dépenses!$M$3:$M$43,"<0")+1,SUM(Dépenses!$M$3:$M$43),IF(8=COUNTIF(Dépenses!$M$3:$M$43,">0")+COUNTIF(Dépenses!$M$3:$M$43,"<0")+2,Revenus!$J$2-SUM(Dépenses!$M$3:$M$43),""))) | I16: =IF(8<=COUNTIF(Dépenses!$M$3:$M$43,">0")+COUNTIF(Dépenses!$M$3:$M$43,"<0"),IF(AND(ISNUMBER(Dépenses!$M$3),Dépenses!$M$3<>0,COUNTIF(Dépenses!$M$3:$M$3,">0")+COUNTIF(Dépenses!$M$3:$M$3,"<0")=8),Dépenses!$P$3,IF(AND(ISNUMBER(Dépenses!$M$4),Dépenses!$M$4<>0,COUNTIF(Dépenses!$M$3:$M$4,">0")+COUNTIF(Dépenses!$M$3:$M$4,"<0")=8),Dépenses!$P$4,IF(AND(ISNUMBER(Dépenses!$M$5),Dépenses!$M$5<>0,COUNTIF(Dépenses!$M$3:$M$5,">0")+COUNTIF(Dépenses!$M$3:$M$5,"<0")=8),Dépenses!$P$5,IF(AND(ISNUMBER(Dépenses!$M$6),Dépenses!$M$6<>0,COUNTIF(Dépenses!$M$3:$M$6,">0")+COUNTIF(Dépenses!$M$3:$M$6,"<0")=8),Dépenses!$P$6,IF(AND(ISNUMBER(Dépenses!$M$7),Dépenses!$M$7<>0,COUNTIF(Dépenses!$M$3:$M$7,">0")+COUNTIF(Dépenses!$M$3:$M$7,"<0")=8),Dépenses!$P$7,IF(AND(ISNUMBER(Dépenses!$M$8),Dépenses!$M$8<>0,COUNTIF(Dépenses!$M$3:$M$8,">0")+COUNTIF(Dépenses!$M$3:$M$8,"<0")=8),Dépenses!$P$8,IF(AND(ISNUMBER(Dépenses!$M$9),Dépenses!$M$9<>0,COUNTIF(Dépenses!$M$3:$M$9,">0")+COUNTIF(Dépenses!$M$3:$M$9,"<0")=8),Dépenses!$P$9,IF(AND(ISNUMBER(Dépenses!$M$10),Dépenses!$M$10<>0,COUNTIF(Dépenses!$M$3:$M$10,">0")+COUNTIF(Dépenses!$M$3:$M$10,"<0")=8),Dépenses!$P$10,IF(AND(ISNUMBER(Dépenses!$M$11),Dépenses!$M$11<>0,COUNTIF(Dépenses!$M$3:$M$11,">0")+COUNTIF(Dépenses!$M$3:$M$11,"<0")=8),Dépenses!$P$11,IF(AND(ISNUMBER(Dépenses!$M$12),Dépenses!$M$12<>0,COUNTIF(Dépenses!$M$3:$M$12,">0")+COUNTIF(Dépenses!$M$3:$M$12,"<0")=8),Dépenses!$P$12,IF(AND(ISNUMBER(Dépenses!$M$13),Dépenses!$M$13<>0,COUNTIF(Dépenses!$M$3:$M$13,">0")+COUNTIF(Dépenses!$M$3:$M$13,"<0")=8),Dépenses!$P$13,IF(AND(ISNUMBER(Dépenses!$M$14),Dépenses!$M$14<>0,COUNTIF(Dépenses!$M$3:$M$14,">0")+COUNTIF(Dépenses!$M$3:$M$14,"<0")=8),Dépenses!$P$14,IF(AND(ISNUMBER(Dépenses!$M$15),Dépenses!$M$15<>0,COUNTIF(Dépenses!$M$3:$M$15,">0")+COUNTIF(Dépenses!$M$3:$M$15,"<0")=8),Dépenses!$P$15,IF(AND(ISNUMBER(Dépenses!$M$16),Dépenses!$M$16<>0,COUNTIF(Dépenses!$M$3:$M$16,">0")+COUNTIF(Dépenses!$M$3:$M$16,"<0")=8),Dépenses!$P$16,IF(AND(ISNUMBER(Dépenses!$M$17),Dépenses!$M$17<>0,COUNTIF(Dépenses!$M$3:$M$17,">0")+COUNTIF(Dépenses!$M$3:$M$17,"<0")=8),Dépenses!$P$17,IF(AND(ISNUMBER(Dépenses!$M$18),Dépenses!$M$18<>0,COUNTIF(Dépenses!$M$3:$M$18,">0")+COUNTIF(Dépenses!$M$3:$M$18,"<0")=8),Dépenses!$P$18,IF(AND(ISNUMBER(Dépenses!$M$19),Dépenses!$M$19<>0,COUNTIF(Dépenses!$M$3:$M$19,">0")+COUNTIF(Dépenses!$M$3:$M$19,"<0")=8),Dépenses!$P$19,IF(AND(ISNUMBER(Dépenses!$M$20),Dépenses!$M$20<>0,COUNTIF(Dépenses!$M$3:$M$20,">0")+COUNTIF(Dépenses!$M$3:$M$20,"<0")=8),Dépenses!$P$20,IF(AND(ISNUMBER(Dépenses!$M$21),Dépenses!$M$21<>0,COUNTIF(Dépenses!$M$3:$M$21,">0")+COUNTIF(Dépenses!$M$3:$M$21,"<0")=8),Dépenses!$P$21,IF(AND(ISNUMBER(Dépenses!$M$22),Dépenses!$M$22<>0,COUNTIF(Dépenses!$M$3:$M$22,">0")+COUNTIF(Dépenses!$M$3:$M$22,"<0")=8),Dépenses!$P$22,IF(AND(ISNUMBER(Dépenses!$M$23),Dépenses!$M$23<>0,COUNTIF(Dépenses!$M$3:$M$23,">0")+COUNTIF(Dépenses!$M$3:$M$23,"<0")=8),Dépenses!$P$23,IF(AND(ISNUMBER(Dépenses!$M$24),Dépenses!$M$24<>0,COUNTIF(Dépenses!$M$3:$M$24,">0")+COUNTIF(Dépenses!$M$3:$M$24,"<0")=8),Dépenses!$P$24,IF(AND(ISNUMBER(Dépenses!$M$25),Dépenses!$M$25<>0,COUNTIF(Dépenses!$M$3:$M$25,">0")+COUNTIF(Dépenses!$M$3:$M$25,"<0")=8),Dépenses!$P$25,IF(AND(ISNUMBER(Dépenses!$M$26),Dépenses!$M$26<>0,COUNTIF(Dépenses!$M$3:$M$26,">0")+COUNTIF(Dépenses!$M$3:$M$26,"<0")=8),Dépenses!$P$26,IF(AND(ISNUMBER(Dépenses!$M$27),Dépenses!$M$27<>0,COUNTIF(Dépenses!$M$3:$M$27,">0")+COUNTIF(Dépenses!$M$3:$M$27,"<0")=8),Dépenses!$P$27,IF(AND(ISNUMBER(Dépenses!$M$28),Dépenses!$M$28<>0,COUNTIF(Dépenses!$M$3:$M$28,">0")+COUNTIF(Dépenses!$M$3:$M$28,"<0")=8),Dépenses!$P$28,IF(AND(ISNUMBER(Dépenses!$M$29),Dépenses!$M$29<>0,COUNTIF(Dépenses!$M$3:$M$29,">0")+COUNTIF(Dépenses!$M$3:$M$29,"<0")=8),Dépenses!$P$29,IF(AND(ISNUMBER(Dépenses!$M$30),Dépenses!$M$30<>0,COUNTIF(Dépenses!$M$3:$M$30,">0")+COUNTIF(Dépenses!$M$3:$M$30,"<0")=8),Dépenses!$P$30,IF(AND(ISNUMBER(Dépenses!$M$31),Dépenses!$M$31<>0,COUNTIF(Dépenses!$M$3:$M$31,">0")+COUNTIF(Dépenses!$M$3:$M$31,"<0")=8),Dépenses!$P$31,IF(AND(ISNUMBER(Dépenses!$M$32),Dépenses!$M$32<>0,COUNTIF(Dépenses!$M$3:$M$32,">0")+COUNTIF(Dépenses!$M$3:$M$32,"<0")=8),Dépenses!$P$32,IF(AND(ISNUMBER(Dépenses!$M$33),Dépenses!$M$33<>0,COUNTIF(Dépenses!$M$3:$M$33,">0")+COUNTIF(Dépenses!$M$3:$M$33,"<0")=8),Dépenses!$P$33,IF(AND(ISNUMBER(Dépenses!$M$34),Dépenses!$M$34<>0,COUNTIF(Dépenses!$M$3:$M$34,">0")+COUNTIF(Dépenses!$M$3:$M$34,"<0")=8),Dépenses!$P$34,IF(AND(ISNUMBER(Dépenses!$M$35),Dépenses!$M$35<>0,COUNTIF(Dépenses!$M$3:$M$35,">0")+COUNTIF(Dépenses!$M$3:$M$35,"<0")=8),Dépenses!$P$35,IF(AND(ISNUMBER(Dépenses!$M$36),Dépenses!$M$36<>0,COUNTIF(Dépenses!$M$3:$M$36,">0")+COUNTIF(Dépenses!$M$3:$M$36,"<0")=8),Dépenses!$P$36,IF(AND(ISNUMBER(Dépenses!$M$37),Dépenses!$M$37<>0,COUNTIF(Dépenses!$M$3:$M$37,">0")+COUNTIF(Dépenses!$M$3:$M$37,"<0")=8),Dépenses!$P$37,IF(AND(ISNUMBER(Dépenses!$M$38),Dépenses!$M$38<>0,COUNTIF(Dépenses!$M$3:$M$38,">0")+COUNTIF(Dépenses!$M$3:$M$38,"<0")=8),Dépenses!$P$38,IF(AND(ISNUMBER(Dépenses!$M$39),Dépenses!$M$39<>0,COUNTIF(Dépenses!$M$3:$M$39,">0")+COUNTIF(Dépenses!$M$3:$M$39,"<0")=8),Dépenses!$P$39,IF(AND(ISNUMBER(Dépenses!$M$40),Dépenses!$M$40<>0,COUNTIF(Dépenses!$M$3:$M$40,">0")+COUNTIF(Dépenses!$M$3:$M$40,"<0")=8),Dépenses!$P$40,IF(AND(ISNUMBER(Dépenses!$M$41),Dépenses!$M$41<>0,COUNTIF(Dépenses!$M$3:$M$41,">0")+COUNTIF(Dépenses!$M$3:$M$41,"<0")=8),Dépenses!$P$41,IF(AND(ISNUMBER(Dépenses!$M$42),Dépenses!$M$42<>0,COUNTIF(Dépenses!$M$3:$M$42,">0")+COUNTIF(Dépenses!$M$3:$M$42,"<0")=8),Dépenses!$P$42,IF(AND(ISNUMBER(Dépenses!$M$43),Dépenses!$M$43<>0,COUNTIF(Dépenses!$M$3:$M$43,">0")+COUNTIF(Dépenses!$M$3:$M$43,"<0")=8),Dépenses!$P$43,""))))))))))))))))))))))))))))))))))))))))),"") | J16: =IF(8<=COUNTIF(Dépenses!$M$3:$M$43,">0")+COUNTIF(Dépenses!$M$3:$M$43,"<0"),IF(AND(ISNUMBER(Dépenses!$M$3),Dépenses!$M$3<>0,COUNTIF(Dépenses!$M$3:$M$3,">0")+COUNTIF(Dépenses!$M$3:$M$3,"<0")=8),Dépenses!$Q$3,IF(AND(ISNUMBER(Dépenses!$M$4),Dépenses!$M$4<>0,COUNTIF(Dépenses!$M$3:$M$4,">0")+COUNTIF(Dépenses!$M$3:$M$4,"<0")=8),Dépenses!$Q$4,IF(AND(ISNUMBER(Dépenses!$M$5),Dépenses!$M$5<>0,COUNTIF(Dépenses!$M$3:$M$5,">0")+COUNTIF(Dépenses!$M$3:$M$5,"<0")=8),Dépenses!$Q$5,IF(AND(ISNUMBER(Dépenses!$M$6),Dépenses!$M$6<>0,COUNTIF(Dépenses!$M$3:$M$6,">0")+COUNTIF(Dépenses!$M$3:$M$6,"<0")=8),Dépenses!$Q$6,IF(AND(ISNUMBER(Dépenses!$M$7),Dépenses!$M$7<>0,COUNTIF(Dépenses!$M$3:$M$7,">0")+COUNTIF(Dépenses!$M$3:$M$7,"<0")=8),Dépenses!$Q$7,IF(AND(ISNUMBER(Dépenses!$M$8),Dépenses!$M$8<>0,COUNTIF(Dépenses!$M$3:$M$8,">0")+COUNTIF(Dépenses!$M$3:$M$8,"<0")=8),Dépenses!$Q$8,IF(AND(ISNUMBER(Dépenses!$M$9),Dépenses!$M$9<>0,COUNTIF(Dépenses!$M$3:$M$9,">0")+COUNTIF(Dépenses!$M$3:$M$9,"<0")=8),Dépenses!$Q$9,IF(AND(ISNUMBER(Dépenses!$M$10),Dépenses!$M$10<>0,COUNTIF(Dépenses!$M$3:$M$10,">0")+COUNTIF(Dépenses!$M$3:$M$10,"<0")=8),Dépenses!$Q$10,IF(AND(ISNUMBER(Dépenses!$M$11),Dépenses!$M$11<>0,COUNTIF(Dépenses!$M$3:$M$11,">0")+COUNTIF(Dépenses!$M$3:$M$11,"<0")=8),Dépenses!$Q$11,IF(AND(ISNUMBER(Dépenses!$M$12),Dépenses!$M$12<>0,COUNTIF(Dépenses!$M$3:$M$12,">0")+COUNTIF(Dépenses!$M$3:$M$12,"<0")=8),Dépenses!$Q$12,IF(AND(ISNUMBER(Dépenses!$M$13),Dépenses!$M$13<>0,COUNTIF(Dépenses!$M$3:$M$13,">0")+COUNTIF(Dépenses!$M$3:$M$13,"<0")=8),Dépenses!$Q$13,IF(AND(ISNUMBER(Dépenses!$M$14),Dépenses!$M$14<>0,COUNTIF(Dépenses!$M$3:$M$14,">0")+COUNTIF(Dépenses!$M$3:$M$14,"<0")=8),Dépenses!$Q$14,IF(AND(ISNUMBER(Dépenses!$M$15),Dépenses!$M$15<>0,COUNTIF(Dépenses!$M$3:$M$15,">0")+COUNTIF(Dépenses!$M$3:$M$15,"<0")=8),Dépenses!$Q$15,IF(AND(ISNUMBER(Dépenses!$M$16),Dépenses!$M$16<>0,COUNTIF(Dépenses!$M$3:$M$16,">0")+COUNTIF(Dépenses!$M$3:$M$16,"<0")=8),Dépenses!$Q$16,IF(AND(ISNUMBER(Dépenses!$M$17),Dépenses!$M$17<>0,COUNTIF(Dépenses!$M$3:$M$17,">0")+COUNTIF(Dépenses!$M$3:$M$17,"<0")=8),Dépenses!$Q$17,IF(AND(ISNUMBER(Dépenses!$M$18),Dépenses!$M$18<>0,COUNTIF(Dépenses!$M$3:$M$18,">0")+COUNTIF(Dépenses!$M$3:$M$18,"<0")=8),Dépenses!$Q$18,IF(AND(ISNUMBER(Dépenses!$M$19),Dépenses!$M$19<>0,COUNTIF(Dépenses!$M$3:$M$19,">0")+COUNTIF(Dépenses!$M$3:$M$19,"<0")=8),Dépenses!$Q$19,IF(AND(ISNUMBER(Dépenses!$M$20),Dépenses!$M$20<>0,COUNTIF(Dépenses!$M$3:$M$20,">0")+COUNTIF(Dépenses!$M$3:$M$20,"<0")=8),Dépenses!$Q$20,IF(AND(ISNUMBER(Dépenses!$M$21),Dépenses!$M$21<>0,COUNTIF(Dépenses!$M$3:$M$21,">0")+COUNTIF(Dépenses!$M$3:$M$21,"<0")=8),Dépenses!$Q$21,IF(AND(ISNUMBER(Dépenses!$M$22),Dépenses!$M$22<>0,COUNTIF(Dépenses!$M$3:$M$22,">0")+COUNTIF(Dépenses!$M$3:$M$22,"<0")=8),Dépenses!$Q$22,IF(AND(ISNUMBER(Dépenses!$M$23),Dépenses!$M$23<>0,COUNTIF(Dépenses!$M$3:$M$23,">0")+COUNTIF(Dépenses!$M$3:$M$23,"<0")=8),Dépenses!$Q$23,IF(AND(ISNUMBER(Dépenses!$M$24),Dépenses!$M$24<>0,COUNTIF(Dépenses!$M$3:$M$24,">0")+COUNTIF(Dépenses!$M$3:$M$24,"<0")=8),Dépenses!$Q$24,IF(AND(ISNUMBER(Dépenses!$M$25),Dépenses!$M$25<>0,COUNTIF(Dépenses!$M$3:$M$25,">0")+COUNTIF(Dépenses!$M$3:$M$25,"<0")=8),Dépenses!$Q$25,IF(AND(ISNUMBER(Dépenses!$M$26),Dépenses!$M$26<>0,COUNTIF(Dépenses!$M$3:$M$26,">0")+COUNTIF(Dépenses!$M$3:$M$26,"<0")=8),Dépenses!$Q$26,IF(AND(ISNUMBER(Dépenses!$M$27),Dépenses!$M$27<>0,COUNTIF(Dépenses!$M$3:$M$27,">0")+COUNTIF(Dépenses!$M$3:$M$27,"<0")=8),Dépenses!$Q$27,IF(AND(ISNUMBER(Dépenses!$M$28),Dépenses!$M$28<>0,COUNTIF(Dépenses!$M$3:$M$28,">0")+COUNTIF(Dépenses!$M$3:$M$28,"<0")=8),Dépenses!$Q$28,IF(AND(ISNUMBER(Dépenses!$M$29),Dépenses!$M$29<>0,COUNTIF(Dépenses!$M$3:$M$29,">0")+COUNTIF(Dépenses!$M$3:$M$29,"<0")=8),Dépenses!$Q$29,IF(AND(ISNUMBER(Dépenses!$M$30),Dépenses!$M$30<>0,COUNTIF(Dépenses!$M$3:$M$30,">0")+COUNTIF(Dépenses!$M$3:$M$30,"<0")=8),Dépenses!$Q$30,IF(AND(ISNUMBER(Dépenses!$M$31),Dépenses!$M$31<>0,COUNTIF(Dépenses!$M$3:$M$31,">0")+COUNTIF(Dépenses!$M$3:$M$31,"<0")=8),Dépenses!$Q$31,IF(AND(ISNUMBER(Dépenses!$M$32),Dépenses!$M$32<>0,COUNTIF(Dépenses!$M$3:$M$32,">0")+COUNTIF(Dépenses!$M$3:$M$32,"<0")=8),Dépenses!$Q$32,IF(AND(ISNUMBER(Dépenses!$M$33),Dépenses!$M$33<>0,COUNTIF(Dépenses!$M$3:$M$33,">0")+COUNTIF(Dépenses!$M$3:$M$33,"<0")=8),Dépenses!$Q$33,IF(AND(ISNUMBER(Dépenses!$M$34),Dépenses!$M$34<>0,COUNTIF(Dépenses!$M$3:$M$34,">0")+COUNTIF(Dépenses!$M$3:$M$34,"<0")=8),Dépenses!$Q$34,IF(AND(ISNUMBER(Dépenses!$M$35),Dépenses!$M$35<>0,COUNTIF(Dépenses!$M$3:$M$35,">0")+COUNTIF(Dépenses!$M$3:$M$35,"<0")=8),Dépenses!$Q$35,IF(AND(ISNUMBER(Dépenses!$M$36),Dépenses!$M$36<>0,COUNTIF(Dépenses!$M$3:$M$36,">0")+COUNTIF(Dépenses!$M$3:$M$36,"<0")=8),Dépenses!$Q$36,IF(AND(ISNUMBER(Dépenses!$M$37),Dépenses!$M$37<>0,COUNTIF(Dépenses!$M$3:$M$37,">0")+COUNTIF(Dépenses!$M$3:$M$37,"<0")=8),Dépenses!$Q$37,IF(AND(ISNUMBER(Dépenses!$M$38),Dépenses!$M$38<>0,COUNTIF(Dépenses!$M$3:$M$38,">0")+COUNTIF(Dépenses!$M$3:$M$38,"<0")=8),Dépenses!$Q$38,IF(AND(ISNUMBER(Dépenses!$M$39),Dépenses!$M$39<>0,COUNTIF(Dépenses!$M$3:$M$39,">0")+COUNTIF(Dépenses!$M$3:$M$39,"<0")=8),Dépenses!$Q$39,IF(AND(ISNUMBER(Dépenses!$M$40),Dépenses!$M$40<>0,COUNTIF(Dépenses!$M$3:$M$40,">0")+COUNTIF(Dépenses!$M$3:$M$40,"<0")=8),Dépenses!$Q$40,IF(AND(ISNUMBER(Dépenses!$M$41),Dépenses!$M$41<>0,COUNTIF(Dépenses!$M$3:$M$41,">0")+COUNTIF(Dépenses!$M$3:$M$41,"<0")=8),Dépenses!$Q$41,IF(AND(ISNUMBER(Dépenses!$M$42),Dépenses!$M$42<>0,COUNTIF(Dépenses!$M$3:$M$42,">0")+COUNTIF(Dépenses!$M$3:$M$42,"<0")=8),Dépenses!$Q$42,IF(AND(ISNUMBER(Dépenses!$M$43),Dépenses!$M$43<>0,COUNTIF(Dépenses!$M$3:$M$43,">0")+COUNTIF(Dépenses!$M$3:$M$43,"<0")=8),Dépenses!$Q$43,""))))))))))))))))))))))))))))))))))))))))),IF(8=COUNTIF(Dépenses!$M$3:$M$43,">0")+COUNTIF(Dépenses!$M$3:$M$43,"<0")+1,SUM(Dépenses!$Q$3:$Q$43),IF(8=COUNTIF(Dépenses!$M$3:$M$43,">0")+COUNTIF(Dépenses!$M$3:$M$43,"<0")+2,Revenus!$J$2-SUM(Dépenses!$Q$3:$Q$43),"")))
